Workbook

Sheet Input
B2: Revenue Requirement
C3: 2025/26 | D3: 2026/27
B4: Forecast Revenue Requirement | C4: 5306824 | D4: 14850121
B5: Actual Revenue Requirement | C5: 4992983
B7: Customer Volumes for Fee Allocation
C9: Actual Volumes | D9: Forecast Volumes
C10: 2025/26 Actual | D10: 2026/27 Forecast | E10: 202728 Forecast | H10: Source of Volumes
C11: MWh | D11: MWh | E11: MWh | H11: NSP volumes are total MWh sales less MEU volumes
B12: NSPI | C12: =L31-C13-C14-C15-C16 -> 10634708 | D12: =(7417925+3262236)-D13-D14-D15-D16 -> 10525592 | E12: =10624240-E13-E14-E15-E16 -> 10469671 | H12: 2026/27 Forecast: 2026-2027GRA SR-01 Att 02 PCON EO (Apr-Dec) & 2026-2027 GRA SR-01 Att 03 PCON EO (Jan-Mar)
B13: Berwick Electric Commission | C13: =D13 -> 39918.5 | D13: 39918.5 | E13: =D13 -> 39918.5 | H13: 2027/28 Forecast: 2026-2027 GRA SR-01 Att 03 PCON EO (Jan-Dec 2027 forecast used for illustrative purposes)
B14: Riverport Electric Light Commission | C14: =D14 -> 9525.594 | D14: 9525.594 | E14: =D14 -> 9525.594 | H14: 2025/26 NSPI Sales: 2025 Q4 & 2026 Q1 FAM Reports (calculated below)
B15: Town of Mahone Bay | C15: =D15 -> 14625.321 | D15: 14625.321 | E15: =D15 -> 14625.321
B16: Town of Antigonish | C16: =D16 -> 90499.543 | D16: 90499.543 | E16: =D16 -> 90499.543 | H16: 2026 Municipal volumes forecast 2026/27 volumes provided by the MEUs. Those values are used as proxy values in 2025 and 2027.
B17: Other
B18: Other
B19: Other
B20: Other
B22: Total | C22: =SUM(C12:C20) -> 10789277 | D22: =SUM(D12:D20) -> 10680161 | E22: =SUM(E12:E20) -> 10624240
B24: NSPI Interm Payment | C24: 950000 | D24: 46054 | E24: Collection Start Date
H26: Period | J26: Net Class Requirement | K26: Less Losses | L26: Class Requirement Less Losses
H27: 2025 | I27: Q2 | J27: 2496572 | K27: 123546 | L27: =J27-K27 -> 2373026
H28: 2025 | I28: Q3 | J28: 2376857 | K28: 150993 | L28: =J28-K28 -> 2225864
H29: 2025 | I29: Q4 | J29: 3006262 | K29: 238190 | L29: =J29-K29 -> 2768072
H30: 2026 | I30: Q1 | J30: 3712848 | K30: 290533 | L30: =J30-K30 -> 3422315
I31: Total | J31: =SUM(J27:J30) -> 11592539 | K31: =SUM(K27:K30) -> 803262 | L31: =J31-K31 -> 10789277
H32: Source: NS Power (FAM) Q-6

Sheet Initial Fee Calculation
C2: Annual Fee | K2: Monthly Fee
C3: =Input!C3 -> 2025/26 | F3: =Input!D3 -> 2026/27 | I3: Total | K3: =C3 -> 2025/26 | L3: =F3 -> 2026/27 | M3: Total
B4: Total Revenue Requirement | C4: =Input!C4 -> 5306824 | F4: =Input!D4 -> 14850121 | I4: =C4+F4 -> 20156945 | K4: =C4/12 -> 442235.33 | L4: =F4/12 -> 1237510.1 | M4: =K4+L4 -> 1679745.4
B5: Market Participant | C5: MWh | D5: % | E5: Annual Fee | F5: MWh | G5: % | H5: Annual Fee | I5: =H5 -> Annual Fee
B6: =Input!B12 -> NSPI | C6: =Input!C12 -> 10634708 | D6: =C6/$C$16 -> 0.98567384 | E6: =$D6*C$4 -> 5230797.6 | F6: =Input!D12 -> 10525592 | G6: =F6/$F$16 -> 0.98552747 | H6: =$G6*F$4 -> 14635202 | I6: =E6+H6 -> 19866000 | K6: =E6/12 -> 435899.8 | L6: =H6/12 -> 1219600.2 | M6: =K6+L6 -> 1655500
B7: =Input!B13 -> Berwick Electric Commission | C7: =Input!C13 -> 39918.5 | D7: =C7/$C$16 -> 0.0036998309 | E7: =$D7*C$4 -> 19634.351 | F7: =Input!D13 -> 39918.5 | G7: =F7/$F$16 -> 0.0037376309 | H7: =$G7*F$4 -> 55504.271 | I7: =E7+H7 -> 75138.623 | K7: =E7/12 -> 1636.1959 | L7: =H7/12 -> 4625.356 | M7: =K7+L7 -> 6261.5519
B8: =Input!B14 -> Riverport Electric Light Commission | C8: =Input!C14 -> 9525.594 | D8: =C8/$C$16 -> 0.00088287603 | E8: =$D8*C$4 -> 4685.2677 | F8: =Input!D14 -> 9525.594 | G8: =F8/$F$16 -> 0.00089189611 | H8: =$G8*F$4 -> 13244.765 | I8: =E8+H8 -> 17930.033 | K8: =E8/12 -> 390.43897 | L8: =H8/12 -> 1103.7304 | M8: =K8+L8 -> 1494.1694
B9: =Input!B15 -> Town of Mahone Bay | C9: =Input!C15 -> 14625.321 | D9: =C9/$C$16 -> 0.0013555423 | E9: =$D9*C$4 -> 7193.6242 | F9: =Input!D15 -> 14625.321 | G9: =F9/$F$16 -> 0.0013693914 | H9: =$G9*F$4 -> 20335.629 | I9: =E9+H9 -> 27529.253 | K9: =E9/12 -> 599.46869 | L9: =H9/12 -> 1694.6357 | M9: =K9+L9 -> 2294.1044
B10: =Input!B16 -> Town of Antigonish | C10: =Input!C16 -> 90499.543 | D10: =C10/$C$16 -> 0.0083879154 | E10: =$D10*C$4 -> 44513.191 | F10: =Input!D16 -> 90499.543 | G10: =F10/$F$16 -> 0.0084736122 | H10: =$G10*F$4 -> 125834.17 | I10: =E10+H10 -> 170347.36 | K10: =E10/12 -> 3709.4326 | L10: =H10/12 -> 10486.181 | M10: =K10+L10 -> 14195.613
B11: =Input!B17 -> Other | C11: =Input!C17 -> 0 | D11: =C11/$C$16 -> 0 | E11: =$D11*C$4 -> 0 | F11: =Input!D17 -> 0 | G11: =F11/$F$16 -> 0 | H11: =$G11*F$4 -> 0 | I11: =E11+H11 -> 0 | K11: =E11/12 -> 0 | L11: =H11/12 -> 0 | M11: =K11+L11 -> 0
B12: =Input!B18 -> Other | C12: =Input!C18 -> 0 | D12: =C12/$C$16 -> 0 | E12: =$D12*C$4 -> 0 | F12: =Input!D18 -> 0 | G12: =F12/$F$16 -> 0 | H12: =$G12*F$4 -> 0 | I12: =E12+H12 -> 0 | K12: =E12/12 -> 0 | L12: =H12/12 -> 0 | M12: =K12+L12 -> 0
B13: =Input!B19 -> Other | C13: =Input!C19 -> 0 | D13: =C13/$C$16 -> 0 | E13: =$D13*C$4 -> 0 | F13: =Input!D19 -> 0 | G13: =F13/$F$16 -> 0 | H13: =$G13*F$4 -> 0 | I13: =E13+H13 -> 0 | K13: =E13/12 -> 0 | L13: =H13/12 -> 0 | M13: =K13+L13 -> 0
B14: =Input!B20 -> Other | C14: =Input!F20 -> 0 | D14: =C14/$C$16 -> 0 | E14: =$D14*C$4 -> 0 | F14: =Input!D20 -> 0 | G14: =F14/$F$16 -> 0 | H14: =$G14*F$4 -> 0 | I14: =E14+H14 -> 0 | K14: =E14/12 -> 0 | L14: =H14/12 -> 0 | M14: =K14+L14 -> 0
B16: Total | C16: =SUM(C6:C14) -> 10789277 | D16: =SUM(D6:D12) -> 1 | E16: =SUM(E6:E14) -> 5306824 | F16: =SUM(F6:F14) -> 10680161 | G16: =SUM(G6:G12) -> 1 | H16: =SUM(H6:H14) -> 14850121 | I16: =SUM(I6:I14) -> 20156945 | K16: =SUM(K6:K14) -> 442235.33 | L16: =SUM(L6:L14) -> 1237510.1 | M16: =SUM(M6:M14) -> 1679745.4

Sheet Fee Recovery Calculation
C2: Annual Fees | G2: Total 2025/26 and 2026/27 Revenue Calculation | J2: Total Monthly Fee Calculation | M2: Carrying Costs (Accumulates on Balances Outstanding after Mar-2027)
B3: Market Participant | C3: 2025/26 Allocation | D3: Proposed Annual Fee 2025/26 | E3: 2026/27 Allocation | F3: Proposed Annual Fee 2026/27 | G3: Total Fees (2025/26 + 2026/27) | H3: Interim Fee Recovered before Implementation: Feb-2026 to Nov-2026 | I3: Total Unrecovered Fees | J3: # Months of Revenue Collection | K3: Monthly Fees | M3: Carrying Cost Allocation | N3: Total Carrying Costs | O3: Monthly Carrying Costs | P3: Total Fees Including Carrying Costs | R3: Interest Rate
B4: =Input!B12 -> NSPI | C4: ='Initial Fee Calculation'!D6 -> 0.98567384 | D4: ='Initial Fee Calculation'!E6 -> 5230797.6 | E4: ='Initial Fee Calculation'!G6 -> 0.98552747 | F4: ='Initial Fee Calculation'!H6 -> 14635202 | G4: =D4+F4 -> 19866000 | H4: 9500000 | I4: =G4-H4 -> 10366000 | J4: =J13 -> 4 | K4: =I4/J4 -> 2591499.9 | M4: =(K4/$K$13) -> 0.972699 | N4: =$N$13*M4 -> 0 | O4: =N4/J4 -> 0 | P4: =O4+K4 -> 2591499.9 | R4: 0.0232
A5: Option 1 | B5: =Input!B13 -> Berwick Electric Commission | C5: ='Initial Fee Calculation'!D7 -> 0.0036998309 | D5: ='Initial Fee Calculation'!E7 -> 19634.351 | E5: ='Initial Fee Calculation'!G7 -> 0.0037376309 | F5: ='Initial Fee Calculation'!H7 -> 55504.271 | G5: =D5+F5 -> 75138.623 | I5: =G5-H5 -> 75138.623 | J5: =J4 -> 4 | K5: =I5/J5 -> 18784.656 | M5: =(K5/$K$13) -> 0.0070506719 | N5: =$N$13*M5 -> 0 | O5: =N5/J5 -> 0 | P5: =O5+K5 -> 18784.656
A6: 2-Year Lag | B6: =Input!B14 -> Riverport Electric Light Commission | C6: ='Initial Fee Calculation'!D8 -> 0.00088287603 | D6: ='Initial Fee Calculation'!E8 -> 4685.2677 | E6: ='Initial Fee Calculation'!G8 -> 0.00089189611 | F6: ='Initial Fee Calculation'!H8 -> 13244.765 | G6: =D6+F6 -> 17930.033 | I6: =G6-H6 -> 17930.033 | J6: =J5 -> 4 | K6: =I6/J6 -> 4482.5082 | M6: =(K6/$K$13) -> 0.001682474 | N6: =$N$13*M6 -> 0 | O6: =N6/J6 -> 0 | P6: =O6+K6 -> 4482.5082
B7: =Input!B15 -> Town of Mahone Bay | C7: ='Initial Fee Calculation'!D9 -> 0.0013555423 | D7: ='Initial Fee Calculation'!E9 -> 7193.6242 | E7: ='Initial Fee Calculation'!G9 -> 0.0013693914 | F7: ='Initial Fee Calculation'!H9 -> 20335.629 | G7: =D7+F7 -> 27529.253 | I7: =G7-H7 -> 27529.253 | J7: =J6 -> 4 | K7: =I7/J7 -> 6882.3132 | M7: =(K7/$K$13) -> 0.0025832218 | N7: =$N$13*M7 -> 0 | O7: =N7/J7 -> 0 | P7: =O7+K7 -> 6882.3132
B8: =Input!B16 -> Town of Antigonish | C8: ='Initial Fee Calculation'!D10 -> 0.0083879154 | D8: ='Initial Fee Calculation'!E10 -> 44513.191 | E8: ='Initial Fee Calculation'!G10 -> 0.0084736122 | F8: ='Initial Fee Calculation'!H10 -> 125834.17 | G8: =D8+F8 -> 170347.36 | I8: =G8-H8 -> 170347.36 | J8: =J7 -> 4 | K8: =I8/J8 -> 42586.84 | M8: =(K8/$K$13) -> 0.015984633 | N8: =$N$13*M8 -> 0 | O8: =N8/J8 -> 0 | P8: =O8+K8 -> 42586.84
B9: =Input!B17 -> Other | C9: ='Initial Fee Calculation'!D11 -> 0 | D9: ='Initial Fee Calculation'!E11 -> 0 | F9: ='Initial Fee Calculation'!H11 -> 0 | G9: =D9+F9 -> 0 | I9: =G9-H9 -> 0 | J9: =J8 -> 4 | K9: =I9/J9 -> 0 | M9: =(K9/$K$13) -> 0 | N9: =$N$13*M9 -> 0 | O9: =N9/J9 -> 0 | P9: =O9+K9 -> 0
B10: =Input!B18 -> Other | C10: ='Initial Fee Calculation'!D12 -> 0 | D10: ='Initial Fee Calculation'!E12 -> 0 | F10: ='Initial Fee Calculation'!H12 -> 0 | G10: =D10+F10 -> 0 | I10: =G10-H10 -> 0 | J10: =J9 -> 4 | K10: =I10/J10 -> 0 | M10: =(K10/$K$13) -> 0 | N10: =$N$13*M10 -> 0 | O10: =N10/J10 -> 0 | P10: =O10+K10 -> 0
B11: =Input!B19 -> Other | C11: ='Initial Fee Calculation'!D13 -> 0 | D11: ='Initial Fee Calculation'!E13 -> 0 | F11: ='Initial Fee Calculation'!H13 -> 0 | G11: =D11+F11 -> 0 | I11: =G11-H11 -> 0 | J11: =J10 -> 4 | K11: =I11/J11 -> 0 | M11: =(K11/$K$13) -> 0 | N11: =$N$13*M11 -> 0 | O11: =N11/J11 -> 0 | P11: =O11+K11 -> 0
B12: =Input!B20 -> Other | C12: ='Initial Fee Calculation'!D14 -> 0 | D12: ='Initial Fee Calculation'!E14 -> 0 | F12: ='Initial Fee Calculation'!H14 -> 0 | G12: =D12+F12 -> 0 | I12: =G12-H12 -> 0 | J12: =J11 -> 4 | K12: =I12/J12 -> 0 | M12: =(K12/$K$13) -> 0 | N12: =$N$13*M12 -> 0 | O12: =N12/J12 -> 0 | P12: =O12+K12 -> 0
B13: Total | C13: =SUM(C4:C12) -> 1 | D13: =SUM(D4:D12) -> 5306824 | E13: =SUM(E4:E12) -> 1 | F13: =SUM(F4:F12) -> 14850121 | G13: =SUM(G4:G12) -> 20156945 | H13: =SUM(H4:H12) -> 9500000 | I13: =SUM(I4:I12) -> 10656945 | J13: 4 | K13: =SUM(K4:K12) -> 2664236.2 | M13: =SUM(M4:M12) -> 1 | N13: ='Fee Recovery Calculation by MP'!AP41 -> 0 | O13: =N13/J13 -> 0 | P13: =SUM(P4:P12) -> 2664236.2
C16: Annual Fees | G16: Total 2025/26 and 2026/27 Revenue Calculation | J16: 2025/26 True-Up | N16: Total Monthly Fee Calculation | Q16: Carrying Costs (Accumulates on Balances Outstanding after Mar-2027)
B17: Market Participant | C17: 2025/26 Allocation | D17: Proposed Annual Fee 2025/26 | E17: 2026/27 Allocation | F17: Proposed Annual Fee 2026/27 | G17: Total Fees (2025/26 + 2026/27) | H17: Interim Fee Recovered before Implementation: Feb-2026 to Nov-2026 | I17: Total Unrecovered Fees | J17: =C17 -> 2025/26 Allocation | K17: 2025/26 True-Up | M17: Total Unrecovered Fees with 2025/26 True-Up | N17: # Months of Revenue Collection | O17: Monthly Fees | Q17: Carrying Cost Allocation | R17: Total Carrying Costs | S17: Monthly Carrying Costs | T17: Total Fees Including Carrying Costs
B18: =Input!B12 -> NSPI | C18: ='Initial Fee Calculation'!D6 -> 0.98567384 | D18: ='Initial Fee Calculation'!E6 -> 5230797.6 | E18: ='Initial Fee Calculation'!G6 -> 0.98552747 | F18: ='Initial Fee Calculation'!H6 -> 14635202 | G18: =D18+F18 -> 19866000 | H18: 9500000 | I18: =G18-H18 -> 10366000 | J18: =C4 -> 0.98567384 | K18: ='Illust. True-Up (Compliance)'!K19 -> -309344.86 | M18: =I18+K18 -> 10056655 | N18: =N27 -> 4 | O18: =M18/N18 -> 2514163.7 | Q18: =(O18/$O$27) -> 0.9723053 | R18: =$R$27*Q18 -> 0 | S18: =R18/N18 -> 0 | T18: =S18+O18 -> 2514163.7
A19: Option 2 | B19: =Input!B13 -> Berwick Electric Commission | C19: ='Initial Fee Calculation'!D7 -> 0.0036998309 | D19: ='Initial Fee Calculation'!E7 -> 19634.351 | E19: ='Initial Fee Calculation'!G7 -> 0.0037376309 | F19: ='Initial Fee Calculation'!H7 -> 55504.271 | G19: =D19+F19 -> 75138.623 | I19: =G19-H19 -> 75138.623 | J19: =C5 -> 0.0036998309 | K19: ='Illust. True-Up (Compliance)'!K20 -> -1161.1586 | M19: =I19+K19 -> 73977.464 | N19: =N18 -> 4 | O19: =M19/N19 -> 18494.366 | Q19: =(O19/$O$27) -> 0.0071523465 | R19: =$R$27*Q19 -> 0 | S19: =R19/N19 -> 0 | T19: =S19+O19 -> 18494.366
A20: 1-Year Lag | B20: =Input!B14 -> Riverport Electric Light Commission | C20: ='Initial Fee Calculation'!D8 -> 0.00088287603 | D20: ='Initial Fee Calculation'!E8 -> 4685.2677 | E20: ='Initial Fee Calculation'!G8 -> 0.00089189611 | F20: ='Initial Fee Calculation'!H8 -> 13244.765 | G20: =D20+F20 -> 17930.033 | I20: =G20-H20 -> 17930.033 | J20: =C6 -> 0.00088287603 | K20: ='Illust. True-Up (Compliance)'!K21 -> -277.08269 | M20: =I20+K20 -> 17652.95 | N20: =N19 -> 4 | O20: =M20/N20 -> 4413.2375 | Q20: =(O20/$O$27) -> 0.0017067362 | R20: =$R$27*Q20 -> 0 | S20: =R20/N20 -> 0 | T20: =S20+O20 -> 4413.2375
A21: Compliance | B21: =Input!B15 -> Town of Mahone Bay | C21: ='Initial Fee Calculation'!D9 -> 0.0013555423 | D21: ='Initial Fee Calculation'!E9 -> 7193.6242 | E21: ='Initial Fee Calculation'!G9 -> 0.0013693914 | F21: ='Initial Fee Calculation'!H9 -> 20335.629 | G21: =D21+F21 -> 27529.253 | I21: =G21-H21 -> 27529.253 | J21: =C7 -> 0.0013555423 | K21: ='Illust. True-Up (Compliance)'!K22 -> -425.42474 | M21: =I21+K21 -> 27103.828 | N21: =N20 -> 4 | O21: =M21/N21 -> 6775.957 | Q21: =(O21/$O$27) -> 0.0026204733 | R21: =$R$27*Q21 -> 0 | S21: =R21/N21 -> 0 | T21: =S21+O21 -> 6775.957
B22: =Input!B16 -> Town of Antigonish | C22: ='Initial Fee Calculation'!D10 -> 0.0083879154 | D22: ='Initial Fee Calculation'!E10 -> 44513.191 | E22: ='Initial Fee Calculation'!G10 -> 0.0084736122 | F22: ='Initial Fee Calculation'!H10 -> 125834.17 | G22: =D22+F22 -> 170347.36 | I22: =G22-H22 -> 170347.36 | J22: =C8 -> 0.0083879154 | K22: ='Illust. True-Up (Compliance)'!K23 -> -2632.4718 | M22: =I22+K22 -> 167714.89 | N22: =N21 -> 4 | O22: =M22/N22 -> 41928.722 | Q22: =(O22/$O$27) -> 0.016215141 | R22: =$R$27*Q22 -> 0 | S22: =R22/N22 -> 0 | T22: =S22+O22 -> 41928.722
B23: =Input!B17 -> Other | C23: ='Initial Fee Calculation'!D11 -> 0 | D23: ='Initial Fee Calculation'!E11 -> 0 | F23: ='Initial Fee Calculation'!H11 -> 0 | G23: =D23+F23 -> 0 | I23: =G23-H23 -> 0 | J23: =C23 -> 0 | K23: ='Illust. True-Up (Compliance)'!K24 -> 0 | M23: =I23+K23 -> 0 | N23: =N22 -> 4 | O23: =M23/N23 -> 0 | Q23: =(O23/$K$13) -> 0 | R23: =$N$13*Q23 -> 0 | S23: =R23/N23 -> 0 | T23: =S23+O23 -> 0
B24: =Input!B18 -> Other | C24: ='Initial Fee Calculation'!D12 -> 0 | D24: ='Initial Fee Calculation'!E12 -> 0 | F24: ='Initial Fee Calculation'!H12 -> 0 | G24: =D24+F24 -> 0 | I24: =G24-H24 -> 0 | J24: =C24 -> 0 | K24: ='Illust. True-Up (Compliance)'!K25 -> 0 | M24: =I24+K24 -> 0 | N24: =N23 -> 4 | O24: =M24/N24 -> 0 | Q24: =(O24/$K$13) -> 0 | R24: =$N$13*Q24 -> 0 | S24: =R24/N24 -> 0 | T24: =S24+O24 -> 0
B25: =Input!B19 -> Other | C25: ='Initial Fee Calculation'!D13 -> 0 | D25: ='Initial Fee Calculation'!E13 -> 0 | F25: ='Initial Fee Calculation'!H13 -> 0 | G25: =D25+F25 -> 0 | I25: =G25-H25 -> 0 | J25: =C25 -> 0 | K25: ='Illust. True-Up (Compliance)'!K26 -> 0 | M25: =I25+K25 -> 0 | N25: =N24 -> 4 | O25: =M25/N25 -> 0 | Q25: =(O25/$K$13) -> 0 | R25: =$N$13*Q25 -> 0 | S25: =R25/N25 -> 0 | T25: =S25+O25 -> 0
B26: =Input!B20 -> Other | C26: ='Initial Fee Calculation'!D14 -> 0 | D26: ='Initial Fee Calculation'!E14 -> 0 | F26: ='Initial Fee Calculation'!H14 -> 0 | G26: =D26+F26 -> 0 | I26: =G26-H26 -> 0 | J26: =C26 -> 0 | K26: ='Illust. True-Up (Compliance)'!K27 -> 0 | M26: =I26+K26 -> 0 | N26: =N25 -> 4 | O26: =M26/N26 -> 0 | Q26: =(O26/$K$13) -> 0 | R26: =$N$13*Q26 -> 0 | S26: =R26/N26 -> 0 | T26: =S26+O26 -> 0
B27: Total | C27: =SUM(C18:C26) -> 1 | D27: =SUM(D18:D26) -> 5306824 | E27: =SUM(E18:E26) -> 1 | F27: =SUM(F18:F26) -> 14850121 | G27: =SUM(G18:G26) -> 20156945 | H27: =SUM(H18:H26) -> 9500000 | I27: =SUM(I18:I26) -> 10656945 | J27: =C27 -> 1 | K27: ='Illust. True-Up (Compliance)'!K29 -> -313841 | M27: =I27+K27 -> 10343104 | N27: =J13 -> 4 | O27: =SUM(O18:O26) -> 2585776 | Q27: =SUM(Q18:Q26) -> 1 | R27: ='Fee Recovery by MP w True-Up '!AW41 -> 0 | S27: =R27/N27 -> 0 | T27: =SUM(T18:T26) -> 2585776

Sheet Fee Recovery Calculation by MP
O1: =LEFT(O2,FIND(" ",O2)) -> Berwick | U1: =LEFT(U2,FIND(" ",U2)) -> Riverport | AA1: Mahone Bay | AG1: Antigonish
B2: Total IESO NS | I2: =Input!B12 -> NSPI | O2: =Input!B13 -> Berwick Electric Commission | U2: =Input!B14 -> Riverport Electric Light Commission | AA2: =Input!B15 -> Town of Mahone Bay | AG2: =Input!B16 -> Town of Antigonish | AM2: Total Before Carrying Costs
B3: Month | C3: Revenue Requirement | D3: Carrying Costs | E3: Carrying Costs Recovered | F3: Revenue Requirement Recovered | G3: Outstanding Balance to be Recovered | I3: NSPI Fee | J3: Carrying Costs | K3: Carrying Costs Recovered | L3: Fee Recovered from NSPI | M3: NSPI Month End Balance | O3: =O1&" Fees" -> Berwick Fees | P3: Carrying Costs | Q3: Carrying Costs Recovered | R3: ="Fees Recovered from "&O1 -> Fees Recovered from Berwick | S3: =O1&" Month End Balance" -> Berwick Month End Balance | U3: =U1&" Fees" -> Riverport Fees | V3: Carrying Costs | W3: Carrying Costs Recovered | X3: ="Fees Recovered from "&U1 -> Fees Recovered from Riverport | Y3: =U1&" Month End Balance" -> Riverport Month End Balance | AA3: =AA1&" Fees" -> Mahone Bay Fees | AB3: Carrying Costs | AC3: Carrying Costs Recovered | AD3: ="Fees Recovered from "&AA1 -> Fees Recovered from Mahone Bay | AE3: =AA1&" Month End Balance" -> Mahone Bay Month End Balance | AG3: =AG1&" Fees" -> Antigonish Fees | AH3: Carrying Costs | AI3: Carrying Costs Recovered | AJ3: ="Fees Recovered from "&AG1 -> Fees Recovered from Antigonish | AK3: =AG1&" Month End Balance" -> Antigonish Month End Balance | AM3: =AM1&" Fees" -> Fees | AN3: ="Fees Recovered from "&AM1 -> Fees Recovered from | AO3: =AM1&" Month End Balance" -> Month End Balance | AP3: Interest
B4: 45748 | C4: ='Initial Fee Calculation'!$K$16 -> 442235.33 | F4: =L4+R4+X4+AD4+AJ4 -> 0 | G4: =M4+S4+Y4+AE4+AK4 -> 442235.33 | I4: ='Initial Fee Calculation'!$K$6 -> 435899.8 | L4: 0 | M4: =I4+L4+K4 -> 435899.8 | O4: ='Initial Fee Calculation'!$K$7 -> 1636.1959 | R4: 0 | S4: =O4+R4+Q4 -> 1636.1959 | U4: ='Initial Fee Calculation'!$K$8 -> 390.43897 | X4: 0 | Y4: =U4+X4+W4 -> 390.43897 | AA4: ='Initial Fee Calculation'!$K$9 -> 599.46869 | AD4: 0 | AE4: =AA4+AD4+AC4 -> 599.46869 | AG4: ='Initial Fee Calculation'!$K$10 -> 3709.4326 | AJ4: 0 | AK4: =AG4+AJ4+AI4 -> 3709.4326 | AM4: ='Initial Fee Calculation'!$K$16 -> 442235.33 | AN4: 0 | AO4: =AM4+AN4 -> 442235.33
B5: =EOMONTH(B4,0)+1 -> 45778 | C5: ='Initial Fee Calculation'!$K$16 -> 442235.33 | F5: =L5+R5+X5+AD5+AJ5 -> 0 | G5: =M5+S5+Y5+AE5+AK5 -> 884470.67 | I5: ='Initial Fee Calculation'!$K$6 -> 435899.8 | L5: 0 | M5: =I5+L5+M4+K5 -> 871799.59 | O5: ='Initial Fee Calculation'!$K$7 -> 1636.1959 | R5: 0 | S5: =O5+R5+S4+Q5 -> 3272.3919 | U5: ='Initial Fee Calculation'!$K$8 -> 390.43897 | X5: 0 | Y5: =U5+X5+Y4+W5 -> 780.87795 | AA5: ='Initial Fee Calculation'!$K$9 -> 599.46869 | AD5: 0 | AE5: =AA5+AD5+AE4+AC5 -> 1198.9374 | AG5: ='Initial Fee Calculation'!$K$10 -> 3709.4326 | AJ5: 0 | AK5: =AG5+AJ5+AK4+AI5 -> 7418.8652 | AM5: ='Initial Fee Calculation'!$K$16 -> 442235.33 | AN5: 0 | AO5: =AM5+AO4+AN5 -> 884470.67
B6: =EOMONTH(B5,0)+1 -> 45809 | C6: ='Initial Fee Calculation'!$K$16 -> 442235.33 | F6: =L6+R6+X6+AD6+AJ6 -> 0 | G6: =M6+S6+Y6+AE6+AK6 -> 1326706 | I6: ='Initial Fee Calculation'!$K$6 -> 435899.8 | L6: 0 | M6: =I6+L6+M5+K6 -> 1307699.4 | O6: ='Initial Fee Calculation'!$K$7 -> 1636.1959 | R6: 0 | S6: =O6+R6+S5+Q6 -> 4908.5878 | U6: ='Initial Fee Calculation'!$K$8 -> 390.43897 | X6: 0 | Y6: =U6+X6+Y5+W6 -> 1171.3169 | AA6: ='Initial Fee Calculation'!$K$9 -> 599.46869 | AD6: 0 | AE6: =AA6+AD6+AE5+AC6 -> 1798.4061 | AG6: ='Initial Fee Calculation'!$K$10 -> 3709.4326 | AJ6: 0 | AK6: =AG6+AJ6+AK5+AI6 -> 11128.298 | AM6: ='Initial Fee Calculation'!$K$16 -> 442235.33 | AN6: 0 | AO6: =AM6+AO5+AN6 -> 1326706
B7: =EOMONTH(B6,0)+1 -> 45839 | C7: ='Initial Fee Calculation'!$K$16 -> 442235.33 | F7: =L7+R7+X7+AD7+AJ7 -> 0 | G7: =M7+S7+Y7+AE7+AK7 -> 1768941.3 | I7: ='Initial Fee Calculation'!$K$6 -> 435899.8 | L7: 0 | M7: =I7+L7+M6+K7 -> 1743599.2 | O7: ='Initial Fee Calculation'!$K$7 -> 1636.1959 | R7: 0 | S7: =O7+R7+S6+Q7 -> 6544.7837 | U7: ='Initial Fee Calculation'!$K$8 -> 390.43897 | X7: 0 | Y7: =U7+X7+Y6+W7 -> 1561.7559 | AA7: ='Initial Fee Calculation'!$K$9 -> 599.46869 | AD7: 0 | AE7: =AA7+AD7+AE6+AC7 -> 2397.8747 | AG7: ='Initial Fee Calculation'!$K$10 -> 3709.4326 | AJ7: 0 | AK7: =AG7+AJ7+AK6+AI7 -> 14837.73 | AM7: ='Initial Fee Calculation'!$K$16 -> 442235.33 | AN7: 0 | AO7: =AM7+AO6+AN7 -> 1768941.3
B8: =EOMONTH(B7,0)+1 -> 45870 | C8: ='Initial Fee Calculation'!$K$16 -> 442235.33 | F8: =L8+R8+X8+AD8+AJ8 -> 0 | G8: =M8+S8+Y8+AE8+AK8 -> 2211176.7 | I8: ='Initial Fee Calculation'!$K$6 -> 435899.8 | L8: 0 | M8: =I8+L8+M7+K8 -> 2179499 | O8: ='Initial Fee Calculation'!$K$7 -> 1636.1959 | R8: 0 | S8: =O8+R8+S7+Q8 -> 8180.9797 | U8: ='Initial Fee Calculation'!$K$8 -> 390.43897 | X8: 0 | Y8: =U8+X8+Y7+W8 -> 1952.1949 | AA8: ='Initial Fee Calculation'!$K$9 -> 599.46869 | AD8: 0 | AE8: =AA8+AD8+AE7+AC8 -> 2997.3434 | AG8: ='Initial Fee Calculation'!$K$10 -> 3709.4326 | AJ8: 0 | AK8: =AG8+AJ8+AK7+AI8 -> 18547.163 | AM8: ='Initial Fee Calculation'!$K$16 -> 442235.33 | AN8: 0 | AO8: =AM8+AO7+AN8 -> 2211176.7
B9: =EOMONTH(B8,0)+1 -> 45901 | C9: ='Initial Fee Calculation'!$K$16 -> 442235.33 | F9: =L9+R9+X9+AD9+AJ9 -> 0 | G9: =M9+S9+Y9+AE9+AK9 -> 2653412 | I9: ='Initial Fee Calculation'!$K$6 -> 435899.8 | L9: 0 | M9: =I9+L9+M8+K9 -> 2615398.8 | O9: ='Initial Fee Calculation'!$K$7 -> 1636.1959 | R9: 0 | S9: =O9+R9+S8+Q9 -> 9817.1756 | U9: ='Initial Fee Calculation'!$K$8 -> 390.43897 | X9: 0 | Y9: =U9+X9+Y8+W9 -> 2342.6338 | AA9: ='Initial Fee Calculation'!$K$9 -> 599.46869 | AD9: 0 | AE9: =AA9+AD9+AE8+AC9 -> 3596.8121 | AG9: ='Initial Fee Calculation'!$K$10 -> 3709.4326 | AJ9: 0 | AK9: =AG9+AJ9+AK8+AI9 -> 22256.595 | AM9: ='Initial Fee Calculation'!$K$16 -> 442235.33 | AN9: 0 | AO9: =AM9+AO8+AN9 -> 2653412
B10: =EOMONTH(B9,0)+1 -> 45931 | C10: ='Initial Fee Calculation'!$K$16 -> 442235.33 | F10: =L10+R10+X10+AD10+AJ10 -> 0 | G10: =M10+S10+Y10+AE10+AK10 -> 3095647.3 | I10: ='Initial Fee Calculation'!$K$6 -> 435899.8 | L10: 0 | M10: =I10+L10+M9+K10 -> 3051298.6 | O10: ='Initial Fee Calculation'!$K$7 -> 1636.1959 | R10: 0 | S10: =O10+R10+S9+Q10 -> 11453.372 | U10: ='Initial Fee Calculation'!$K$8 -> 390.43897 | X10: 0 | Y10: =U10+X10+Y9+W10 -> 2733.0728 | AA10: ='Initial Fee Calculation'!$K$9 -> 599.46869 | AD10: 0 | AE10: =AA10+AD10+AE9+AC10 -> 4196.2808 | AG10: ='Initial Fee Calculation'!$K$10 -> 3709.4326 | AJ10: 0 | AK10: =AG10+AJ10+AK9+AI10 -> 25966.028 | AM10: ='Initial Fee Calculation'!$K$16 -> 442235.33 | AN10: 0 | AO10: =AM10+AO9+AN10 -> 3095647.3
B11: =EOMONTH(B10,0)+1 -> 45962 | C11: ='Initial Fee Calculation'!$K$16 -> 442235.33 | F11: =L11+R11+X11+AD11+AJ11 -> 0 | G11: =M11+S11+Y11+AE11+AK11 -> 3537882.7 | I11: ='Initial Fee Calculation'!$K$6 -> 435899.8 | L11: 0 | M11: =I11+L11+M10+K11 -> 3487198.4 | O11: ='Initial Fee Calculation'!$K$7 -> 1636.1959 | R11: 0 | S11: =O11+R11+S10+Q11 -> 13089.567 | U11: ='Initial Fee Calculation'!$K$8 -> 390.43897 | X11: 0 | Y11: =U11+X11+Y10+W11 -> 3123.5118 | AA11: ='Initial Fee Calculation'!$K$9 -> 599.46869 | AD11: 0 | AE11: =AA11+AD11+AE10+AC11 -> 4795.7495 | AG11: ='Initial Fee Calculation'!$K$10 -> 3709.4326 | AJ11: 0 | AK11: =AG11+AJ11+AK10+AI11 -> 29675.461 | AM11: ='Initial Fee Calculation'!$K$16 -> 442235.33 | AN11: 0 | AO11: =AM11+AO10+AN11 -> 3537882.7
B12: =EOMONTH(B11,0)+1 -> 45992 | C12: ='Initial Fee Calculation'!$K$16 -> 442235.33 | F12: =L12+R12+X12+AD12+AJ12 -> 0 | G12: =M12+S12+Y12+AE12+AK12 -> 3980118 | I12: ='Initial Fee Calculation'!$K$6 -> 435899.8 | L12: 0 | M12: =I12+L12+M11+K12 -> 3923098.2 | O12: ='Initial Fee Calculation'!$K$7 -> 1636.1959 | R12: 0 | S12: =O12+R12+S11+Q12 -> 14725.763 | U12: ='Initial Fee Calculation'!$K$8 -> 390.43897 | X12: 0 | Y12: =U12+X12+Y11+W12 -> 3513.9508 | AA12: ='Initial Fee Calculation'!$K$9 -> 599.46869 | AD12: 0 | AE12: =AA12+AD12+AE11+AC12 -> 5395.2182 | AG12: ='Initial Fee Calculation'!$K$10 -> 3709.4326 | AJ12: 0 | AK12: =AG12+AJ12+AK11+AI12 -> 33384.893 | AM12: ='Initial Fee Calculation'!$K$16 -> 442235.33 | AN12: 0 | AO12: =AM12+AO11+AN12 -> 3980118
B13: =EOMONTH(B12,0)+1 -> 46023 | C13: ='Initial Fee Calculation'!$K$16 -> 442235.33 | F13: =L13+R13+X13+AD13+AJ13 -> 0 | G13: =M13+S13+Y13+AE13+AK13 -> 4422353.3 | I13: ='Initial Fee Calculation'!$K$6 -> 435899.8 | L13: 0 | M13: =I13+L13+M12+K13 -> 4358998 | O13: ='Initial Fee Calculation'!$K$7 -> 1636.1959 | R13: 0 | S13: =O13+R13+S12+Q13 -> 16361.959 | U13: ='Initial Fee Calculation'!$K$8 -> 390.43897 | X13: 0 | Y13: =U13+X13+Y12+W13 -> 3904.3897 | AA13: ='Initial Fee Calculation'!$K$9 -> 599.46869 | AD13: 0 | AE13: =AA13+AD13+AE12+AC13 -> 5994.6869 | AG13: ='Initial Fee Calculation'!$K$10 -> 3709.4326 | AJ13: 0 | AK13: =AG13+AJ13+AK12+AI13 -> 37094.326 | AM13: ='Initial Fee Calculation'!$K$16 -> 442235.33 | AN13: 0 | AO13: =AM13+AO12+AN13 -> 4422353.3
B14: =EOMONTH(B13,0)+1 -> 46054 | C14: ='Initial Fee Calculation'!$K$16 -> 442235.33 | F14: =L14+R14+X14+AD14+AJ14 -> -950000 | G14: =M14+S14+Y14+AE14+AK14 -> 3914588.7 | I14: ='Initial Fee Calculation'!$K$6 -> 435899.8 | L14: -950000 | M14: =I14+L14+M13+K14 -> 3844897.8 | O14: ='Initial Fee Calculation'!$K$7 -> 1636.1959 | R14: 0 | S14: =O14+R14+S13+Q14 -> 17998.155 | U14: ='Initial Fee Calculation'!$K$8 -> 390.43897 | X14: 0 | Y14: =U14+X14+Y13+W14 -> 4294.8287 | AA14: ='Initial Fee Calculation'!$K$9 -> 599.46869 | AD14: 0 | AE14: =AA14+AD14+AE13+AC14 -> 6594.1555 | AG14: ='Initial Fee Calculation'!$K$10 -> 3709.4326 | AJ14: 0 | AK14: =AG14+AJ14+AK13+AI14 -> 40803.758 | AM14: ='Initial Fee Calculation'!$K$16 -> 442235.33 | AN14: =-Input!$C$24 -> -950000 | AO14: =AM14+AO13+AN14 -> 3914588.7
B15: =EOMONTH(B14,0)+1 -> 46082 | C15: ='Initial Fee Calculation'!$K$16 -> 442235.33 | F15: =L15+R15+X15+AD15+AJ15 -> -950000 | G15: =M15+S15+Y15+AE15+AK15 -> 3406824 | I15: ='Initial Fee Calculation'!$K$6 -> 435899.8 | L15: -950000 | M15: =I15+L15+M14+K15 -> 3330797.6 | O15: ='Initial Fee Calculation'!$K$7 -> 1636.1959 | R15: 0 | S15: =O15+R15+S14+Q15 -> 19634.351 | U15: ='Initial Fee Calculation'!$K$8 -> 390.43897 | X15: 0 | Y15: =U15+X15+Y14+W15 -> 4685.2677 | AA15: ='Initial Fee Calculation'!$K$9 -> 599.46869 | AD15: 0 | AE15: =AA15+AD15+AE14+AC15 -> 7193.6242 | AG15: ='Initial Fee Calculation'!$K$10 -> 3709.4326 | AJ15: 0 | AK15: =AG15+AJ15+AK14+AI15 -> 44513.191 | AM15: ='Initial Fee Calculation'!$K$16 -> 442235.33 | AN15: =-Input!$C$24 -> -950000 | AO15: =AM15+AO14+AN15 -> 3406824
A16: 2026/27 Effective Month | B16: =EOMONTH(B15,0)+1 -> 46113 | C16: ='Initial Fee Calculation'!$L$16 -> 1237510.1 | F16: =L16+R16+X16+AD16+AJ16 -> -950000 | G16: =M16+S16+Y16+AE16+AK16 -> 3694334.1 | I16: ='Initial Fee Calculation'!$L$6 -> 1219600.2 | L16: -950000 | M16: =I16+L16+M15+K16 -> 3600397.7 | O16: ='Initial Fee Calculation'!$L$7 -> 4625.356 | R16: 0 | S16: =O16+R16+S15+Q16 -> 24259.707 | U16: ='Initial Fee Calculation'!$L$8 -> 1103.7304 | X16: 0 | Y16: =U16+X16+Y15+W16 -> 5788.9981 | AA16: ='Initial Fee Calculation'!$L$9 -> 1694.6357 | AD16: 0 | AE16: =AA16+AD16+AE15+AC16 -> 8888.2599 | AG16: ='Initial Fee Calculation'!$L$10 -> 10486.181 | AJ16: 0 | AK16: =AG16+AJ16+AK15+AI16 -> 54999.371 | AM16: ='Initial Fee Calculation'!$L$16 -> 1237510.1 | AN16: =-Input!$C$24 -> -950000 | AO16: =AM16+AO15+AN16 -> 3694334.1
B17: =EOMONTH(B16,0)+1 -> 46143 | C17: ='Initial Fee Calculation'!$L$16 -> 1237510.1 | F17: =L17+R17+X17+AD17+AJ17 -> -950000 | G17: =M17+S17+Y17+AE17+AK17 -> 3981844.2 | I17: ='Initial Fee Calculation'!$L$6 -> 1219600.2 | L17: -950000 | M17: =I17+L17+M16+K17 -> 3869997.9 | O17: ='Initial Fee Calculation'!$L$7 -> 4625.356 | R17: 0 | S17: =O17+R17+S16+Q17 -> 28885.063 | U17: ='Initial Fee Calculation'!$L$8 -> 1103.7304 | X17: 0 | Y17: =U17+X17+Y16+W17 -> 6892.7285 | AA17: ='Initial Fee Calculation'!$L$9 -> 1694.6357 | AD17: 0 | AE17: =AA17+AD17+AE16+AC17 -> 10582.896 | AG17: ='Initial Fee Calculation'!$L$10 -> 10486.181 | AJ17: 0 | AK17: =AG17+AJ17+AK16+AI17 -> 65485.552 | AM17: ='Initial Fee Calculation'!$L$16 -> 1237510.1 | AN17: =-Input!$C$24 -> -950000 | AO17: =AM17+AO16+AN17 -> 3981844.2
B18: =EOMONTH(B17,0)+1 -> 46174 | C18: ='Initial Fee Calculation'!$L$16 -> 1237510.1 | F18: =L18+R18+X18+AD18+AJ18 -> -950000 | G18: =M18+S18+Y18+AE18+AK18 -> 4269354.2 | I18: ='Initial Fee Calculation'!$L$6 -> 1219600.2 | L18: -950000 | M18: =I18+L18+M17+K18 -> 4139598.1 | O18: ='Initial Fee Calculation'!$L$7 -> 4625.356 | R18: 0 | S18: =O18+R18+S17+Q18 -> 33510.419 | U18: ='Initial Fee Calculation'!$L$8 -> 1103.7304 | X18: 0 | Y18: =U18+X18+Y17+W18 -> 7996.459 | AA18: ='Initial Fee Calculation'!$L$9 -> 1694.6357 | AD18: 0 | AE18: =AA18+AD18+AE17+AC18 -> 12277.531 | AG18: ='Initial Fee Calculation'!$L$10 -> 10486.181 | AJ18: 0 | AK18: =AG18+AJ18+AK17+AI18 -> 75971.733 | AM18: ='Initial Fee Calculation'!$L$16 -> 1237510.1 | AN18: =-Input!$C$24 -> -950000 | AO18: =AM18+AO17+AN18 -> 4269354.2
B19: =EOMONTH(B18,0)+1 -> 46204 | C19: ='Initial Fee Calculation'!$L$16 -> 1237510.1 | F19: =L19+R19+X19+AD19+AJ19 -> -950000 | G19: =M19+S19+Y19+AE19+AK19 -> 4556864.3 | I19: ='Initial Fee Calculation'!$L$6 -> 1219600.2 | L19: -950000 | M19: =I19+L19+M18+K19 -> 4409198.3 | O19: ='Initial Fee Calculation'!$L$7 -> 4625.356 | R19: 0 | S19: =O19+R19+S18+Q19 -> 38135.775 | U19: ='Initial Fee Calculation'!$L$8 -> 1103.7304 | X19: 0 | Y19: =U19+X19+Y18+W19 -> 9100.1894 | AA19: ='Initial Fee Calculation'!$L$9 -> 1694.6357 | AD19: 0 | AE19: =AA19+AD19+AE18+AC19 -> 13972.167 | AG19: ='Initial Fee Calculation'!$L$10 -> 10486.181 | AJ19: 0 | AK19: =AG19+AJ19+AK18+AI19 -> 86457.913 | AM19: ='Initial Fee Calculation'!$L$16 -> 1237510.1 | AN19: =-Input!$C$24 -> -950000 | AO19: =AM19+AO18+AN19 -> 4556864.3
B20: =EOMONTH(B19,0)+1 -> 46235 | C20: ='Initial Fee Calculation'!$L$16 -> 1237510.1 | F20: =L20+R20+X20+AD20+AJ20 -> -950000 | G20: =M20+S20+Y20+AE20+AK20 -> 4844374.4 | I20: ='Initial Fee Calculation'!$L$6 -> 1219600.2 | L20: -950000 | M20: =I20+L20+M19+K20 -> 4678798.5 | O20: ='Initial Fee Calculation'!$L$7 -> 4625.356 | R20: 0 | S20: =O20+R20+S19+Q20 -> 42761.131 | U20: ='Initial Fee Calculation'!$L$8 -> 1103.7304 | X20: 0 | Y20: =U20+X20+Y19+W20 -> 10203.92 | AA20: ='Initial Fee Calculation'!$L$9 -> 1694.6357 | AD20: 0 | AE20: =AA20+AD20+AE19+AC20 -> 15666.803 | AG20: ='Initial Fee Calculation'!$L$10 -> 10486.181 | AJ20: 0 | AK20: =AG20+AJ20+AK19+AI20 -> 96944.094 | AM20: ='Initial Fee Calculation'!$L$16 -> 1237510.1 | AN20: =-Input!$C$24 -> -950000 | AO20: =AM20+AO19+AN20 -> 4844374.4
B21: =EOMONTH(B20,0)+1 -> 46266 | C21: ='Initial Fee Calculation'!$L$16 -> 1237510.1 | F21: =L21+R21+X21+AD21+AJ21 -> -950000 | G21: =M21+S21+Y21+AE21+AK21 -> 5131884.5 | I21: ='Initial Fee Calculation'!$L$6 -> 1219600.2 | L21: -950000 | M21: =I21+L21+M20+K21 -> 4948398.6 | O21: ='Initial Fee Calculation'!$L$7 -> 4625.356 | R21: 0 | S21: =O21+R21+S20+Q21 -> 47386.487 | U21: ='Initial Fee Calculation'!$L$8 -> 1103.7304 | X21: 0 | Y21: =U21+X21+Y20+W21 -> 11307.65 | AA21: ='Initial Fee Calculation'!$L$9 -> 1694.6357 | AD21: 0 | AE21: =AA21+AD21+AE20+AC21 -> 17361.438 | AG21: ='Initial Fee Calculation'!$L$10 -> 10486.181 | AJ21: 0 | AK21: =AG21+AJ21+AK20+AI21 -> 107430.27 | AM21: ='Initial Fee Calculation'!$L$16 -> 1237510.1 | AN21: =-Input!$C$24 -> -950000 | AO21: =AM21+AO20+AN21 -> 5131884.5
B22: =EOMONTH(B21,0)+1 -> 46296 | C22: ='Initial Fee Calculation'!$L$16 -> 1237510.1 | F22: =L22+R22+X22+AD22+AJ22 -> -950000 | G22: =M22+S22+Y22+AE22+AK22 -> 5419394.6 | I22: ='Initial Fee Calculation'!$L$6 -> 1219600.2 | L22: -950000 | M22: =I22+L22+M21+K22 -> 5217998.8 | O22: ='Initial Fee Calculation'!$L$7 -> 4625.356 | R22: 0 | S22: =O22+R22+S21+Q22 -> 52011.843 | U22: ='Initial Fee Calculation'!$L$8 -> 1103.7304 | X22: 0 | Y22: =U22+X22+Y21+W22 -> 12411.381 | AA22: ='Initial Fee Calculation'!$L$9 -> 1694.6357 | AD22: 0 | AE22: =AA22+AD22+AE21+AC22 -> 19056.074 | AG22: ='Initial Fee Calculation'!$L$10 -> 10486.181 | AJ22: 0 | AK22: =AG22+AJ22+AK21+AI22 -> 117916.46 | AM22: ='Initial Fee Calculation'!$L$16 -> 1237510.1 | AN22: =-Input!$C$24 -> -950000 | AO22: =AM22+AO21+AN22 -> 5419394.6
B23: =EOMONTH(B22,0)+1 -> 46327 | C23: ='Initial Fee Calculation'!$L$16 -> 1237510.1 | F23: =L23+R23+X23+AD23+AJ23 -> -950000 | G23: =M23+S23+Y23+AE23+AK23 -> 5706904.7 | I23: ='Initial Fee Calculation'!$L$6 -> 1219600.2 | L23: -950000 | M23: =I23+L23+M22+K23 -> 5487599 | O23: ='Initial Fee Calculation'!$L$7 -> 4625.356 | R23: 0 | S23: =O23+R23+S22+Q23 -> 56637.199 | U23: ='Initial Fee Calculation'!$L$8 -> 1103.7304 | X23: 0 | Y23: =U23+X23+Y22+W23 -> 13515.111 | AA23: ='Initial Fee Calculation'!$L$9 -> 1694.6357 | AD23: 0 | AE23: =AA23+AD23+AE22+AC23 -> 20750.71 | AG23: ='Initial Fee Calculation'!$L$10 -> 10486.181 | AJ23: 0 | AK23: =AG23+AJ23+AK22+AI23 -> 128402.64 | AM23: ='Initial Fee Calculation'!$L$16 -> 1237510.1 | AN23: =-Input!$C$24 -> -950000 | AO23: =AM23+AO22+AN23 -> 5706904.7
A24: Implementation Month | B24: =EOMONTH(B23,0)+1 -> 46357 | C24: ='Initial Fee Calculation'!$L$16 -> 1237510.1 | E24: =K24+Q24+W24+AC24+AI24 -> 0 | F24: =L24+R24+X24+AD24+AJ24 -> -2664236.2 | G24: =M24+S24+Y24+AE24+AK24 -> 4280178.5 | I24: ='Initial Fee Calculation'!$L$6 -> 1219600.2 | K24: =-IFERROR(IF((DATEDIF($B$24,$B24,"M"))<'Fee Recovery Calculation'!$J$4,'Fee Recovery Calculation'!$N$4,0)/('Fee Recovery Calculation'!$J$4),0) -> 0 | L24: =-IF((DATEDIF($B$24,$B24,"M"))<'Fee Recovery Calculation'!$J$4,'Fee Recovery Calculation'!$P$4,0) -> -2591499.9 | M24: =I24+L24+M23+J24 -> 4115699.3 | O24: ='Initial Fee Calculation'!$L$7 -> 4625.356 | Q24: =-IFERROR(IF((DATEDIF($B$24,$B24,"M"))<'Fee Recovery Calculation'!$J$4,'Fee Recovery Calculation'!$N$5,0)/('Fee Recovery Calculation'!$J$5),0) -> 0 | R24: =-IF((DATEDIF($B$24,$B24,"M"))<'Fee Recovery Calculation'!$J$4,'Fee Recovery Calculation'!$P$5,0) -> -18784.656 | S24: =O24+R24+S23+P24 -> 42477.899 | U24: ='Initial Fee Calculation'!$L$8 -> 1103.7304 | W24: =-IFERROR(IF((DATEDIF($B$24,$B24,"M"))<'Fee Recovery Calculation'!$J$4,'Fee Recovery Calculation'!$N$6,0)/('Fee Recovery Calculation'!$J$6),0) -> 0 | X24: =-IF((DATEDIF($B$24,$B24,"M"))<'Fee Recovery Calculation'!$J$4,'Fee Recovery Calculation'!$P$6,0) -> -4482.5082 | Y24: =U24+X24+Y23+V24 -> 10136.333 | AA24: ='Initial Fee Calculation'!$L$9 -> 1694.6357 | AC24: =-IFERROR(IF((DATEDIF($B$24,$B24,"M"))<'Fee Recovery Calculation'!$J$4,'Fee Recovery Calculation'!$N$7,0)/('Fee Recovery Calculation'!$J$7),0) -> 0 | AD24: =-IF((DATEDIF($B$24,$B24,"M"))<'Fee Recovery Calculation'!$J$4,'Fee Recovery Calculation'!$P$7,0) -> -6882.3132 | AE24: =AA24+AD24+AE23+AB24 -> 15563.032 | AG24: ='Initial Fee Calculation'!$L$10 -> 10486.181 | AI24: =-IFERROR(IF((DATEDIF($B$24,$B24,"M"))<'Fee Recovery Calculation'!$J$4,'Fee Recovery Calculation'!$N$8,0)/('Fee Recovery Calculation'!$J$8),0) -> 0 | AJ24: =-IF((DATEDIF($B$24,$B24,"M"))<'Fee Recovery Calculation'!$J$4,'Fee Recovery Calculation'!$P$8,0) -> -42586.84 | AK24: =AG24+AJ24+AK23+AH24 -> 96301.977 | AM24: ='Initial Fee Calculation'!$L$16 -> 1237510.1 | AN24: =-IF((DATEDIF($B$24,$B24,"M"))<'Fee Recovery Calculation'!$J$4,'Fee Recovery Calculation'!$K$13,0) -> -2664236.2 | AO24: =AM24+AO23+AN24 -> 4280178.5
B25: =EOMONTH(B24,0)+1 -> 46388 | C25: ='Initial Fee Calculation'!$L$16 -> 1237510.1 | E25: =K25+Q25+W25+AC25+AI25 -> 0 | F25: =L25+R25+X25+AD25+AJ25 -> -2664236.2 | G25: =M25+S25+Y25+AE25+AK25 -> 2853452.3 | I25: ='Initial Fee Calculation'!$L$6 -> 1219600.2 | K25: =-IFERROR(IF((DATEDIF($B$24,$B25,"M"))<'Fee Recovery Calculation'!$J$4,'Fee Recovery Calculation'!$N$4,0)/('Fee Recovery Calculation'!$J$4),0) -> 0 | L25: =-IF((DATEDIF($B$24,$B25,"M"))<'Fee Recovery Calculation'!$J$4,'Fee Recovery Calculation'!$P$4,0) -> -2591499.9 | M25: =I25+L25+M24+J25 -> 2743799.5 | O25: ='Initial Fee Calculation'!$L$7 -> 4625.356 | Q25: =-IFERROR(IF((DATEDIF($B$24,$B25,"M"))<'Fee Recovery Calculation'!$J$4,'Fee Recovery Calculation'!$N$5,0)/('Fee Recovery Calculation'!$J$5),0) -> 0 | R25: =-IF((DATEDIF($B$24,$B25,"M"))<'Fee Recovery Calculation'!$J$4,'Fee Recovery Calculation'!$P$5,0) -> -18784.656 | S25: =O25+R25+S24+P25 -> 28318.599 | U25: ='Initial Fee Calculation'!$L$8 -> 1103.7304 | W25: =-IFERROR(IF((DATEDIF($B$24,$B25,"M"))<'Fee Recovery Calculation'!$J$4,'Fee Recovery Calculation'!$N$6,0)/('Fee Recovery Calculation'!$J$6),0) -> 0 | X25: =-IF((DATEDIF($B$24,$B25,"M"))<'Fee Recovery Calculation'!$J$4,'Fee Recovery Calculation'!$P$6,0) -> -4482.5082 | Y25: =U25+X25+Y24+V25 -> 6757.5555 | AA25: ='Initial Fee Calculation'!$L$9 -> 1694.6357 | AC25: =-IFERROR(IF((DATEDIF($B$24,$B25,"M"))<'Fee Recovery Calculation'!$J$4,'Fee Recovery Calculation'!$N$7,0)/('Fee Recovery Calculation'!$J$7),0) -> 0 | AD25: =-IF((DATEDIF($B$24,$B25,"M"))<'Fee Recovery Calculation'!$J$4,'Fee Recovery Calculation'!$P$7,0) -> -6882.3132 | AE25: =AA25+AD25+AE24+AB25 -> 10375.355 | AG25: ='Initial Fee Calculation'!$L$10 -> 10486.181 | AI25: =-IFERROR(IF((DATEDIF($B$24,$B25,"M"))<'Fee Recovery Calculation'!$J$4,'Fee Recovery Calculation'!$N$8,0)/('Fee Recovery Calculation'!$J$8),0) -> 0 | AJ25: =-IF((DATEDIF($B$24,$B25,"M"))<'Fee Recovery Calculation'!$J$4,'Fee Recovery Calculation'!$P$8,0) -> -42586.84 | AK25: =AG25+AJ25+AK24+AH25 -> 64201.318 | AM25: ='Initial Fee Calculation'!$L$16 -> 1237510.1 | AN25: =-IF((DATEDIF($B$24,$B25,"M"))<'Fee Recovery Calculation'!$J$4,'Fee Recovery Calculation'!$K$13,0) -> -2664236.2 | AO25: =AM25+AO24+AN25 -> 2853452.3
B26: =EOMONTH(B25,0)+1 -> 46419 | C26: ='Initial Fee Calculation'!$L$16 -> 1237510.1 | E26: =K26+Q26+W26+AC26+AI26 -> 0 | F26: =L26+R26+X26+AD26+AJ26 -> -2664236.2 | G26: =M26+S26+Y26+AE26+AK26 -> 1426726.2 | I26: ='Initial Fee Calculation'!$L$6 -> 1219600.2 | K26: =-IFERROR(IF((DATEDIF($B$24,$B26,"M"))<'Fee Recovery Calculation'!$J$4,'Fee Recovery Calculation'!$N$4,0)/('Fee Recovery Calculation'!$J$4),0) -> 0 | L26: =-IF((DATEDIF($B$24,$B26,"M"))<'Fee Recovery Calculation'!$J$4,'Fee Recovery Calculation'!$P$4,0) -> -2591499.9 | M26: =I26+L26+M25+J26 -> 1371899.8 | O26: ='Initial Fee Calculation'!$L$7 -> 4625.356 | Q26: =-IFERROR(IF((DATEDIF($B$24,$B26,"M"))<'Fee Recovery Calculation'!$J$4,'Fee Recovery Calculation'!$N$5,0)/('Fee Recovery Calculation'!$J$5),0) -> 0 | R26: =-IF((DATEDIF($B$24,$B26,"M"))<'Fee Recovery Calculation'!$J$4,'Fee Recovery Calculation'!$P$5,0) -> -18784.656 | S26: =O26+R26+S25+P26 -> 14159.3 | U26: ='Initial Fee Calculation'!$L$8 -> 1103.7304 | W26: =-IFERROR(IF((DATEDIF($B$24,$B26,"M"))<'Fee Recovery Calculation'!$J$4,'Fee Recovery Calculation'!$N$6,0)/('Fee Recovery Calculation'!$J$6),0) -> 0 | X26: =-IF((DATEDIF($B$24,$B26,"M"))<'Fee Recovery Calculation'!$J$4,'Fee Recovery Calculation'!$P$6,0) -> -4482.5082 | Y26: =U26+X26+Y25+V26 -> 3378.7778 | AA26: ='Initial Fee Calculation'!$L$9 -> 1694.6357 | AC26: =-IFERROR(IF((DATEDIF($B$24,$B26,"M"))<'Fee Recovery Calculation'!$J$4,'Fee Recovery Calculation'!$N$7,0)/('Fee Recovery Calculation'!$J$7),0) -> 0 | AD26: =-IF((DATEDIF($B$24,$B26,"M"))<'Fee Recovery Calculation'!$J$4,'Fee Recovery Calculation'!$P$7,0) -> -6882.3132 | AE26: =AA26+AD26+AE25+AB26 -> 5187.6775 | AG26: ='Initial Fee Calculation'!$L$10 -> 10486.181 | AI26: =-IFERROR(IF((DATEDIF($B$24,$B26,"M"))<'Fee Recovery Calculation'!$J$4,'Fee Recovery Calculation'!$N$8,0)/('Fee Recovery Calculation'!$J$8),0) -> 0 | AJ26: =-IF((DATEDIF($B$24,$B26,"M"))<'Fee Recovery Calculation'!$J$4,'Fee Recovery Calculation'!$P$8,0) -> -42586.84 | AK26: =AG26+AJ26+AK25+AH26 -> 32100.659 | AM26: ='Initial Fee Calculation'!$L$16 -> 1237510.1 | AN26: =-IF((DATEDIF($B$24,$B26,"M"))<'Fee Recovery Calculation'!$J$4,'Fee Recovery Calculation'!$K$13,0) -> -2664236.2 | AO26: =AM26+AO25+AN26 -> 1426726.2
A27: Unrecovered Revenue collection End Month | B27: =EOMONTH(B26,0)+1 -> 46447 | C27: ='Initial Fee Calculation'!$L$16 -> 1237510.1 | E27: =K27+Q27+W27+AC27+AI27 -> 0 | F27: =L27+R27+X27+AD27+AJ27 -> -2664236.2 | G27: =M27+S27+Y27+AE27+AK27 -> 3.6379788e-11 | I27: ='Initial Fee Calculation'!$L$6 -> 1219600.2 | K27: =-IFERROR(IF((DATEDIF($B$24,$B27,"M"))<'Fee Recovery Calculation'!$J$4,'Fee Recovery Calculation'!$N$4,0)/('Fee Recovery Calculation'!$J$4),0) -> 0 | L27: =-IF((DATEDIF($B$24,$B27,"M"))<'Fee Recovery Calculation'!$J$4,'Fee Recovery Calculation'!$P$4,0) -> -2591499.9 | M27: =I27+L27+M26+J27 -> 0 | O27: ='Initial Fee Calculation'!$L$7 -> 4625.356 | P27: ='Fee Recovery Calculation'!$M$5*'Fee Recovery Calculation by MP'!$AP27 -> 0 | Q27: =-IFERROR(IF((DATEDIF($B$24,$B27,"M"))<'Fee Recovery Calculation'!$J$4,'Fee Recovery Calculation'!$N$5,0)/('Fee Recovery Calculation'!$J$5),0) -> 0 | R27: =-IF((DATEDIF($B$24,$B27,"M"))<'Fee Recovery Calculation'!$J$4,'Fee Recovery Calculation'!$P$5,0) -> -18784.656 | S27: =O27+R27+S26+P27 -> -1.8189894e-11 | U27: ='Initial Fee Calculation'!$L$8 -> 1103.7304 | W27: =-IFERROR(IF((DATEDIF($B$24,$B27,"M"))<'Fee Recovery Calculation'!$J$4,'Fee Recovery Calculation'!$N$6,0)/('Fee Recovery Calculation'!$J$6),0) -> 0 | X27: =-IF((DATEDIF($B$24,$B27,"M"))<'Fee Recovery Calculation'!$J$4,'Fee Recovery Calculation'!$P$6,0) -> -4482.5082 | Y27: =U27+X27+Y26+V27 -> 1.8189894e-12 | AA27: ='Initial Fee Calculation'!$L$9 -> 1694.6357 | AC27: =-IFERROR(IF((DATEDIF($B$24,$B27,"M"))<'Fee Recovery Calculation'!$J$4,'Fee Recovery Calculation'!$N$7,0)/('Fee Recovery Calculation'!$J$7),0) -> 0 | AD27: =-IF((DATEDIF($B$24,$B27,"M"))<'Fee Recovery Calculation'!$J$4,'Fee Recovery Calculation'!$P$7,0) -> -6882.3132 | AE27: =AA27+AD27+AE26+AB27 -> 1.8189894e-12 | AG27: ='Initial Fee Calculation'!$L$10 -> 10486.181 | AI27: =-IFERROR(IF((DATEDIF($B$24,$B27,"M"))<'Fee Recovery Calculation'!$J$4,'Fee Recovery Calculation'!$N$8,0)/('Fee Recovery Calculation'!$J$8),0) -> 0 | AJ27: =-IF((DATEDIF($B$24,$B27,"M"))<'Fee Recovery Calculation'!$J$4,'Fee Recovery Calculation'!$P$8,0) -> -42586.84 | AK27: =AG27+AJ27+AK26+AH27 -> 5.0931703e-11 | AM27: ='Initial Fee Calculation'!$L$16 -> 1237510.1 | AN27: =-IF((DATEDIF($B$24,$B27,"M"))<'Fee Recovery Calculation'!$J$4,'Fee Recovery Calculation'!$K$13,0) -> -2664236.2 | AO27: =AM27+AO26+AN27 -> 0
B28: =EOMONTH(B27,0)+1 -> 46478 | D28: =J28+P28+V28+AB28+AH28 -> 0 | E28: =K28+Q28+W28+AC28+AI28 -> 0 | F28: =L28+R28+X28+AD28+AJ28 -> 0 | G28: =M28+S28+Y28+AE28+AK28 -> 3.6379788e-11 | J28: ='Fee Recovery Calculation'!$M$4*'Fee Recovery Calculation by MP'!$AP28 -> 0 | K28: =-IFERROR(IF((DATEDIF($B$24,$B28,"M"))<'Fee Recovery Calculation'!$J$4,'Fee Recovery Calculation'!$N$4,0)/('Fee Recovery Calculation'!$J$4),0) -> 0 | L28: =-IF((DATEDIF($B$24,$B28,"M"))<'Fee Recovery Calculation'!$J$4,'Fee Recovery Calculation'!$P$4,0) -> 0 | M28: =I28+L28+M27+J28 -> 0 | P28: ='Fee Recovery Calculation'!$M$5*'Fee Recovery Calculation by MP'!$AP28 -> 0 | Q28: =-IFERROR(IF((DATEDIF($B$24,$B28,"M"))<'Fee Recovery Calculation'!$J$4,'Fee Recovery Calculation'!$N$5,0)/('Fee Recovery Calculation'!$J$5),0) -> 0 | R28: =-IF((DATEDIF($B$24,$B28,"M"))<'Fee Recovery Calculation'!$J$4,'Fee Recovery Calculation'!$P$5,0) -> 0 | S28: =O28+R28+S27+P28 -> -1.8189894e-11 | V28: ='Fee Recovery Calculation'!$M$6*'Fee Recovery Calculation by MP'!$AP28 -> 0 | W28: =-IFERROR(IF((DATEDIF($B$24,$B28,"M"))<'Fee Recovery Calculation'!$J$4,'Fee Recovery Calculation'!$N$6,0)/('Fee Recovery Calculation'!$J$6),0) -> 0 | X28: =-IF((DATEDIF($B$24,$B28,"M"))<'Fee Recovery Calculation'!$J$4,'Fee Recovery Calculation'!$P$6,0) -> 0 | Y28: =U28+X28+Y27+V28 -> 1.8189894e-12 | AB28: ='Fee Recovery Calculation'!$M$7*'Fee Recovery Calculation by MP'!$AP28 -> 0 | AC28: =-IFERROR(IF((DATEDIF($B$24,$B28,"M"))<'Fee Recovery Calculation'!$J$4,'Fee Recovery Calculation'!$N$7,0)/('Fee Recovery Calculation'!$J$7),0) -> 0 | AD28: =-IF((DATEDIF($B$24,$B28,"M"))<'Fee Recovery Calculation'!$J$4,'Fee Recovery Calculation'!$P$7,0) -> 0 | AE28: =AA28+AD28+AE27+AB28 -> 1.8189894e-12 | AH28: ='Fee Recovery Calculation'!$M$8*'Fee Recovery Calculation by MP'!$AP28 -> 0 | AI28: =-IFERROR(IF((DATEDIF($B$24,$B28,"M"))<'Fee Recovery Calculation'!$J$4,'Fee Recovery Calculation'!$N$8,0)/('Fee Recovery Calculation'!$J$8),0) -> 0 | AJ28: =-IF((DATEDIF($B$24,$B28,"M"))<'Fee Recovery Calculation'!$J$4,'Fee Recovery Calculation'!$P$8,0) -> 0 | AK28: =AG28+AJ28+AK27+AH28 -> 5.0931703e-11 | AN28: =-IF((DATEDIF($B$24,$B28,"M"))<'Fee Recovery Calculation'!$J$4,'Fee Recovery Calculation'!$K$13,0) -> 0 | AO28: =AM28+AO27+AN28 -> 0 | AP28: =IF(ROUND(AN28,0)=0,0,(AO27+SUM($AP$27:AP27))*'Fee Recovery Calculation'!$R$4/12) -> 0
B29: =EOMONTH(B28,0)+1 -> 46508 | D29: =J29+P29+V29+AB29+AH29 -> 0 | E29: =K29+Q29+W29+AC29+AI29 -> 0 | F29: =L29+R29+X29+AD29+AJ29 -> 0 | G29: =M29+S29+Y29+AE29+AK29 -> 3.6379788e-11 | J29: ='Fee Recovery Calculation'!$M$4*'Fee Recovery Calculation by MP'!$AP29 -> 0 | K29: =-IFERROR(IF((DATEDIF($B$24,$B29,"M"))<'Fee Recovery Calculation'!$J$4,'Fee Recovery Calculation'!$N$4,0)/('Fee Recovery Calculation'!$J$4),0) -> 0 | L29: =-IF((DATEDIF($B$24,$B29,"M"))<'Fee Recovery Calculation'!$J$4,'Fee Recovery Calculation'!$P$4,0) -> 0 | M29: =I29+L29+M28+J29 -> 0 | P29: ='Fee Recovery Calculation'!$M$5*'Fee Recovery Calculation by MP'!$AP29 -> 0 | Q29: =-IFERROR(IF((DATEDIF($B$24,$B29,"M"))<'Fee Recovery Calculation'!$J$4,'Fee Recovery Calculation'!$N$5,0)/('Fee Recovery Calculation'!$J$5),0) -> 0 | R29: =-IF((DATEDIF($B$24,$B29,"M"))<'Fee Recovery Calculation'!$J$4,'Fee Recovery Calculation'!$P$5,0) -> 0 | S29: =O29+R29+S28+P29 -> -1.8189894e-11 | V29: ='Fee Recovery Calculation'!$M$6*'Fee Recovery Calculation by MP'!$AP29 -> 0 | W29: =-IFERROR(IF((DATEDIF($B$24,$B29,"M"))<'Fee Recovery Calculation'!$J$4,'Fee Recovery Calculation'!$N$6,0)/('Fee Recovery Calculation'!$J$6),0) -> 0 | X29: =-IF((DATEDIF($B$24,$B29,"M"))<'Fee Recovery Calculation'!$J$4,'Fee Recovery Calculation'!$P$6,0) -> 0 | Y29: =U29+X29+Y28+V29 -> 1.8189894e-12 | AB29: ='Fee Recovery Calculation'!$M$7*'Fee Recovery Calculation by MP'!$AP29 -> 0 | AC29: =-IFERROR(IF((DATEDIF($B$24,$B29,"M"))<'Fee Recovery Calculation'!$J$4,'Fee Recovery Calculation'!$N$7,0)/('Fee Recovery Calculation'!$J$7),0) -> 0 | AD29: =-IF((DATEDIF($B$24,$B29,"M"))<'Fee Recovery Calculation'!$J$4,'Fee Recovery Calculation'!$P$7,0) -> 0 | AE29: =AA29+AD29+AE28+AB29 -> 1.8189894e-12 | AH29: ='Fee Recovery Calculation'!$M$8*'Fee Recovery Calculation by MP'!$AP29 -> 0 | AI29: =-IFERROR(IF((DATEDIF($B$24,$B29,"M"))<'Fee Recovery Calculation'!$J$4,'Fee Recovery Calculation'!$N$8,0)/('Fee Recovery Calculation'!$J$8),0) -> 0 | AJ29: =-IF((DATEDIF($B$24,$B29,"M"))<'Fee Recovery Calculation'!$J$4,'Fee Recovery Calculation'!$P$8,0) -> 0 | AK29: =AG29+AJ29+AK28+AH29 -> 5.0931703e-11 | AN29: =-IF((DATEDIF($B$24,$B29,"M"))<'Fee Recovery Calculation'!$J$4,'Fee Recovery Calculation'!$K$13,0) -> 0 | AO29: =AM29+AO28+AN29 -> 0 | AP29: =IF(ROUND(AN29,0)=0,0,(AO28+SUM($AP$27:AP28))*'Fee Recovery Calculation'!$R$4/12) -> 0
B30: =EOMONTH(B29,0)+1 -> 46539 | D30: =J30+P30+V30+AB30+AH30 -> 0 | E30: =K30+Q30+W30+AC30+AI30 -> 0 | F30: =L30+R30+X30+AD30+AJ30 -> 0 | G30: =M30+S30+Y30+AE30+AK30 -> 3.6379788e-11 | J30: ='Fee Recovery Calculation'!$M$4*'Fee Recovery Calculation by MP'!$AP30 -> 0 | K30: =-IFERROR(IF((DATEDIF($B$24,$B30,"M"))<'Fee Recovery Calculation'!$J$4,'Fee Recovery Calculation'!$N$4,0)/('Fee Recovery Calculation'!$J$4),0) -> 0 | L30: =-IF((DATEDIF($B$24,$B30,"M"))<'Fee Recovery Calculation'!$J$4,'Fee Recovery Calculation'!$P$4,0) -> 0 | M30: =I30+L30+M29+J30 -> 0 | P30: ='Fee Recovery Calculation'!$M$5*'Fee Recovery Calculation by MP'!$AP30 -> 0 | Q30: =-IFERROR(IF((DATEDIF($B$24,$B30,"M"))<'Fee Recovery Calculation'!$J$4,'Fee Recovery Calculation'!$N$5,0)/('Fee Recovery Calculation'!$J$5),0) -> 0 | R30: =-IF((DATEDIF($B$24,$B30,"M"))<'Fee Recovery Calculation'!$J$4,'Fee Recovery Calculation'!$P$5,0) -> 0 | S30: =O30+R30+S29+P30 -> -1.8189894e-11 | V30: ='Fee Recovery Calculation'!$M$6*'Fee Recovery Calculation by MP'!$AP30 -> 0 | W30: =-IFERROR(IF((DATEDIF($B$24,$B30,"M"))<'Fee Recovery Calculation'!$J$4,'Fee Recovery Calculation'!$N$6,0)/('Fee Recovery Calculation'!$J$6),0) -> 0 | X30: =-IF((DATEDIF($B$24,$B30,"M"))<'Fee Recovery Calculation'!$J$4,'Fee Recovery Calculation'!$P$6,0) -> 0 | Y30: =U30+X30+Y29+V30 -> 1.8189894e-12 | AB30: ='Fee Recovery Calculation'!$M$7*'Fee Recovery Calculation by MP'!$AP30 -> 0 | AC30: =-IFERROR(IF((DATEDIF($B$24,$B30,"M"))<'Fee Recovery Calculation'!$J$4,'Fee Recovery Calculation'!$N$7,0)/('Fee Recovery Calculation'!$J$7),0) -> 0 | AD30: =-IF((DATEDIF($B$24,$B30,"M"))<'Fee Recovery Calculation'!$J$4,'Fee Recovery Calculation'!$P$7,0) -> 0 | AE30: =AA30+AD30+AE29+AB30 -> 1.8189894e-12 | AH30: ='Fee Recovery Calculation'!$M$8*'Fee Recovery Calculation by MP'!$AP30 -> 0 | AI30: =-IFERROR(IF((DATEDIF($B$24,$B30,"M"))<'Fee Recovery Calculation'!$J$4,'Fee Recovery Calculation'!$N$8,0)/('Fee Recovery Calculation'!$J$8),0) -> 0 | AJ30: =-IF((DATEDIF($B$24,$B30,"M"))<'Fee Recovery Calculation'!$J$4,'Fee Recovery Calculation'!$P$8,0) -> 0 | AK30: =AG30+AJ30+AK29+AH30 -> 5.0931703e-11 | AN30: =-IF((DATEDIF($B$24,$B30,"M"))<'Fee Recovery Calculation'!$J$4,'Fee Recovery Calculation'!$K$13,0) -> 0 | AO30: =AM30+AO29+AN30 -> 0 | AP30: =IF(ROUND(AN30,0)=0,0,(AO29+SUM($AP$27:AP29))*'Fee Recovery Calculation'!$R$4/12) -> 0
B31: =EOMONTH(B30,0)+1 -> 46569 | D31: =J31+P31+V31+AB31+AH31 -> 0 | E31: =K31+Q31+W31+AC31+AI31 -> 0 | F31: =L31+R31+X31+AD31+AJ31 -> 0 | G31: =M31+S31+Y31+AE31+AK31 -> 3.6379788e-11 | J31: ='Fee Recovery Calculation'!$M$4*'Fee Recovery Calculation by MP'!$AP31 -> 0 | K31: =-IFERROR(IF((DATEDIF($B$24,$B31,"M"))<'Fee Recovery Calculation'!$J$4,'Fee Recovery Calculation'!$N$4,0)/('Fee Recovery Calculation'!$J$4),0) -> 0 | L31: =-IF((DATEDIF($B$24,$B31,"M"))<'Fee Recovery Calculation'!$J$4,'Fee Recovery Calculation'!$P$4,0) -> 0 | M31: =I31+L31+M30+J31 -> 0 | P31: ='Fee Recovery Calculation'!$M$5*'Fee Recovery Calculation by MP'!$AP31 -> 0 | Q31: =-IFERROR(IF((DATEDIF($B$24,$B31,"M"))<'Fee Recovery Calculation'!$J$4,'Fee Recovery Calculation'!$N$5,0)/('Fee Recovery Calculation'!$J$5),0) -> 0 | R31: =-IF((DATEDIF($B$24,$B31,"M"))<'Fee Recovery Calculation'!$J$4,'Fee Recovery Calculation'!$P$5,0) -> 0 | S31: =O31+R31+S30+P31 -> -1.8189894e-11 | V31: ='Fee Recovery Calculation'!$M$6*'Fee Recovery Calculation by MP'!$AP31 -> 0 | W31: =-IFERROR(IF((DATEDIF($B$24,$B31,"M"))<'Fee Recovery Calculation'!$J$4,'Fee Recovery Calculation'!$N$6,0)/('Fee Recovery Calculation'!$J$6),0) -> 0 | X31: =-IF((DATEDIF($B$24,$B31,"M"))<'Fee Recovery Calculation'!$J$4,'Fee Recovery Calculation'!$P$6,0) -> 0 | Y31: =U31+X31+Y30+V31 -> 1.8189894e-12 | AB31: ='Fee Recovery Calculation'!$M$7*'Fee Recovery Calculation by MP'!$AP31 -> 0 | AC31: =-IFERROR(IF((DATEDIF($B$24,$B31,"M"))<'Fee Recovery Calculation'!$J$4,'Fee Recovery Calculation'!$N$7,0)/('Fee Recovery Calculation'!$J$7),0) -> 0 | AD31: =-IF((DATEDIF($B$24,$B31,"M"))<'Fee Recovery Calculation'!$J$4,'Fee Recovery Calculation'!$P$7,0) -> 0 | AE31: =AA31+AD31+AE30+AB31 -> 1.8189894e-12 | AH31: ='Fee Recovery Calculation'!$M$8*'Fee Recovery Calculation by MP'!$AP31 -> 0 | AI31: =-IFERROR(IF((DATEDIF($B$24,$B31,"M"))<'Fee Recovery Calculation'!$J$4,'Fee Recovery Calculation'!$N$8,0)/('Fee Recovery Calculation'!$J$8),0) -> 0 | AJ31: =-IF((DATEDIF($B$24,$B31,"M"))<'Fee Recovery Calculation'!$J$4,'Fee Recovery Calculation'!$P$8,0) -> 0 | AK31: =AG31+AJ31+AK30+AH31 -> 5.0931703e-11 | AN31: =-IF((DATEDIF($B$24,$B31,"M"))<'Fee Recovery Calculation'!$J$4,'Fee Recovery Calculation'!$K$13,0) -> 0 | AO31: =AM31+AO30+AN31 -> 0 | AP31: =IF(ROUND(AN31,0)=0,0,(AO30+SUM($AP$27:AP30))*'Fee Recovery Calculation'!$R$4/12) -> 0
B32: =EOMONTH(B31,0)+1 -> 46600 | D32: =J32+P32+V32+AB32+AH32 -> 0 | E32: =K32+Q32+W32+AC32+AI32 -> 0 | F32: =L32+R32+X32+AD32+AJ32 -> 0 | G32: =M32+S32+Y32+AE32+AK32 -> 3.6379788e-11 | J32: ='Fee Recovery Calculation'!$M$4*'Fee Recovery Calculation by MP'!$AP32 -> 0 | K32: =-IFERROR(IF((DATEDIF($B$24,$B32,"M"))<'Fee Recovery Calculation'!$J$4,'Fee Recovery Calculation'!$N$4,0)/('Fee Recovery Calculation'!$J$4),0) -> 0 | L32: =-IF((DATEDIF($B$24,$B32,"M"))<'Fee Recovery Calculation'!$J$4,'Fee Recovery Calculation'!$P$4,0) -> 0 | M32: =I32+L32+M31+J32 -> 0 | P32: ='Fee Recovery Calculation'!$M$5*'Fee Recovery Calculation by MP'!$AP32 -> 0 | Q32: =-IFERROR(IF((DATEDIF($B$24,$B32,"M"))<'Fee Recovery Calculation'!$J$4,'Fee Recovery Calculation'!$N$5,0)/('Fee Recovery Calculation'!$J$5),0) -> 0 | R32: =-IF((DATEDIF($B$24,$B32,"M"))<'Fee Recovery Calculation'!$J$4,'Fee Recovery Calculation'!$P$5,0) -> 0 | S32: =O32+R32+S31+P32 -> -1.8189894e-11 | V32: ='Fee Recovery Calculation'!$M$6*'Fee Recovery Calculation by MP'!$AP32 -> 0 | W32: =-IFERROR(IF((DATEDIF($B$24,$B32,"M"))<'Fee Recovery Calculation'!$J$4,'Fee Recovery Calculation'!$N$6,0)/('Fee Recovery Calculation'!$J$6),0) -> 0 | X32: =-IF((DATEDIF($B$24,$B32,"M"))<'Fee Recovery Calculation'!$J$4,'Fee Recovery Calculation'!$P$6,0) -> 0 | Y32: =U32+X32+Y31+V32 -> 1.8189894e-12 | AB32: ='Fee Recovery Calculation'!$M$7*'Fee Recovery Calculation by MP'!$AP32 -> 0 | AC32: =-IFERROR(IF((DATEDIF($B$24,$B32,"M"))<'Fee Recovery Calculation'!$J$4,'Fee Recovery Calculation'!$N$7,0)/('Fee Recovery Calculation'!$J$7),0) -> 0 | AD32: =-IF((DATEDIF($B$24,$B32,"M"))<'Fee Recovery Calculation'!$J$4,'Fee Recovery Calculation'!$P$7,0) -> 0 | AE32: =AA32+AD32+AE31+AB32 -> 1.8189894e-12 | AH32: ='Fee Recovery Calculation'!$M$8*'Fee Recovery Calculation by MP'!$AP32 -> 0 | AI32: =-IFERROR(IF((DATEDIF($B$24,$B32,"M"))<'Fee Recovery Calculation'!$J$4,'Fee Recovery Calculation'!$N$8,0)/('Fee Recovery Calculation'!$J$8),0) -> 0 | AJ32: =-IF((DATEDIF($B$24,$B32,"M"))<'Fee Recovery Calculation'!$J$4,'Fee Recovery Calculation'!$P$8,0) -> 0 | AK32: =AG32+AJ32+AK31+AH32 -> 5.0931703e-11 | AN32: =-IF((DATEDIF($B$24,$B32,"M"))<'Fee Recovery Calculation'!$J$4,'Fee Recovery Calculation'!$K$13,0) -> 0 | AO32: =AM32+AO31+AN32 -> 0 | AP32: =IF(ROUND(AN32,0)=0,0,(AO31+SUM($AP$27:AP31))*'Fee Recovery Calculation'!$R$4/12) -> 0
B33: =EOMONTH(B32,0)+1 -> 46631 | D33: =J33+P33+V33+AB33+AH33 -> 0 | E33: =K33+Q33+W33+AC33+AI33 -> 0 | F33: =L33+R33+X33+AD33+AJ33 -> 0 | G33: =M33+S33+Y33+AE33+AK33 -> 3.6379788e-11 | J33: ='Fee Recovery Calculation'!$M$4*'Fee Recovery Calculation by MP'!$AP33 -> 0 | K33: =-IFERROR(IF((DATEDIF($B$24,$B33,"M"))<'Fee Recovery Calculation'!$J$4,'Fee Recovery Calculation'!$N$4,0)/('Fee Recovery Calculation'!$J$4),0) -> 0 | L33: =-IF((DATEDIF($B$24,$B33,"M"))<'Fee Recovery Calculation'!$J$4,'Fee Recovery Calculation'!$P$4,0) -> 0 | M33: =I33+L33+M32+J33 -> 0 | P33: ='Fee Recovery Calculation'!$M$5*'Fee Recovery Calculation by MP'!$AP33 -> 0 | Q33: =-IFERROR(IF((DATEDIF($B$24,$B33,"M"))<'Fee Recovery Calculation'!$J$4,'Fee Recovery Calculation'!$N$5,0)/('Fee Recovery Calculation'!$J$5),0) -> 0 | R33: =-IF((DATEDIF($B$24,$B33,"M"))<'Fee Recovery Calculation'!$J$4,'Fee Recovery Calculation'!$P$5,0) -> 0 | S33: =O33+R33+S32+P33 -> -1.8189894e-11 | V33: ='Fee Recovery Calculation'!$M$6*'Fee Recovery Calculation by MP'!$AP33 -> 0 | W33: =-IFERROR(IF((DATEDIF($B$24,$B33,"M"))<'Fee Recovery Calculation'!$J$4,'Fee Recovery Calculation'!$N$6,0)/('Fee Recovery Calculation'!$J$6),0) -> 0 | X33: =-IF((DATEDIF($B$24,$B33,"M"))<'Fee Recovery Calculation'!$J$4,'Fee Recovery Calculation'!$P$6,0) -> 0 | Y33: =U33+X33+Y32+V33 -> 1.8189894e-12 | AB33: ='Fee Recovery Calculation'!$M$7*'Fee Recovery Calculation by MP'!$AP33 -> 0 | AC33: =-IFERROR(IF((DATEDIF($B$24,$B33,"M"))<'Fee Recovery Calculation'!$J$4,'Fee Recovery Calculation'!$N$7,0)/('Fee Recovery Calculation'!$J$7),0) -> 0 | AD33: =-IF((DATEDIF($B$24,$B33,"M"))<'Fee Recovery Calculation'!$J$4,'Fee Recovery Calculation'!$P$7,0) -> 0 | AE33: =AA33+AD33+AE32+AB33 -> 1.8189894e-12 | AH33: ='Fee Recovery Calculation'!$M$8*'Fee Recovery Calculation by MP'!$AP33 -> 0 | AI33: =-IFERROR(IF((DATEDIF($B$24,$B33,"M"))<'Fee Recovery Calculation'!$J$4,'Fee Recovery Calculation'!$N$8,0)/('Fee Recovery Calculation'!$J$8),0) -> 0 | AJ33: =-IF((DATEDIF($B$24,$B33,"M"))<'Fee Recovery Calculation'!$J$4,'Fee Recovery Calculation'!$P$8,0) -> 0 | AK33: =AG33+AJ33+AK32+AH33 -> 5.0931703e-11 | AN33: =-IF((DATEDIF($B$24,$B33,"M"))<'Fee Recovery Calculation'!$J$4,'Fee Recovery Calculation'!$K$13,0) -> 0 | AO33: =AM33+AO32+AN33 -> 0 | AP33: =IF(ROUND(AN33,0)=0,0,(AO32+SUM($AP$27:AP32))*'Fee Recovery Calculation'!$R$4/12) -> 0
B34: =EOMONTH(B33,0)+1 -> 46661 | D34: =J34+P34+V34+AB34+AH34 -> 0 | E34: =K34+Q34+W34+AC34+AI34 -> 0 | F34: =L34+R34+X34+AD34+AJ34 -> 0 | G34: =M34+S34+Y34+AE34+AK34 -> 3.6379788e-11 | J34: ='Fee Recovery Calculation'!$M$4*'Fee Recovery Calculation by MP'!$AP34 -> 0 | K34: =-IFERROR(IF((DATEDIF($B$24,$B34,"M"))<'Fee Recovery Calculation'!$J$4,'Fee Recovery Calculation'!$N$4,0)/('Fee Recovery Calculation'!$J$4),0) -> 0 | L34: =-IF((DATEDIF($B$24,$B34,"M"))<'Fee Recovery Calculation'!$J$4,'Fee Recovery Calculation'!$P$4,0) -> 0 | M34: =I34+L34+M33+J34 -> 0 | P34: ='Fee Recovery Calculation'!$M$5*'Fee Recovery Calculation by MP'!$AP34 -> 0 | Q34: =-IFERROR(IF((DATEDIF($B$24,$B34,"M"))<'Fee Recovery Calculation'!$J$4,'Fee Recovery Calculation'!$N$5,0)/('Fee Recovery Calculation'!$J$5),0) -> 0 | R34: =-IF((DATEDIF($B$24,$B34,"M"))<'Fee Recovery Calculation'!$J$4,'Fee Recovery Calculation'!$P$5,0) -> 0 | S34: =O34+R34+S33+P34 -> -1.8189894e-11 | V34: ='Fee Recovery Calculation'!$M$6*'Fee Recovery Calculation by MP'!$AP34 -> 0 | W34: =-IFERROR(IF((DATEDIF($B$24,$B34,"M"))<'Fee Recovery Calculation'!$J$4,'Fee Recovery Calculation'!$N$6,0)/('Fee Recovery Calculation'!$J$6),0) -> 0 | X34: =-IF((DATEDIF($B$24,$B34,"M"))<'Fee Recovery Calculation'!$J$4,'Fee Recovery Calculation'!$P$6,0) -> 0 | Y34: =U34+X34+Y33+V34 -> 1.8189894e-12 | AB34: ='Fee Recovery Calculation'!$M$7*'Fee Recovery Calculation by MP'!$AP34 -> 0 | AC34: =-IFERROR(IF((DATEDIF($B$24,$B34,"M"))<'Fee Recovery Calculation'!$J$4,'Fee Recovery Calculation'!$N$7,0)/('Fee Recovery Calculation'!$J$7),0) -> 0 | AD34: =-IF((DATEDIF($B$24,$B34,"M"))<'Fee Recovery Calculation'!$J$4,'Fee Recovery Calculation'!$P$7,0) -> 0 | AE34: =AA34+AD34+AE33+AB34 -> 1.8189894e-12 | AH34: ='Fee Recovery Calculation'!$M$8*'Fee Recovery Calculation by MP'!$AP34 -> 0 | AI34: =-IFERROR(IF((DATEDIF($B$24,$B34,"M"))<'Fee Recovery Calculation'!$J$4,'Fee Recovery Calculation'!$N$8,0)/('Fee Recovery Calculation'!$J$8),0) -> 0 | AJ34: =-IF((DATEDIF($B$24,$B34,"M"))<'Fee Recovery Calculation'!$J$4,'Fee Recovery Calculation'!$P$8,0) -> 0 | AK34: =AG34+AJ34+AK33+AH34 -> 5.0931703e-11 | AN34: =-IF((DATEDIF($B$24,$B34,"M"))<'Fee Recovery Calculation'!$J$4,'Fee Recovery Calculation'!$K$13,0) -> 0 | AO34: =AM34+AO33+AN34 -> 0 | AP34: =IF(ROUND(AN34,0)=0,0,(AO33+SUM($AP$27:AP33))*'Fee Recovery Calculation'!$R$4/12) -> 0
B35: =EOMONTH(B34,0)+1 -> 46692 | D35: =J35+P35+V35+AB35+AH35 -> 0 | E35: =K35+Q35+W35+AC35+AI35 -> 0 | F35: =L35+R35+X35+AD35+AJ35 -> 0 | G35: =M35+S35+Y35+AE35+AK35 -> 3.6379788e-11 | J35: ='Fee Recovery Calculation'!$M$4*'Fee Recovery Calculation by MP'!$AP35 -> 0 | K35: =-IFERROR(IF((DATEDIF($B$24,$B35,"M"))<'Fee Recovery Calculation'!$J$4,'Fee Recovery Calculation'!$N$4,0)/('Fee Recovery Calculation'!$J$4),0) -> 0 | L35: =-IF((DATEDIF($B$24,$B35,"M"))<'Fee Recovery Calculation'!$J$4,'Fee Recovery Calculation'!$P$4,0) -> 0 | M35: =I35+L35+M34+J35 -> 0 | P35: ='Fee Recovery Calculation'!$M$5*'Fee Recovery Calculation by MP'!$AP35 -> 0 | Q35: =-IFERROR(IF((DATEDIF($B$24,$B35,"M"))<'Fee Recovery Calculation'!$J$4,'Fee Recovery Calculation'!$N$5,0)/('Fee Recovery Calculation'!$J$5),0) -> 0 | R35: =-IF((DATEDIF($B$24,$B35,"M"))<'Fee Recovery Calculation'!$J$4,'Fee Recovery Calculation'!$P$5,0) -> 0 | S35: =O35+R35+S34+P35 -> -1.8189894e-11 | V35: ='Fee Recovery Calculation'!$M$6*'Fee Recovery Calculation by MP'!$AP35 -> 0 | W35: =-IFERROR(IF((DATEDIF($B$24,$B35,"M"))<'Fee Recovery Calculation'!$J$4,'Fee Recovery Calculation'!$N$6,0)/('Fee Recovery Calculation'!$J$6),0) -> 0 | X35: =-IF((DATEDIF($B$24,$B35,"M"))<'Fee Recovery Calculation'!$J$4,'Fee Recovery Calculation'!$P$6,0) -> 0 | Y35: =U35+X35+Y34+V35 -> 1.8189894e-12 | AB35: ='Fee Recovery Calculation'!$M$7*'Fee Recovery Calculation by MP'!$AP35 -> 0 | AC35: =-IFERROR(IF((DATEDIF($B$24,$B35,"M"))<'Fee Recovery Calculation'!$J$4,'Fee Recovery Calculation'!$N$7,0)/('Fee Recovery Calculation'!$J$7),0) -> 0 | AD35: =-IF((DATEDIF($B$24,$B35,"M"))<'Fee Recovery Calculation'!$J$4,'Fee Recovery Calculation'!$P$7,0) -> 0 | AE35: =AA35+AD35+AE34+AB35 -> 1.8189894e-12 | AH35: ='Fee Recovery Calculation'!$M$8*'Fee Recovery Calculation by MP'!$AP35 -> 0 | AI35: =-IFERROR(IF((DATEDIF($B$24,$B35,"M"))<'Fee Recovery Calculation'!$J$4,'Fee Recovery Calculation'!$N$8,0)/('Fee Recovery Calculation'!$J$8),0) -> 0 | AJ35: =-IF((DATEDIF($B$24,$B35,"M"))<'Fee Recovery Calculation'!$J$4,'Fee Recovery Calculation'!$P$8,0) -> 0 | AK35: =AG35+AJ35+AK34+AH35 -> 5.0931703e-11 | AN35: =-IF((DATEDIF($B$24,$B35,"M"))<'Fee Recovery Calculation'!$J$4,'Fee Recovery Calculation'!$K$13,0) -> 0 | AO35: =AM35+AO34+AN35 -> 0 | AP35: =IF(ROUND(AN35,0)=0,0,(AO34+SUM($AP$27:AP34))*'Fee Recovery Calculation'!$R$4/12) -> 0
B36: =EOMONTH(B35,0)+1 -> 46722 | D36: =J36+P36+V36+AB36+AH36 -> 0 | E36: =K36+Q36+W36+AC36+AI36 -> 0 | F36: =L36+R36+X36+AD36+AJ36 -> 0 | G36: =M36+S36+Y36+AE36+AK36 -> 3.6379788e-11 | J36: ='Fee Recovery Calculation'!$J$4*'Fee Recovery Calculation by MP'!$AP36 -> 0 | K36: =-IFERROR(IF((DATEDIF($B$24,$B36,"M"))<'Fee Recovery Calculation'!$J$4,'Fee Recovery Calculation'!$N$4,0)/('Fee Recovery Calculation'!$J$4),0) -> 0 | L36: =-IF((DATEDIF($B$24,$B36,"M"))<'Fee Recovery Calculation'!$J$4,'Fee Recovery Calculation'!$P$4,0) -> 0 | M36: =I36+L36+M35+J36 -> 0 | P36: ='Fee Recovery Calculation'!$M$5*'Fee Recovery Calculation by MP'!$AP36 -> 0 | Q36: =-IFERROR(IF((DATEDIF($B$24,$B36,"M"))<'Fee Recovery Calculation'!$J$4,'Fee Recovery Calculation'!$N$5,0)/('Fee Recovery Calculation'!$J$5),0) -> 0 | R36: =-IF((DATEDIF($B$24,$B36,"M"))<'Fee Recovery Calculation'!$J$4,'Fee Recovery Calculation'!$P$5,0) -> 0 | S36: =O36+R36+S35+P36 -> -1.8189894e-11 | V36: ='Fee Recovery Calculation'!$M$6*'Fee Recovery Calculation by MP'!$AP36 -> 0 | W36: =-IFERROR(IF((DATEDIF($B$24,$B36,"M"))<'Fee Recovery Calculation'!$J$4,'Fee Recovery Calculation'!$N$6,0)/('Fee Recovery Calculation'!$J$6),0) -> 0 | X36: =-IF((DATEDIF($B$24,$B36,"M"))<'Fee Recovery Calculation'!$J$4,'Fee Recovery Calculation'!$P$6,0) -> 0 | Y36: =U36+X36+Y35+V36 -> 1.8189894e-12 | AB36: ='Fee Recovery Calculation'!$J$7*'Fee Recovery Calculation by MP'!$AP36 -> 0 | AC36: =-IFERROR(IF((DATEDIF($B$24,$B36,"M"))<'Fee Recovery Calculation'!$J$4,'Fee Recovery Calculation'!$N$7,0)/('Fee Recovery Calculation'!$J$7),0) -> 0 | AD36: =-IF((DATEDIF($B$24,$B36,"M"))<'Fee Recovery Calculation'!$J$4,'Fee Recovery Calculation'!$P$7,0) -> 0 | AE36: =AA36+AD36+AE35+AB36 -> 1.8189894e-12 | AH36: ='Fee Recovery Calculation'!$J$8*'Fee Recovery Calculation by MP'!$AP36 -> 0 | AI36: =-IFERROR(IF((DATEDIF($B$24,$B36,"M"))<'Fee Recovery Calculation'!$J$4,'Fee Recovery Calculation'!$N$8,0)/('Fee Recovery Calculation'!$J$8),0) -> 0 | AJ36: =-IF((DATEDIF($B$24,$B36,"M"))<'Fee Recovery Calculation'!$J$4,'Fee Recovery Calculation'!$P$8,0) -> 0 | AK36: =AG36+AJ36+AK35+AH36 -> 5.0931703e-11 | AN36: =-IF((DATEDIF($B$24,$B36,"M"))<'Fee Recovery Calculation'!$J$4,'Fee Recovery Calculation'!$K$13,0) -> 0 | AO36: =AM36+AO35+AN36 -> 0 | AP36: =IF(ROUND(AN36,0)=0,0,(AO35+SUM($AP$27:AP35))*'Fee Recovery Calculation'!$R$4/12) -> 0
B37: =EOMONTH(B36,0)+1 -> 46753 | D37: =J37+P37+V37+AB37+AH37 -> 0 | E37: =K37+Q37+W37+AC37+AI37 -> 0 | F37: =L37+R37+X37+AD37+AJ37 -> 0 | G37: =M37+S37+Y37+AE37+AK37 -> 3.6379788e-11 | J37: ='Fee Recovery Calculation'!$J$4*'Fee Recovery Calculation by MP'!$AP37 -> 0 | K37: =-IFERROR(IF((DATEDIF($B$24,$B37,"M"))<'Fee Recovery Calculation'!$J$4,'Fee Recovery Calculation'!$N$4,0)/('Fee Recovery Calculation'!$J$4),0) -> 0 | L37: =-IF((DATEDIF($B$24,$B37,"M"))<'Fee Recovery Calculation'!$J$4,'Fee Recovery Calculation'!$P$4,0) -> 0 | M37: =I37+L37+M36+J37 -> 0 | P37: ='Fee Recovery Calculation'!$M$5*'Fee Recovery Calculation by MP'!$AP37 -> 0 | Q37: =-IFERROR(IF((DATEDIF($B$24,$B37,"M"))<'Fee Recovery Calculation'!$J$4,'Fee Recovery Calculation'!$N$5,0)/('Fee Recovery Calculation'!$J$5),0) -> 0 | R37: =-IF((DATEDIF($B$24,$B37,"M"))<'Fee Recovery Calculation'!$J$4,'Fee Recovery Calculation'!$P$5,0) -> 0 | S37: =O37+R37+S36+P37 -> -1.8189894e-11 | V37: ='Fee Recovery Calculation'!$M$6*'Fee Recovery Calculation by MP'!$AP37 -> 0 | W37: =-IFERROR(IF((DATEDIF($B$24,$B37,"M"))<'Fee Recovery Calculation'!$J$4,'Fee Recovery Calculation'!$N$6,0)/('Fee Recovery Calculation'!$J$6),0) -> 0 | X37: =-IF((DATEDIF($B$24,$B37,"M"))<'Fee Recovery Calculation'!$J$4,'Fee Recovery Calculation'!$P$6,0) -> 0 | Y37: =U37+X37+Y36+V37 -> 1.8189894e-12 | AB37: ='Fee Recovery Calculation'!$J$7*'Fee Recovery Calculation by MP'!$AP37 -> 0 | AC37: =-IFERROR(IF((DATEDIF($B$24,$B37,"M"))<'Fee Recovery Calculation'!$J$4,'Fee Recovery Calculation'!$N$7,0)/('Fee Recovery Calculation'!$J$7),0) -> 0 | AD37: =-IF((DATEDIF($B$24,$B37,"M"))<'Fee Recovery Calculation'!$J$4,'Fee Recovery Calculation'!$P$7,0) -> 0 | AE37: =AA37+AD37+AE36+AB37 -> 1.8189894e-12 | AH37: ='Fee Recovery Calculation'!$J$8*'Fee Recovery Calculation by MP'!$AP37 -> 0 | AI37: =-IFERROR(IF((DATEDIF($B$24,$B37,"M"))<'Fee Recovery Calculation'!$J$4,'Fee Recovery Calculation'!$N$8,0)/('Fee Recovery Calculation'!$J$8),0) -> 0 | AJ37: =-IF((DATEDIF($B$24,$B37,"M"))<'Fee Recovery Calculation'!$J$4,'Fee Recovery Calculation'!$P$8,0) -> 0 | AK37: =AG37+AJ37+AK36+AH37 -> 5.0931703e-11 | AN37: =-IF((DATEDIF($B$24,$B37,"M"))<'Fee Recovery Calculation'!$J$4,'Fee Recovery Calculation'!$K$13,0) -> 0 | AO37: =AM37+AO36+AN37 -> 0 | AP37: =IF(ROUND(AN37,0)=0,0,(AO36+SUM($AP$27:AP36))*'Fee Recovery Calculation'!$R$4/12) -> 0
B38: =EOMONTH(B37,0)+1 -> 46784 | D38: =J38+P38+V38+AB38+AH38 -> 0 | E38: =K38+Q38+W38+AC38+AI38 -> 0 | F38: =L38+R38+X38+AD38+AJ38 -> 0 | G38: =M38+S38+Y38+AE38+AK38 -> 3.6379788e-11 | J38: ='Fee Recovery Calculation'!$J$4*'Fee Recovery Calculation by MP'!$AP38 -> 0 | K38: =-IFERROR(IF((DATEDIF($B$24,$B38,"M"))<'Fee Recovery Calculation'!$J$4,'Fee Recovery Calculation'!$N$4,0)/('Fee Recovery Calculation'!$J$4),0) -> 0 | L38: =-IF((DATEDIF($B$24,$B38,"M"))<'Fee Recovery Calculation'!$J$4,'Fee Recovery Calculation'!$P$4,0) -> 0 | M38: =I38+L38+M37+J38 -> 0 | P38: ='Fee Recovery Calculation'!$M$5*'Fee Recovery Calculation by MP'!$AP38 -> 0 | Q38: =-IFERROR(IF((DATEDIF($B$24,$B38,"M"))<'Fee Recovery Calculation'!$J$4,'Fee Recovery Calculation'!$N$5,0)/('Fee Recovery Calculation'!$J$5),0) -> 0 | R38: =-IF((DATEDIF($B$24,$B38,"M"))<'Fee Recovery Calculation'!$J$4,'Fee Recovery Calculation'!$P$5,0) -> 0 | S38: =O38+R38+S37+P38 -> -1.8189894e-11 | V38: ='Fee Recovery Calculation'!$M$6*'Fee Recovery Calculation by MP'!$AP38 -> 0 | W38: =-IFERROR(IF((DATEDIF($B$24,$B38,"M"))<'Fee Recovery Calculation'!$J$4,'Fee Recovery Calculation'!$N$6,0)/('Fee Recovery Calculation'!$J$6),0) -> 0 | X38: =-IF((DATEDIF($B$24,$B38,"M"))<'Fee Recovery Calculation'!$J$4,'Fee Recovery Calculation'!$P$6,0) -> 0 | Y38: =U38+X38+Y37+V38 -> 1.8189894e-12 | AB38: ='Fee Recovery Calculation'!$J$7*'Fee Recovery Calculation by MP'!$AP38 -> 0 | AC38: =-IFERROR(IF((DATEDIF($B$24,$B38,"M"))<'Fee Recovery Calculation'!$J$4,'Fee Recovery Calculation'!$N$7,0)/('Fee Recovery Calculation'!$J$7),0) -> 0 | AD38: =-IF((DATEDIF($B$24,$B38,"M"))<'Fee Recovery Calculation'!$J$4,'Fee Recovery Calculation'!$P$7,0) -> 0 | AE38: =AA38+AD38+AE37+AB38 -> 1.8189894e-12 | AH38: ='Fee Recovery Calculation'!$J$8*'Fee Recovery Calculation by MP'!$AP38 -> 0 | AI38: =-IFERROR(IF((DATEDIF($B$24,$B38,"M"))<'Fee Recovery Calculation'!$J$4,'Fee Recovery Calculation'!$N$8,0)/('Fee Recovery Calculation'!$J$8),0) -> 0 | AJ38: =-IF((DATEDIF($B$24,$B38,"M"))<'Fee Recovery Calculation'!$J$4,'Fee Recovery Calculation'!$P$8,0) -> 0 | AK38: =AG38+AJ38+AK37+AH38 -> 5.0931703e-11 | AN38: =-IF((DATEDIF($B$24,$B38,"M"))<'Fee Recovery Calculation'!$J$4,'Fee Recovery Calculation'!$K$13,0) -> 0 | AO38: =AM38+AO37+AN38 -> 0 | AP38: =IF(ROUND(AN38,0)=0,0,(AO37+SUM($AP$27:AP37))*'Fee Recovery Calculation'!$R$4/12) -> 0
B39: =EOMONTH(B38,0)+1 -> 46813 | D39: =J39+P39+V39+AB39+AH39 -> 0 | E39: =K39+Q39+W39+AC39+AI39 -> 0 | F39: =L39+R39+X39+AD39+AJ39 -> 0 | G39: =M39+S39+Y39+AE39+AK39 -> 3.6379788e-11 | J39: ='Fee Recovery Calculation'!$J$4*'Fee Recovery Calculation by MP'!$AP39 -> 0 | K39: =-IFERROR(IF((DATEDIF($B$24,$B39,"M"))<'Fee Recovery Calculation'!$J$4,'Fee Recovery Calculation'!$N$4,0)/('Fee Recovery Calculation'!$J$4),0) -> 0 | L39: =-IF((DATEDIF($B$24,$B39,"M"))<'Fee Recovery Calculation'!$J$4,'Fee Recovery Calculation'!$P$4,0) -> 0 | M39: =I39+L39+M38+J39 -> 0 | P39: ='Fee Recovery Calculation'!$M$5*'Fee Recovery Calculation by MP'!$AP39 -> 0 | Q39: =-IFERROR(IF((DATEDIF($B$24,$B39,"M"))<'Fee Recovery Calculation'!$J$4,'Fee Recovery Calculation'!$N$5,0)/('Fee Recovery Calculation'!$J$5),0) -> 0 | R39: =-IF((DATEDIF($B$24,$B39,"M"))<'Fee Recovery Calculation'!$J$4,'Fee Recovery Calculation'!$P$5,0) -> 0 | S39: =O39+R39+S38+P39 -> -1.8189894e-11 | V39: ='Fee Recovery Calculation'!$M$6*'Fee Recovery Calculation by MP'!$AP39 -> 0 | W39: =-IFERROR(IF((DATEDIF($B$24,$B39,"M"))<'Fee Recovery Calculation'!$J$4,'Fee Recovery Calculation'!$N$6,0)/('Fee Recovery Calculation'!$J$6),0) -> 0 | X39: =-IF((DATEDIF($B$24,$B39,"M"))<'Fee Recovery Calculation'!$J$4,'Fee Recovery Calculation'!$P$6,0) -> 0 | Y39: =U39+X39+Y38+V39 -> 1.8189894e-12 | AB39: ='Fee Recovery Calculation'!$J$7*'Fee Recovery Calculation by MP'!$AP39 -> 0 | AC39: =-IFERROR(IF((DATEDIF($B$24,$B39,"M"))<'Fee Recovery Calculation'!$J$4,'Fee Recovery Calculation'!$N$7,0)/('Fee Recovery Calculation'!$J$7),0) -> 0 | AD39: =-IF((DATEDIF($B$24,$B39,"M"))<'Fee Recovery Calculation'!$J$4,'Fee Recovery Calculation'!$P$7,0) -> 0 | AE39: =AA39+AD39+AE38+AB39 -> 1.8189894e-12 | AH39: ='Fee Recovery Calculation'!$J$8*'Fee Recovery Calculation by MP'!$AP39 -> 0 | AI39: =-IFERROR(IF((DATEDIF($B$24,$B39,"M"))<'Fee Recovery Calculation'!$J$4,'Fee Recovery Calculation'!$N$8,0)/('Fee Recovery Calculation'!$J$8),0) -> 0 | AJ39: =-IF((DATEDIF($B$24,$B39,"M"))<'Fee Recovery Calculation'!$J$4,'Fee Recovery Calculation'!$P$8,0) -> 0 | AK39: =AG39+AJ39+AK38+AH39 -> 5.0931703e-11 | AN39: =-IF((DATEDIF($B$24,$B39,"M"))<'Fee Recovery Calculation'!$J$4,'Fee Recovery Calculation'!$K$13,0) -> 0 | AO39: =AM39+AO38+AN39 -> 0 | AP39: =IF(ROUND(AN39,0)=0,0,(AO38+SUM($AP$27:AP38))*'Fee Recovery Calculation'!$R$4/12) -> 0
B41: Total | C41: =SUM(C4:C39) -> 20156945 | D41: =SUM(D4:D39) -> 0 | E41: =SUM(E4:E39) -> 0 | F41: =SUM(F4:F39) -> -20156945 | G41: =G39 -> 3.6379788e-11 | I41: =SUM(I3:I39) -> 19866000 | J41: =SUM(J3:J39) -> 0 | K41: =SUM(K3:K39) -> 0 | L41: =SUM(L4:L39) -> -19866000 | M41: =M39 -> 0 | O41: =SUM(O3:O39) -> 75138.623 | P41: =SUM(P3:P39) -> 0 | Q41: =SUM(Q3:Q39) -> 0 | R41: =SUM(R3:R39) -> -75138.623 | S41: =S39 -> -1.8189894e-11 | U41: =SUM(U3:U39) -> 17930.033 | V41: =SUM(V3:V39) -> 0 | W41: =SUM(W3:W39) -> 0 | X41: =SUM(X3:X39) -> -17930.033 | Y41: =Y39 -> 1.8189894e-12 | AA41: =SUM(AA3:AA39) -> 27529.253 | AB41: =SUM(AB3:AB39) -> 0 | AC41: =SUM(AC3:AC39) -> 0 | AD41: =SUM(AD3:AD39) -> -27529.253 | AE41: =AE39 -> 1.8189894e-12 | AG41: =SUM(AG3:AG39) -> 170347.36 | AH41: =SUM(AH3:AH39) -> 0 | AI41: =SUM(AI3:AI39) -> 0 | AJ41: =SUM(AJ3:AJ39) -> -170347.36 | AK41: =AK39 -> 5.0931703e-11 | AM41: =SUM(AM3:AM39) -> 20156945 | AN41: =SUM(AN3:AN39) -> -20156945 | AO41: =AO39 -> 0 | AP41: =SUM(AP27:AP39) -> 0

Sheet Fee Recovery by MP w True-Up 
Q1: =LEFT(Q2,FIND(" ",Q2)) -> Berwick | X1: =LEFT(X2,FIND(" ",X2)) -> Riverport | AE1: Mahone Bay | AL1: Antigonish
B2: Total IESO NS | J2: =Input!B12 -> NSPI | Q2: =Input!B13 -> Berwick Electric Commission | X2: =Input!B14 -> Riverport Electric Light Commission | AE2: =Input!B15 -> Town of Mahone Bay | AL2: =Input!B16 -> Town of Antigonish | AS2: Total Before Carrying Costs
B3: Month | C3: Revenue Requirement | D3: True-Up | E3: Carrying Costs | F3: Carrying Costs Recovered | G3: Revenue Requirement Recovered | H3: Outstanding Balance to be Recovered | J3: NSPI Fee | K3: True-Up | L3: Carrying Costs | M3: Carrying Costs Recovered | N3: Fee Recovered from NSPI | O3: NSPI Month End Balance | Q3: =Q1&" Fees" -> Berwick Fees | R3: True-Up | S3: Carrying Costs | T3: Carrying Costs Recovered | U3: ="Fees Recovered from "&Q1 -> Fees Recovered from Berwick | V3: =Q1&" Month End Balance" -> Berwick Month End Balance | X3: =X1&" Fees" -> Riverport Fees | Y3: True-Up | Z3: Carrying Costs | AA3: Carrying Costs Recovered | AB3: ="Fees Recovered from "&X1 -> Fees Recovered from Riverport | AC3: =X1&" Month End Balance" -> Riverport Month End Balance | AE3: =AE1&" Fees" -> Mahone Bay Fees | AF3: True-Up | AG3: Carrying Costs | AH3: Carrying Costs Recovered | AI3: ="Fees Recovered from "&AE1 -> Fees Recovered from Mahone Bay | AJ3: =AE1&" Month End Balance" -> Mahone Bay Month End Balance | AL3: =AL1&" Fees" -> Antigonish Fees | AM3: True-Up | AN3: Carrying Costs | AO3: Carrying Costs Recovered | AP3: ="Fees Recovered from "&AL1 -> Fees Recovered from Antigonish | AQ3: =AL1&" Month End Balance" -> Antigonish Month End Balance | AS3: =AS1&" Fees" -> Fees | AT3: True-Up | AU3: ="Fees Recovered from "&AS1 -> Fees Recovered from | AV3: =AS1&" Month End Balance" -> Month End Balance | AW3: Interest
B4: 45748 | C4: ='Initial Fee Calculation'!$K$16 -> 442235.33 | G4: =N4+U4+AB4+AI4+AP4 -> 0 | H4: =O4+V4+AC4+AJ4+AQ4 -> 442235.33 | J4: ='Initial Fee Calculation'!$K$6 -> 435899.8 | N4: 0 | O4: =J4+N4+M4 -> 435899.8 | Q4: ='Initial Fee Calculation'!$K$7 -> 1636.1959 | U4: 0 | V4: =Q4+U4+T4 -> 1636.1959 | X4: ='Initial Fee Calculation'!$K$8 -> 390.43897 | AB4: 0 | AC4: =X4+AB4+AA4 -> 390.43897 | AE4: ='Initial Fee Calculation'!$K$9 -> 599.46869 | AI4: 0 | AJ4: =AE4+AI4+AH4 -> 599.46869 | AL4: ='Initial Fee Calculation'!$K$10 -> 3709.4326 | AP4: 0 | AQ4: =AL4+AP4+AO4 -> 3709.4326 | AS4: ='Initial Fee Calculation'!$K$16 -> 442235.33 | AU4: 0 | AV4: =AS4+AT4+AU4 -> 442235.33
B5: =EOMONTH(B4,0)+1 -> 45778 | C5: ='Initial Fee Calculation'!$K$16 -> 442235.33 | G5: =N5+U5+AB5+AI5+AP5 -> 0 | H5: =O5+V5+AC5+AJ5+AQ5 -> 884470.67 | J5: ='Initial Fee Calculation'!$K$6 -> 435899.8 | N5: 0 | O5: =J5+N5+O4+M5 -> 871799.59 | Q5: ='Initial Fee Calculation'!$K$7 -> 1636.1959 | U5: 0 | V5: =Q5+U5+V4+T5 -> 3272.3919 | X5: ='Initial Fee Calculation'!$K$8 -> 390.43897 | AB5: 0 | AC5: =X5+AB5+AC4+AA5 -> 780.87795 | AE5: ='Initial Fee Calculation'!$K$9 -> 599.46869 | AI5: 0 | AJ5: =AE5+AI5+AJ4+AH5 -> 1198.9374 | AL5: ='Initial Fee Calculation'!$K$10 -> 3709.4326 | AP5: 0 | AQ5: =AL5+AP5+AQ4+AO5 -> 7418.8652 | AS5: ='Initial Fee Calculation'!$K$16 -> 442235.33 | AU5: 0 | AV5: =AS5+AT5+AU5+AV4 -> 884470.67
B6: =EOMONTH(B5,0)+1 -> 45809 | C6: ='Initial Fee Calculation'!$K$16 -> 442235.33 | G6: =N6+U6+AB6+AI6+AP6 -> 0 | H6: =O6+V6+AC6+AJ6+AQ6 -> 1326706 | J6: ='Initial Fee Calculation'!$K$6 -> 435899.8 | N6: 0 | O6: =J6+N6+O5+M6 -> 1307699.4 | Q6: ='Initial Fee Calculation'!$K$7 -> 1636.1959 | U6: 0 | V6: =Q6+U6+V5+T6 -> 4908.5878 | X6: ='Initial Fee Calculation'!$K$8 -> 390.43897 | AB6: 0 | AC6: =X6+AB6+AC5+AA6 -> 1171.3169 | AE6: ='Initial Fee Calculation'!$K$9 -> 599.46869 | AI6: 0 | AJ6: =AE6+AI6+AJ5+AH6 -> 1798.4061 | AL6: ='Initial Fee Calculation'!$K$10 -> 3709.4326 | AP6: 0 | AQ6: =AL6+AP6+AQ5+AO6 -> 11128.298 | AS6: ='Initial Fee Calculation'!$K$16 -> 442235.33 | AU6: 0 | AV6: =AS6+AT6+AU6+AV5 -> 1326706
B7: =EOMONTH(B6,0)+1 -> 45839 | C7: ='Initial Fee Calculation'!$K$16 -> 442235.33 | G7: =N7+U7+AB7+AI7+AP7 -> 0 | H7: =O7+V7+AC7+AJ7+AQ7 -> 1768941.3 | J7: ='Initial Fee Calculation'!$K$6 -> 435899.8 | N7: 0 | O7: =J7+N7+O6+M7 -> 1743599.2 | Q7: ='Initial Fee Calculation'!$K$7 -> 1636.1959 | U7: 0 | V7: =Q7+U7+V6+T7 -> 6544.7837 | X7: ='Initial Fee Calculation'!$K$8 -> 390.43897 | AB7: 0 | AC7: =X7+AB7+AC6+AA7 -> 1561.7559 | AE7: ='Initial Fee Calculation'!$K$9 -> 599.46869 | AI7: 0 | AJ7: =AE7+AI7+AJ6+AH7 -> 2397.8747 | AL7: ='Initial Fee Calculation'!$K$10 -> 3709.4326 | AP7: 0 | AQ7: =AL7+AP7+AQ6+AO7 -> 14837.73 | AS7: ='Initial Fee Calculation'!$K$16 -> 442235.33 | AU7: 0 | AV7: =AS7+AT7+AU7+AV6 -> 1768941.3
B8: =EOMONTH(B7,0)+1 -> 45870 | C8: ='Initial Fee Calculation'!$K$16 -> 442235.33 | G8: =N8+U8+AB8+AI8+AP8 -> 0 | H8: =O8+V8+AC8+AJ8+AQ8 -> 2211176.7 | J8: ='Initial Fee Calculation'!$K$6 -> 435899.8 | N8: 0 | O8: =J8+N8+O7+M8 -> 2179499 | Q8: ='Initial Fee Calculation'!$K$7 -> 1636.1959 | U8: 0 | V8: =Q8+U8+V7+T8 -> 8180.9797 | X8: ='Initial Fee Calculation'!$K$8 -> 390.43897 | AB8: 0 | AC8: =X8+AB8+AC7+AA8 -> 1952.1949 | AE8: ='Initial Fee Calculation'!$K$9 -> 599.46869 | AI8: 0 | AJ8: =AE8+AI8+AJ7+AH8 -> 2997.3434 | AL8: ='Initial Fee Calculation'!$K$10 -> 3709.4326 | AP8: 0 | AQ8: =AL8+AP8+AQ7+AO8 -> 18547.163 | AS8: ='Initial Fee Calculation'!$K$16 -> 442235.33 | AU8: 0 | AV8: =AS8+AT8+AU8+AV7 -> 2211176.7
B9: =EOMONTH(B8,0)+1 -> 45901 | C9: ='Initial Fee Calculation'!$K$16 -> 442235.33 | G9: =N9+U9+AB9+AI9+AP9 -> 0 | H9: =O9+V9+AC9+AJ9+AQ9 -> 2653412 | J9: ='Initial Fee Calculation'!$K$6 -> 435899.8 | N9: 0 | O9: =J9+N9+O8+M9 -> 2615398.8 | Q9: ='Initial Fee Calculation'!$K$7 -> 1636.1959 | U9: 0 | V9: =Q9+U9+V8+T9 -> 9817.1756 | X9: ='Initial Fee Calculation'!$K$8 -> 390.43897 | AB9: 0 | AC9: =X9+AB9+AC8+AA9 -> 2342.6338 | AE9: ='Initial Fee Calculation'!$K$9 -> 599.46869 | AI9: 0 | AJ9: =AE9+AI9+AJ8+AH9 -> 3596.8121 | AL9: ='Initial Fee Calculation'!$K$10 -> 3709.4326 | AP9: 0 | AQ9: =AL9+AP9+AQ8+AO9 -> 22256.595 | AS9: ='Initial Fee Calculation'!$K$16 -> 442235.33 | AU9: 0 | AV9: =AS9+AT9+AU9+AV8 -> 2653412
B10: =EOMONTH(B9,0)+1 -> 45931 | C10: ='Initial Fee Calculation'!$K$16 -> 442235.33 | G10: =N10+U10+AB10+AI10+AP10 -> 0 | H10: =O10+V10+AC10+AJ10+AQ10 -> 3095647.3 | J10: ='Initial Fee Calculation'!$K$6 -> 435899.8 | N10: 0 | O10: =J10+N10+O9+M10 -> 3051298.6 | Q10: ='Initial Fee Calculation'!$K$7 -> 1636.1959 | U10: 0 | V10: =Q10+U10+V9+T10 -> 11453.372 | X10: ='Initial Fee Calculation'!$K$8 -> 390.43897 | AB10: 0 | AC10: =X10+AB10+AC9+AA10 -> 2733.0728 | AE10: ='Initial Fee Calculation'!$K$9 -> 599.46869 | AI10: 0 | AJ10: =AE10+AI10+AJ9+AH10 -> 4196.2808 | AL10: ='Initial Fee Calculation'!$K$10 -> 3709.4326 | AP10: 0 | AQ10: =AL10+AP10+AQ9+AO10 -> 25966.028 | AS10: ='Initial Fee Calculation'!$K$16 -> 442235.33 | AU10: 0 | AV10: =AS10+AT10+AU10+AV9 -> 3095647.3
B11: =EOMONTH(B10,0)+1 -> 45962 | C11: ='Initial Fee Calculation'!$K$16 -> 442235.33 | G11: =N11+U11+AB11+AI11+AP11 -> 0 | H11: =O11+V11+AC11+AJ11+AQ11 -> 3537882.7 | J11: ='Initial Fee Calculation'!$K$6 -> 435899.8 | N11: 0 | O11: =J11+N11+O10+M11 -> 3487198.4 | Q11: ='Initial Fee Calculation'!$K$7 -> 1636.1959 | U11: 0 | V11: =Q11+U11+V10+T11 -> 13089.567 | X11: ='Initial Fee Calculation'!$K$8 -> 390.43897 | AB11: 0 | AC11: =X11+AB11+AC10+AA11 -> 3123.5118 | AE11: ='Initial Fee Calculation'!$K$9 -> 599.46869 | AI11: 0 | AJ11: =AE11+AI11+AJ10+AH11 -> 4795.7495 | AL11: ='Initial Fee Calculation'!$K$10 -> 3709.4326 | AP11: 0 | AQ11: =AL11+AP11+AQ10+AO11 -> 29675.461 | AS11: ='Initial Fee Calculation'!$K$16 -> 442235.33 | AU11: 0 | AV11: =AS11+AT11+AU11+AV10 -> 3537882.7
B12: =EOMONTH(B11,0)+1 -> 45992 | C12: ='Initial Fee Calculation'!$K$16 -> 442235.33 | G12: =N12+U12+AB12+AI12+AP12 -> 0 | H12: =O12+V12+AC12+AJ12+AQ12 -> 3980118 | J12: ='Initial Fee Calculation'!$K$6 -> 435899.8 | N12: 0 | O12: =J12+N12+O11+M12 -> 3923098.2 | Q12: ='Initial Fee Calculation'!$K$7 -> 1636.1959 | U12: 0 | V12: =Q12+U12+V11+T12 -> 14725.763 | X12: ='Initial Fee Calculation'!$K$8 -> 390.43897 | AB12: 0 | AC12: =X12+AB12+AC11+AA12 -> 3513.9508 | AE12: ='Initial Fee Calculation'!$K$9 -> 599.46869 | AI12: 0 | AJ12: =AE12+AI12+AJ11+AH12 -> 5395.2182 | AL12: ='Initial Fee Calculation'!$K$10 -> 3709.4326 | AP12: 0 | AQ12: =AL12+AP12+AQ11+AO12 -> 33384.893 | AS12: ='Initial Fee Calculation'!$K$16 -> 442235.33 | AU12: 0 | AV12: =AS12+AT12+AU12+AV11 -> 3980118
B13: =EOMONTH(B12,0)+1 -> 46023 | C13: ='Initial Fee Calculation'!$K$16 -> 442235.33 | G13: =N13+U13+AB13+AI13+AP13 -> 0 | H13: =O13+V13+AC13+AJ13+AQ13 -> 4422353.3 | J13: ='Initial Fee Calculation'!$K$6 -> 435899.8 | N13: 0 | O13: =J13+N13+O12+M13 -> 4358998 | Q13: ='Initial Fee Calculation'!$K$7 -> 1636.1959 | U13: 0 | V13: =Q13+U13+V12+T13 -> 16361.959 | X13: ='Initial Fee Calculation'!$K$8 -> 390.43897 | AB13: 0 | AC13: =X13+AB13+AC12+AA13 -> 3904.3897 | AE13: ='Initial Fee Calculation'!$K$9 -> 599.46869 | AI13: 0 | AJ13: =AE13+AI13+AJ12+AH13 -> 5994.6869 | AL13: ='Initial Fee Calculation'!$K$10 -> 3709.4326 | AP13: 0 | AQ13: =AL13+AP13+AQ12+AO13 -> 37094.326 | AS13: ='Initial Fee Calculation'!$K$16 -> 442235.33 | AU13: 0 | AV13: =AS13+AT13+AU13+AV12 -> 4422353.3
B14: =EOMONTH(B13,0)+1 -> 46054 | C14: ='Initial Fee Calculation'!$K$16 -> 442235.33 | G14: =N14+U14+AB14+AI14+AP14 -> -950000 | H14: =O14+V14+AC14+AJ14+AQ14 -> 3914588.7 | J14: ='Initial Fee Calculation'!$K$6 -> 435899.8 | N14: -950000 | O14: =J14+N14+O13+M14 -> 3844897.8 | Q14: ='Initial Fee Calculation'!$K$7 -> 1636.1959 | U14: 0 | V14: =Q14+U14+V13+T14 -> 17998.155 | X14: ='Initial Fee Calculation'!$K$8 -> 390.43897 | AB14: 0 | AC14: =X14+AB14+AC13+AA14 -> 4294.8287 | AE14: ='Initial Fee Calculation'!$K$9 -> 599.46869 | AI14: 0 | AJ14: =AE14+AI14+AJ13+AH14 -> 6594.1555 | AL14: ='Initial Fee Calculation'!$K$10 -> 3709.4326 | AP14: 0 | AQ14: =AL14+AP14+AQ13+AO14 -> 40803.758 | AS14: ='Initial Fee Calculation'!$K$16 -> 442235.33 | AU14: =-Input!$C$24 -> -950000 | AV14: =AS14+AT14+AU14+AV13 -> 3914588.7
B15: =EOMONTH(B14,0)+1 -> 46082 | C15: ='Initial Fee Calculation'!$K$16 -> 442235.33 | G15: =N15+U15+AB15+AI15+AP15 -> -950000 | H15: =O15+V15+AC15+AJ15+AQ15 -> 3406824 | J15: ='Initial Fee Calculation'!$K$6 -> 435899.8 | N15: -950000 | O15: =J15+N15+O14+M15 -> 3330797.6 | Q15: ='Initial Fee Calculation'!$K$7 -> 1636.1959 | U15: 0 | V15: =Q15+U15+V14+T15 -> 19634.351 | X15: ='Initial Fee Calculation'!$K$8 -> 390.43897 | AB15: 0 | AC15: =X15+AB15+AC14+AA15 -> 4685.2677 | AE15: ='Initial Fee Calculation'!$K$9 -> 599.46869 | AI15: 0 | AJ15: =AE15+AI15+AJ14+AH15 -> 7193.6242 | AL15: ='Initial Fee Calculation'!$K$10 -> 3709.4326 | AP15: 0 | AQ15: =AL15+AP15+AQ14+AO15 -> 44513.191 | AS15: ='Initial Fee Calculation'!$K$16 -> 442235.33 | AU15: =-Input!$C$24 -> -950000 | AV15: =AS15+AT15+AU15+AV14 -> 3406824
A16: 2026/27 Effective Month | B16: =EOMONTH(B15,0)+1 -> 46113 | C16: ='Initial Fee Calculation'!$L$16 -> 1237510.1 | G16: =N16+U16+AB16+AI16+AP16 -> -950000 | H16: =O16+V16+AC16+AJ16+AQ16 -> 3694334.1 | J16: ='Initial Fee Calculation'!$L$6 -> 1219600.2 | N16: -950000 | O16: =J16+N16+O15+M16 -> 3600397.7 | Q16: ='Initial Fee Calculation'!$L$7 -> 4625.356 | U16: 0 | V16: =Q16+U16+V15+T16 -> 24259.707 | X16: ='Initial Fee Calculation'!$L$8 -> 1103.7304 | AB16: 0 | AC16: =X16+AB16+AC15+AA16 -> 5788.9981 | AE16: ='Initial Fee Calculation'!$L$9 -> 1694.6357 | AI16: 0 | AJ16: =AE16+AI16+AJ15+AH16 -> 8888.2599 | AL16: ='Initial Fee Calculation'!$L$10 -> 10486.181 | AP16: 0 | AQ16: =AL16+AP16+AQ15+AO16 -> 54999.371 | AS16: ='Initial Fee Calculation'!$L$16 -> 1237510.1 | AU16: =-Input!$C$24 -> -950000 | AV16: =AS16+AT16+AU16+AV15 -> 3694334.1
B17: =EOMONTH(B16,0)+1 -> 46143 | C17: ='Initial Fee Calculation'!$L$16 -> 1237510.1 | G17: =N17+U17+AB17+AI17+AP17 -> -950000 | H17: =O17+V17+AC17+AJ17+AQ17 -> 3981844.2 | J17: ='Initial Fee Calculation'!$L$6 -> 1219600.2 | N17: -950000 | O17: =J17+N17+O16+M17 -> 3869997.9 | Q17: ='Initial Fee Calculation'!$L$7 -> 4625.356 | U17: 0 | V17: =Q17+U17+V16+T17 -> 28885.063 | X17: ='Initial Fee Calculation'!$L$8 -> 1103.7304 | AB17: 0 | AC17: =X17+AB17+AC16+AA17 -> 6892.7285 | AE17: ='Initial Fee Calculation'!$L$9 -> 1694.6357 | AI17: 0 | AJ17: =AE17+AI17+AJ16+AH17 -> 10582.896 | AL17: ='Initial Fee Calculation'!$L$10 -> 10486.181 | AP17: 0 | AQ17: =AL17+AP17+AQ16+AO17 -> 65485.552 | AS17: ='Initial Fee Calculation'!$L$16 -> 1237510.1 | AU17: =-Input!$C$24 -> -950000 | AV17: =AS17+AT17+AU17+AV16 -> 3981844.2
B18: =EOMONTH(B17,0)+1 -> 46174 | C18: ='Initial Fee Calculation'!$L$16 -> 1237510.1 | G18: =N18+U18+AB18+AI18+AP18 -> -950000 | H18: =O18+V18+AC18+AJ18+AQ18 -> 4269354.2 | J18: ='Initial Fee Calculation'!$L$6 -> 1219600.2 | N18: -950000 | O18: =J18+N18+O17+M18 -> 4139598.1 | Q18: ='Initial Fee Calculation'!$L$7 -> 4625.356 | U18: 0 | V18: =Q18+U18+V17+T18 -> 33510.419 | X18: ='Initial Fee Calculation'!$L$8 -> 1103.7304 | AB18: 0 | AC18: =X18+AB18+AC17+AA18 -> 7996.459 | AE18: ='Initial Fee Calculation'!$L$9 -> 1694.6357 | AI18: 0 | AJ18: =AE18+AI18+AJ17+AH18 -> 12277.531 | AL18: ='Initial Fee Calculation'!$L$10 -> 10486.181 | AP18: 0 | AQ18: =AL18+AP18+AQ17+AO18 -> 75971.733 | AS18: ='Initial Fee Calculation'!$L$16 -> 1237510.1 | AU18: =-Input!$C$24 -> -950000 | AV18: =AS18+AT18+AU18+AV17 -> 4269354.2
B19: =EOMONTH(B18,0)+1 -> 46204 | C19: ='Initial Fee Calculation'!$L$16 -> 1237510.1 | G19: =N19+U19+AB19+AI19+AP19 -> -950000 | H19: =O19+V19+AC19+AJ19+AQ19 -> 4556864.3 | J19: ='Initial Fee Calculation'!$L$6 -> 1219600.2 | N19: -950000 | O19: =J19+N19+O18+M19 -> 4409198.3 | Q19: ='Initial Fee Calculation'!$L$7 -> 4625.356 | U19: 0 | V19: =Q19+U19+V18+T19 -> 38135.775 | X19: ='Initial Fee Calculation'!$L$8 -> 1103.7304 | AB19: 0 | AC19: =X19+AB19+AC18+AA19 -> 9100.1894 | AE19: ='Initial Fee Calculation'!$L$9 -> 1694.6357 | AI19: 0 | AJ19: =AE19+AI19+AJ18+AH19 -> 13972.167 | AL19: ='Initial Fee Calculation'!$L$10 -> 10486.181 | AP19: 0 | AQ19: =AL19+AP19+AQ18+AO19 -> 86457.913 | AS19: ='Initial Fee Calculation'!$L$16 -> 1237510.1 | AU19: =-Input!$C$24 -> -950000 | AV19: =AS19+AT19+AU19+AV18 -> 4556864.3
B20: =EOMONTH(B19,0)+1 -> 46235 | C20: ='Initial Fee Calculation'!$L$16 -> 1237510.1 | G20: =N20+U20+AB20+AI20+AP20 -> -950000 | H20: =O20+V20+AC20+AJ20+AQ20 -> 4844374.4 | J20: ='Initial Fee Calculation'!$L$6 -> 1219600.2 | N20: -950000 | O20: =J20+N20+O19+M20 -> 4678798.5 | Q20: ='Initial Fee Calculation'!$L$7 -> 4625.356 | U20: 0 | V20: =Q20+U20+V19+T20 -> 42761.131 | X20: ='Initial Fee Calculation'!$L$8 -> 1103.7304 | AB20: 0 | AC20: =X20+AB20+AC19+AA20 -> 10203.92 | AE20: ='Initial Fee Calculation'!$L$9 -> 1694.6357 | AI20: 0 | AJ20: =AE20+AI20+AJ19+AH20 -> 15666.803 | AL20: ='Initial Fee Calculation'!$L$10 -> 10486.181 | AP20: 0 | AQ20: =AL20+AP20+AQ19+AO20 -> 96944.094 | AS20: ='Initial Fee Calculation'!$L$16 -> 1237510.1 | AU20: =-Input!$C$24 -> -950000 | AV20: =AS20+AT20+AU20+AV19 -> 4844374.4
B21: =EOMONTH(B20,0)+1 -> 46266 | C21: ='Initial Fee Calculation'!$L$16 -> 1237510.1 | G21: =N21+U21+AB21+AI21+AP21 -> -950000 | H21: =O21+V21+AC21+AJ21+AQ21 -> 5131884.5 | J21: ='Initial Fee Calculation'!$L$6 -> 1219600.2 | N21: -950000 | O21: =J21+N21+O20+M21 -> 4948398.6 | Q21: ='Initial Fee Calculation'!$L$7 -> 4625.356 | U21: 0 | V21: =Q21+U21+V20+T21 -> 47386.487 | X21: ='Initial Fee Calculation'!$L$8 -> 1103.7304 | AB21: 0 | AC21: =X21+AB21+AC20+AA21 -> 11307.65 | AE21: ='Initial Fee Calculation'!$L$9 -> 1694.6357 | AI21: 0 | AJ21: =AE21+AI21+AJ20+AH21 -> 17361.438 | AL21: ='Initial Fee Calculation'!$L$10 -> 10486.181 | AP21: 0 | AQ21: =AL21+AP21+AQ20+AO21 -> 107430.27 | AS21: ='Initial Fee Calculation'!$L$16 -> 1237510.1 | AU21: =-Input!$C$24 -> -950000 | AV21: =AS21+AT21+AU21+AV20 -> 5131884.5
B22: =EOMONTH(B21,0)+1 -> 46296 | C22: ='Initial Fee Calculation'!$L$16 -> 1237510.1 | G22: =N22+U22+AB22+AI22+AP22 -> -950000 | H22: =O22+V22+AC22+AJ22+AQ22 -> 5419394.6 | J22: ='Initial Fee Calculation'!$L$6 -> 1219600.2 | N22: -950000 | O22: =J22+N22+O21+M22 -> 5217998.8 | Q22: ='Initial Fee Calculation'!$L$7 -> 4625.356 | U22: 0 | V22: =Q22+U22+V21+T22 -> 52011.843 | X22: ='Initial Fee Calculation'!$L$8 -> 1103.7304 | AB22: 0 | AC22: =X22+AB22+AC21+AA22 -> 12411.381 | AE22: ='Initial Fee Calculation'!$L$9 -> 1694.6357 | AI22: 0 | AJ22: =AE22+AI22+AJ21+AH22 -> 19056.074 | AL22: ='Initial Fee Calculation'!$L$10 -> 10486.181 | AP22: 0 | AQ22: =AL22+AP22+AQ21+AO22 -> 117916.46 | AS22: ='Initial Fee Calculation'!$L$16 -> 1237510.1 | AU22: =-Input!$C$24 -> -950000 | AV22: =AS22+AT22+AU22+AV21 -> 5419394.6
B23: =EOMONTH(B22,0)+1 -> 46327 | C23: ='Initial Fee Calculation'!$L$16 -> 1237510.1 | G23: =N23+U23+AB23+AI23+AP23 -> -950000 | H23: =O23+V23+AC23+AJ23+AQ23 -> 5706904.7 | J23: ='Initial Fee Calculation'!$L$6 -> 1219600.2 | N23: -950000 | O23: =J23+N23+O22+M23 -> 5487599 | Q23: ='Initial Fee Calculation'!$L$7 -> 4625.356 | U23: 0 | V23: =Q23+U23+V22+T23 -> 56637.199 | X23: ='Initial Fee Calculation'!$L$8 -> 1103.7304 | AB23: 0 | AC23: =X23+AB23+AC22+AA23 -> 13515.111 | AE23: ='Initial Fee Calculation'!$L$9 -> 1694.6357 | AI23: 0 | AJ23: =AE23+AI23+AJ22+AH23 -> 20750.71 | AL23: ='Initial Fee Calculation'!$L$10 -> 10486.181 | AP23: 0 | AQ23: =AL23+AP23+AQ22+AO23 -> 128402.64 | AS23: ='Initial Fee Calculation'!$L$16 -> 1237510.1 | AU23: =-Input!$C$24 -> -950000 | AV23: =AS23+AT23+AU23+AV22 -> 5706904.7
A24: Implementation Month | B24: =EOMONTH(B23,0)+1 -> 46357 | C24: ='Initial Fee Calculation'!$L$16 -> 1237510.1 | D24: =K24+R24+Y24+AF24+AM24 -> -78460.25 | F24: =M24+T24+AA24+AH24+AO24 -> 0 | G24: =N24+U24+AB24+AI24+AP24 -> -2585776 | H24: =O24+V24+AC24+AJ24+AQ24 -> 4280178.5 | J24: ='Initial Fee Calculation'!$L$6 -> 1219600.2 | K24: =IF((DATEDIF($B$24,$B24,"M"))<'Fee Recovery Calculation'!$J$4,'Fee Recovery Calculation'!$K$18,0)/4 -> -77336.216 | M24: =-IFERROR(IF((DATEDIF($B$24,$B24,"M"))<'Fee Recovery Calculation'!$J$4,'Fee Recovery Calculation'!$R$18,0)/('Fee Recovery Calculation'!$J$4),0) -> 0 | N24: =-IF((DATEDIF($B$24,$B24,"M"))<'Fee Recovery Calculation'!$J$4,'Fee Recovery Calculation'!$T$18,0) -> -2514163.7 | O24: =J24+K24+N24+O23+L24 -> 4115699.3 | Q24: ='Initial Fee Calculation'!$L$7 -> 4625.356 | R24: =IF((DATEDIF($B$24,$B24,"M"))<'Fee Recovery Calculation'!$J$4,'Fee Recovery Calculation'!$K$19,0)/4 -> -290.28965 | T24: =-IFERROR(IF((DATEDIF($B$24,$B24,"M"))<'Fee Recovery Calculation'!$J$4,'Fee Recovery Calculation'!$R$19,0)/('Fee Recovery Calculation'!$J$4),0) -> 0 | U24: =-IF((DATEDIF($B$24,$B24,"M"))<'Fee Recovery Calculation'!$J$4,'Fee Recovery Calculation'!$T$19,0) -> -18494.366 | V24: =Q24+R24+U24+V23+S24 -> 42477.899 | X24: ='Initial Fee Calculation'!$L$8 -> 1103.7304 | Y24: =IF((DATEDIF($B$24,$B24,"M"))<'Fee Recovery Calculation'!$J$4,'Fee Recovery Calculation'!$K$20,0)/4 -> -69.270674 | AA24: =-IFERROR(IF((DATEDIF($B$24,$B24,"M"))<'Fee Recovery Calculation'!$J$4,'Fee Recovery Calculation'!$R$20,0)/('Fee Recovery Calculation'!$J$4),0) -> 0 | AB24: =-IF((DATEDIF($B$24,$B24,"M"))<'Fee Recovery Calculation'!$J$4,'Fee Recovery Calculation'!$T$20,0) -> -4413.2375 | AC24: =X24+Y24+AB24+AC23+Z24 -> 10136.333 | AE24: ='Initial Fee Calculation'!$L$9 -> 1694.6357 | AF24: =IF((DATEDIF($B$24,$B24,"M"))<'Fee Recovery Calculation'!$J$4,'Fee Recovery Calculation'!$K$21,0)/4 -> -106.35619 | AH24: =-IFERROR(IF((DATEDIF($B$24,$B24,"M"))<'Fee Recovery Calculation'!$J$4,'Fee Recovery Calculation'!$R$21,0)/('Fee Recovery Calculation'!$J$4),0) -> 0 | AI24: =-IF((DATEDIF($B$24,$B24,"M"))<'Fee Recovery Calculation'!$J$4,'Fee Recovery Calculation'!$T$21,0) -> -6775.957 | AJ24: =AE24+AF24+AI24+AJ23+AG24 -> 15563.032 | AL24: ='Initial Fee Calculation'!$L$10 -> 10486.181 | AM24: =IF((DATEDIF($B$24,$B24,"M"))<'Fee Recovery Calculation'!$J$4,'Fee Recovery Calculation'!$K$22,0)/4 -> -658.11794 | AO24: =-IFERROR(IF((DATEDIF($B$24,$B24,"M"))<'Fee Recovery Calculation'!$J$4,'Fee Recovery Calculation'!$R$22,0)/('Fee Recovery Calculation'!$J$4),0) -> 0 | AP24: =-IF((DATEDIF($B$24,$B24,"M"))<'Fee Recovery Calculation'!$J$4,'Fee Recovery Calculation'!$T$22,0) -> -41928.722 | AQ24: =AL24+AM24+AP24+AQ23+AN24 -> 96301.977 | AS24: ='Initial Fee Calculation'!$L$16 -> 1237510.1 | AT24: ='Fee Recovery Calculation'!$K$27/4 -> -78460.25 | AU24: =-IF((DATEDIF($B$24,$B24,"M"))<'Fee Recovery Calculation'!$J$4,'Fee Recovery Calculation'!$O$27,0) -> -2585776 | AV24: =AS24+AT24+AU24+AV23 -> 4280178.5
B25: =EOMONTH(B24,0)+1 -> 46388 | C25: ='Initial Fee Calculation'!$L$16 -> 1237510.1 | D25: =K25+R25+Y25+AF25+AM25 -> -78460.25 | F25: =M25+T25+AA25+AH25+AO25 -> 0 | G25: =N25+U25+AB25+AI25+AP25 -> -2585776 | H25: =O25+V25+AC25+AJ25+AQ25 -> 2853452.3 | J25: ='Initial Fee Calculation'!$L$6 -> 1219600.2 | K25: =IF((DATEDIF($B$24,$B25,"M"))<'Fee Recovery Calculation'!$J$4,'Fee Recovery Calculation'!$K$18,0)/4 -> -77336.216 | M25: =-IFERROR(IF((DATEDIF($B$24,$B25,"M"))<'Fee Recovery Calculation'!$J$4,'Fee Recovery Calculation'!$R$18,0)/('Fee Recovery Calculation'!$J$4),0) -> 0 | N25: =-IF((DATEDIF($B$24,$B25,"M"))<'Fee Recovery Calculation'!$J$4,'Fee Recovery Calculation'!$T$18,0) -> -2514163.7 | O25: =J25+K25+N25+O24+L25 -> 2743799.5 | Q25: ='Initial Fee Calculation'!$L$7 -> 4625.356 | R25: =IF((DATEDIF($B$24,$B25,"M"))<'Fee Recovery Calculation'!$J$4,'Fee Recovery Calculation'!$K$19,0)/4 -> -290.28965 | T25: =-IFERROR(IF((DATEDIF($B$24,$B25,"M"))<'Fee Recovery Calculation'!$J$4,'Fee Recovery Calculation'!$R$19,0)/('Fee Recovery Calculation'!$J$4),0) -> 0 | U25: =-IF((DATEDIF($B$24,$B25,"M"))<'Fee Recovery Calculation'!$J$4,'Fee Recovery Calculation'!$T$19,0) -> -18494.366 | V25: =Q25+R25+U25+V24+S25 -> 28318.599 | X25: ='Initial Fee Calculation'!$L$8 -> 1103.7304 | Y25: =IF((DATEDIF($B$24,$B25,"M"))<'Fee Recovery Calculation'!$J$4,'Fee Recovery Calculation'!$K$20,0)/4 -> -69.270674 | AA25: =-IFERROR(IF((DATEDIF($B$24,$B25,"M"))<'Fee Recovery Calculation'!$J$4,'Fee Recovery Calculation'!$R$20,0)/('Fee Recovery Calculation'!$J$4),0) -> 0 | AB25: =-IF((DATEDIF($B$24,$B25,"M"))<'Fee Recovery Calculation'!$J$4,'Fee Recovery Calculation'!$T$20,0) -> -4413.2375 | AC25: =X25+Y25+AB25+AC24+Z25 -> 6757.5555 | AE25: ='Initial Fee Calculation'!$L$9 -> 1694.6357 | AF25: =IF((DATEDIF($B$24,$B25,"M"))<'Fee Recovery Calculation'!$J$4,'Fee Recovery Calculation'!$K$21,0)/4 -> -106.35619 | AH25: =-IFERROR(IF((DATEDIF($B$24,$B25,"M"))<'Fee Recovery Calculation'!$J$4,'Fee Recovery Calculation'!$R$21,0)/('Fee Recovery Calculation'!$J$4),0) -> 0 | AI25: =-IF((DATEDIF($B$24,$B25,"M"))<'Fee Recovery Calculation'!$J$4,'Fee Recovery Calculation'!$T$21,0) -> -6775.957 | AJ25: =AE25+AF25+AI25+AJ24+AG25 -> 10375.355 | AL25: ='Initial Fee Calculation'!$L$10 -> 10486.181 | AM25: =IF((DATEDIF($B$24,$B25,"M"))<'Fee Recovery Calculation'!$J$4,'Fee Recovery Calculation'!$K$22,0)/4 -> -658.11794 | AO25: =-IFERROR(IF((DATEDIF($B$24,$B25,"M"))<'Fee Recovery Calculation'!$J$4,'Fee Recovery Calculation'!$R$22,0)/('Fee Recovery Calculation'!$J$4),0) -> 0 | AP25: =-IF((DATEDIF($B$24,$B25,"M"))<'Fee Recovery Calculation'!$J$4,'Fee Recovery Calculation'!$T$22,0) -> -41928.722 | AQ25: =AL25+AM25+AP25+AQ24+AN25 -> 64201.318 | AS25: ='Initial Fee Calculation'!$L$16 -> 1237510.1 | AT25: ='Fee Recovery Calculation'!$K$27/4 -> -78460.25 | AU25: =-IF((DATEDIF($B$24,$B25,"M"))<'Fee Recovery Calculation'!$J$4,'Fee Recovery Calculation'!$O$27,0) -> -2585776 | AV25: =AS25+AT25+AU25+AV24 -> 2853452.3
B26: =EOMONTH(B25,0)+1 -> 46419 | C26: ='Initial Fee Calculation'!$L$16 -> 1237510.1 | D26: =K26+R26+Y26+AF26+AM26 -> -78460.25 | F26: =M26+T26+AA26+AH26+AO26 -> 0 | G26: =N26+U26+AB26+AI26+AP26 -> -2585776 | H26: =O26+V26+AC26+AJ26+AQ26 -> 1426726.2 | J26: ='Initial Fee Calculation'!$L$6 -> 1219600.2 | K26: =IF((DATEDIF($B$24,$B26,"M"))<'Fee Recovery Calculation'!$J$4,'Fee Recovery Calculation'!$K$18,0)/4 -> -77336.216 | M26: =-IFERROR(IF((DATEDIF($B$24,$B26,"M"))<'Fee Recovery Calculation'!$J$4,'Fee Recovery Calculation'!$R$18,0)/('Fee Recovery Calculation'!$J$4),0) -> 0 | N26: =-IF((DATEDIF($B$24,$B26,"M"))<'Fee Recovery Calculation'!$J$4,'Fee Recovery Calculation'!$T$18,0) -> -2514163.7 | O26: =J26+K26+N26+O25+L26 -> 1371899.8 | Q26: ='Initial Fee Calculation'!$L$7 -> 4625.356 | R26: =IF((DATEDIF($B$24,$B26,"M"))<'Fee Recovery Calculation'!$J$4,'Fee Recovery Calculation'!$K$19,0)/4 -> -290.28965 | T26: =-IFERROR(IF((DATEDIF($B$24,$B26,"M"))<'Fee Recovery Calculation'!$J$4,'Fee Recovery Calculation'!$R$19,0)/('Fee Recovery Calculation'!$J$4),0) -> 0 | U26: =-IF((DATEDIF($B$24,$B26,"M"))<'Fee Recovery Calculation'!$J$4,'Fee Recovery Calculation'!$T$19,0) -> -18494.366 | V26: =Q26+R26+U26+V25+S26 -> 14159.3 | X26: ='Initial Fee Calculation'!$L$8 -> 1103.7304 | Y26: =IF((DATEDIF($B$24,$B26,"M"))<'Fee Recovery Calculation'!$J$4,'Fee Recovery Calculation'!$K$20,0)/4 -> -69.270674 | AA26: =-IFERROR(IF((DATEDIF($B$24,$B26,"M"))<'Fee Recovery Calculation'!$J$4,'Fee Recovery Calculation'!$R$20,0)/('Fee Recovery Calculation'!$J$4),0) -> 0 | AB26: =-IF((DATEDIF($B$24,$B26,"M"))<'Fee Recovery Calculation'!$J$4,'Fee Recovery Calculation'!$T$20,0) -> -4413.2375 | AC26: =X26+Y26+AB26+AC25+Z26 -> 3378.7778 | AE26: ='Initial Fee Calculation'!$L$9 -> 1694.6357 | AF26: =IF((DATEDIF($B$24,$B26,"M"))<'Fee Recovery Calculation'!$J$4,'Fee Recovery Calculation'!$K$21,0)/4 -> -106.35619 | AH26: =-IFERROR(IF((DATEDIF($B$24,$B26,"M"))<'Fee Recovery Calculation'!$J$4,'Fee Recovery Calculation'!$R$21,0)/('Fee Recovery Calculation'!$J$4),0) -> 0 | AI26: =-IF((DATEDIF($B$24,$B26,"M"))<'Fee Recovery Calculation'!$J$4,'Fee Recovery Calculation'!$T$21,0) -> -6775.957 | AJ26: =AE26+AF26+AI26+AJ25+AG26 -> 5187.6775 | AL26: ='Initial Fee Calculation'!$L$10 -> 10486.181 | AM26: =IF((DATEDIF($B$24,$B26,"M"))<'Fee Recovery Calculation'!$J$4,'Fee Recovery Calculation'!$K$22,0)/4 -> -658.11794 | AO26: =-IFERROR(IF((DATEDIF($B$24,$B26,"M"))<'Fee Recovery Calculation'!$J$4,'Fee Recovery Calculation'!$R$22,0)/('Fee Recovery Calculation'!$J$4),0) -> 0 | AP26: =-IF((DATEDIF($B$24,$B26,"M"))<'Fee Recovery Calculation'!$J$4,'Fee Recovery Calculation'!$T$22,0) -> -41928.722 | AQ26: =AL26+AM26+AP26+AQ25+AN26 -> 32100.659 | AS26: ='Initial Fee Calculation'!$L$16 -> 1237510.1 | AT26: ='Fee Recovery Calculation'!$K$27/4 -> -78460.25 | AU26: =-IF((DATEDIF($B$24,$B26,"M"))<'Fee Recovery Calculation'!$J$4,'Fee Recovery Calculation'!$O$27,0) -> -2585776 | AV26: =AS26+AT26+AU26+AV25 -> 1426726.2
A27: Unrecovered Revenue collection End Month | B27: =EOMONTH(B26,0)+1 -> 46447 | C27: ='Initial Fee Calculation'!$L$16 -> 1237510.1 | D27: =K27+R27+Y27+AF27+AM27 -> -78460.25 | F27: =M27+T27+AA27+AH27+AO27 -> 0 | G27: =N27+U27+AB27+AI27+AP27 -> -2585776 | H27: =O27+V27+AC27+AJ27+AQ27 -> -1.36788e-09 | J27: ='Initial Fee Calculation'!$L$6 -> 1219600.2 | K27: =IF((DATEDIF($B$24,$B27,"M"))<'Fee Recovery Calculation'!$J$4,'Fee Recovery Calculation'!$K$18,0)/4 -> -77336.216 | M27: =-IFERROR(IF((DATEDIF($B$24,$B27,"M"))<'Fee Recovery Calculation'!$J$4,'Fee Recovery Calculation'!$R$18,0)/('Fee Recovery Calculation'!$J$4),0) -> 0 | N27: =-IF((DATEDIF($B$24,$B27,"M"))<'Fee Recovery Calculation'!$J$4,'Fee Recovery Calculation'!$T$18,0) -> -2514163.7 | O27: =J27+K27+N27+O26+L27 -> -1.3969839e-09 | Q27: ='Initial Fee Calculation'!$L$7 -> 4625.356 | R27: =IF((DATEDIF($B$24,$B27,"M"))<'Fee Recovery Calculation'!$J$4,'Fee Recovery Calculation'!$K$19,0)/4 -> -290.28965 | S27: ='Fee Recovery Calculation'!$M$5*'Fee Recovery by MP w True-Up '!$AW27 -> 0 | T27: =-IFERROR(IF((DATEDIF($B$24,$B27,"M"))<'Fee Recovery Calculation'!$J$4,'Fee Recovery Calculation'!$R$19,0)/('Fee Recovery Calculation'!$J$4),0) -> 0 | U27: =-IF((DATEDIF($B$24,$B27,"M"))<'Fee Recovery Calculation'!$J$4,'Fee Recovery Calculation'!$T$19,0) -> -18494.366 | V27: =Q27+R27+U27+V26+S27 -> -2.5465852e-11 | X27: ='Initial Fee Calculation'!$L$8 -> 1103.7304 | Y27: =IF((DATEDIF($B$24,$B27,"M"))<'Fee Recovery Calculation'!$J$4,'Fee Recovery Calculation'!$K$20,0)/4 -> -69.270674 | AA27: =-IFERROR(IF((DATEDIF($B$24,$B27,"M"))<'Fee Recovery Calculation'!$J$4,'Fee Recovery Calculation'!$R$20,0)/('Fee Recovery Calculation'!$J$4),0) -> 0 | AB27: =-IF((DATEDIF($B$24,$B27,"M"))<'Fee Recovery Calculation'!$J$4,'Fee Recovery Calculation'!$T$20,0) -> -4413.2375 | AC27: =X27+Y27+AB27+AC26+Z27 -> 1.8189894e-12 | AE27: ='Initial Fee Calculation'!$L$9 -> 1694.6357 | AF27: =IF((DATEDIF($B$24,$B27,"M"))<'Fee Recovery Calculation'!$J$4,'Fee Recovery Calculation'!$K$21,0)/4 -> -106.35619 | AH27: =-IFERROR(IF((DATEDIF($B$24,$B27,"M"))<'Fee Recovery Calculation'!$J$4,'Fee Recovery Calculation'!$R$21,0)/('Fee Recovery Calculation'!$J$4),0) -> 0 | AI27: =-IF((DATEDIF($B$24,$B27,"M"))<'Fee Recovery Calculation'!$J$4,'Fee Recovery Calculation'!$T$21,0) -> -6775.957 | AJ27: =AE27+AF27+AI27+AJ26+AG27 -> 1.8189894e-12 | AL27: ='Initial Fee Calculation'!$L$10 -> 10486.181 | AM27: =IF((DATEDIF($B$24,$B27,"M"))<'Fee Recovery Calculation'!$J$4,'Fee Recovery Calculation'!$K$22,0)/4 -> -658.11794 | AO27: =-IFERROR(IF((DATEDIF($B$24,$B27,"M"))<'Fee Recovery Calculation'!$J$4,'Fee Recovery Calculation'!$R$22,0)/('Fee Recovery Calculation'!$J$4),0) -> 0 | AP27: =-IF((DATEDIF($B$24,$B27,"M"))<'Fee Recovery Calculation'!$J$4,'Fee Recovery Calculation'!$T$22,0) -> -41928.722 | AQ27: =AL27+AM27+AP27+AQ26+AN27 -> 5.0931703e-11 | AS27: ='Initial Fee Calculation'!$L$16 -> 1237510.1 | AT27: ='Fee Recovery Calculation'!$K$27/4 -> -78460.25 | AU27: =-IF((DATEDIF($B$24,$B27,"M"))<'Fee Recovery Calculation'!$J$4,'Fee Recovery Calculation'!$O$27,0) -> -2585776 | AV27: =AS27+AT27+AU27+AV26 -> -2.3283064e-09
B28: =EOMONTH(B27,0)+1 -> 46478 | E28: =L28+S28+Z28+AG28+AN28 -> 0 | F28: =M28+T28+AA28+AH28+AO28 -> 0 | G28: =N28+U28+AB28+AI28+AP28 -> 0 | H28: =O28+V28+AC28+AJ28+AQ28 -> -1.36788e-09 | L28: ='Fee Recovery Calculation'!$Q$18*'Fee Recovery by MP w True-Up '!$AW28 -> 0 | M28: =-IFERROR(IF((DATEDIF($B$24,$B28,"M"))<'Fee Recovery Calculation'!$J$4,'Fee Recovery Calculation'!$R$18,0)/('Fee Recovery Calculation'!$J$4),0) -> 0 | N28: =-IF((DATEDIF($B$24,$B28,"M"))<'Fee Recovery Calculation'!$J$4,'Fee Recovery Calculation'!$T$18,0) -> 0 | O28: =J28+K28+N28+O27+L28 -> -1.3969839e-09 | S28: ='Fee Recovery Calculation'!$Q$19*'Fee Recovery by MP w True-Up '!$AW28 -> 0 | T28: =-IFERROR(IF((DATEDIF($B$24,$B28,"M"))<'Fee Recovery Calculation'!$J$4,'Fee Recovery Calculation'!$R$19,0)/('Fee Recovery Calculation'!$J$4),0) -> 0 | U28: =-IF((DATEDIF($B$24,$B28,"M"))<'Fee Recovery Calculation'!$J$4,'Fee Recovery Calculation'!$T$19,0) -> 0 | V28: =Q28+R28+U28+V27+S28 -> -2.5465852e-11 | Z28: ='Fee Recovery Calculation'!$Q$20*'Fee Recovery by MP w True-Up '!$AW28 -> 0 | AA28: =-IFERROR(IF((DATEDIF($B$24,$B28,"M"))<'Fee Recovery Calculation'!$J$4,'Fee Recovery Calculation'!$R$20,0)/('Fee Recovery Calculation'!$J$4),0) -> 0 | AB28: =-IF((DATEDIF($B$24,$B28,"M"))<'Fee Recovery Calculation'!$J$4,'Fee Recovery Calculation'!$T$20,0) -> 0 | AC28: =X28+Y28+AB28+AC27+Z28 -> 1.8189894e-12 | AG28: ='Fee Recovery Calculation'!$Q$21*'Fee Recovery by MP w True-Up '!$AW28 -> 0 | AH28: =-IFERROR(IF((DATEDIF($B$24,$B28,"M"))<'Fee Recovery Calculation'!$J$4,'Fee Recovery Calculation'!$R$21,0)/('Fee Recovery Calculation'!$J$4),0) -> 0 | AI28: =-IF((DATEDIF($B$24,$B28,"M"))<'Fee Recovery Calculation'!$J$4,'Fee Recovery Calculation'!$T$21,0) -> 0 | AJ28: =AE28+AF28+AI28+AJ27+AG28 -> 1.8189894e-12 | AN28: ='Fee Recovery Calculation'!$Q$22*'Fee Recovery by MP w True-Up '!$AW28 -> 0 | AO28: =-IFERROR(IF((DATEDIF($B$24,$B28,"M"))<'Fee Recovery Calculation'!$J$4,'Fee Recovery Calculation'!$R$22,0)/('Fee Recovery Calculation'!$J$4),0) -> 0 | AP28: =-IF((DATEDIF($B$24,$B28,"M"))<'Fee Recovery Calculation'!$J$4,'Fee Recovery Calculation'!$T$22,0) -> 0 | AQ28: =AL28+AM28+AP28+AQ27+AN28 -> 5.0931703e-11 | AU28: =-IF((DATEDIF($B$24,$B28,"M"))<'Fee Recovery Calculation'!$J$4,'Fee Recovery Calculation'!$O$27,0) -> 0 | AV28: =AS28+AT28+AU28+AV27 -> -2.3283064e-09 | AW28: =IF(ROUND(AU28,0)=0,0,(AV27+SUM($AW$27:AW27))*'Fee Recovery Calculation'!$R$4/12) -> 0
B29: =EOMONTH(B28,0)+1 -> 46508 | E29: =L29+S29+Z29+AG29+AN29 -> 0 | F29: =M29+T29+AA29+AH29+AO29 -> 0 | G29: =N29+U29+AB29+AI29+AP29 -> 0 | H29: =O29+V29+AC29+AJ29+AQ29 -> -1.36788e-09 | L29: ='Fee Recovery Calculation'!$Q$18*'Fee Recovery by MP w True-Up '!$AW29 -> 0 | M29: =-IFERROR(IF((DATEDIF($B$24,$B29,"M"))<'Fee Recovery Calculation'!$J$4,'Fee Recovery Calculation'!$R$18,0)/('Fee Recovery Calculation'!$J$4),0) -> 0 | N29: =-IF((DATEDIF($B$24,$B29,"M"))<'Fee Recovery Calculation'!$J$4,'Fee Recovery Calculation'!$T$18,0) -> 0 | O29: =J29+K29+N29+O28+L29 -> -1.3969839e-09 | S29: ='Fee Recovery Calculation'!$Q$19*'Fee Recovery by MP w True-Up '!$AW29 -> 0 | T29: =-IFERROR(IF((DATEDIF($B$24,$B29,"M"))<'Fee Recovery Calculation'!$J$4,'Fee Recovery Calculation'!$R$19,0)/('Fee Recovery Calculation'!$J$4),0) -> 0 | U29: =-IF((DATEDIF($B$24,$B29,"M"))<'Fee Recovery Calculation'!$J$4,'Fee Recovery Calculation'!$T$19,0) -> 0 | V29: =Q29+R29+U29+V28+S29 -> -2.5465852e-11 | Z29: ='Fee Recovery Calculation'!$Q$20*'Fee Recovery by MP w True-Up '!$AW29 -> 0 | AA29: =-IFERROR(IF((DATEDIF($B$24,$B29,"M"))<'Fee Recovery Calculation'!$J$4,'Fee Recovery Calculation'!$R$20,0)/('Fee Recovery Calculation'!$J$4),0) -> 0 | AB29: =-IF((DATEDIF($B$24,$B29,"M"))<'Fee Recovery Calculation'!$J$4,'Fee Recovery Calculation'!$T$20,0) -> 0 | AC29: =X29+Y29+AB29+AC28+Z29 -> 1.8189894e-12 | AG29: ='Fee Recovery Calculation'!$Q$21*'Fee Recovery by MP w True-Up '!$AW29 -> 0 | AH29: =-IFERROR(IF((DATEDIF($B$24,$B29,"M"))<'Fee Recovery Calculation'!$J$4,'Fee Recovery Calculation'!$R$21,0)/('Fee Recovery Calculation'!$J$4),0) -> 0 | AI29: =-IF((DATEDIF($B$24,$B29,"M"))<'Fee Recovery Calculation'!$J$4,'Fee Recovery Calculation'!$T$21,0) -> 0 | AJ29: =AE29+AF29+AI29+AJ28+AG29 -> 1.8189894e-12 | AN29: ='Fee Recovery Calculation'!$Q$22*'Fee Recovery by MP w True-Up '!$AW29 -> 0 | AO29: =-IFERROR(IF((DATEDIF($B$24,$B29,"M"))<'Fee Recovery Calculation'!$J$4,'Fee Recovery Calculation'!$R$22,0)/('Fee Recovery Calculation'!$J$4),0) -> 0 | AP29: =-IF((DATEDIF($B$24,$B29,"M"))<'Fee Recovery Calculation'!$J$4,'Fee Recovery Calculation'!$T$22,0) -> 0 | AQ29: =AL29+AM29+AP29+AQ28+AN29 -> 5.0931703e-11 | AU29: =-IF((DATEDIF($B$24,$B29,"M"))<'Fee Recovery Calculation'!$J$4,'Fee Recovery Calculation'!$O$27,0) -> 0 | AV29: =AS29+AT29+AU29+AV28 -> -2.3283064e-09 | AW29: =IF(ROUND(AU29,0)=0,0,(AV28+SUM($AW$27:AW28))*'Fee Recovery Calculation'!$R$4/12) -> 0
B30: =EOMONTH(B29,0)+1 -> 46539 | E30: =L30+S30+Z30+AG30+AN30 -> 0 | F30: =M30+T30+AA30+AH30+AO30 -> 0 | G30: =N30+U30+AB30+AI30+AP30 -> 0 | H30: =O30+V30+AC30+AJ30+AQ30 -> -1.36788e-09 | L30: ='Fee Recovery Calculation'!$Q$18*'Fee Recovery by MP w True-Up '!$AW30 -> 0 | M30: =-IFERROR(IF((DATEDIF($B$24,$B30,"M"))<'Fee Recovery Calculation'!$J$4,'Fee Recovery Calculation'!$R$18,0)/('Fee Recovery Calculation'!$J$4),0) -> 0 | N30: =-IF((DATEDIF($B$24,$B30,"M"))<'Fee Recovery Calculation'!$J$4,'Fee Recovery Calculation'!$T$18,0) -> 0 | O30: =J30+K30+N30+O29+L30 -> -1.3969839e-09 | S30: ='Fee Recovery Calculation'!$Q$19*'Fee Recovery by MP w True-Up '!$AW30 -> 0 | T30: =-IFERROR(IF((DATEDIF($B$24,$B30,"M"))<'Fee Recovery Calculation'!$J$4,'Fee Recovery Calculation'!$R$19,0)/('Fee Recovery Calculation'!$J$4),0) -> 0 | U30: =-IF((DATEDIF($B$24,$B30,"M"))<'Fee Recovery Calculation'!$J$4,'Fee Recovery Calculation'!$T$19,0) -> 0 | V30: =Q30+R30+U30+V29+S30 -> -2.5465852e-11 | Z30: ='Fee Recovery Calculation'!$Q$20*'Fee Recovery by MP w True-Up '!$AW30 -> 0 | AA30: =-IFERROR(IF((DATEDIF($B$24,$B30,"M"))<'Fee Recovery Calculation'!$J$4,'Fee Recovery Calculation'!$R$20,0)/('Fee Recovery Calculation'!$J$4),0) -> 0 | AB30: =-IF((DATEDIF($B$24,$B30,"M"))<'Fee Recovery Calculation'!$J$4,'Fee Recovery Calculation'!$T$20,0) -> 0 | AC30: =X30+Y30+AB30+AC29+Z30 -> 1.8189894e-12 | AG30: ='Fee Recovery Calculation'!$Q$21*'Fee Recovery by MP w True-Up '!$AW30 -> 0 | AH30: =-IFERROR(IF((DATEDIF($B$24,$B30,"M"))<'Fee Recovery Calculation'!$J$4,'Fee Recovery Calculation'!$R$21,0)/('Fee Recovery Calculation'!$J$4),0) -> 0 | AI30: =-IF((DATEDIF($B$24,$B30,"M"))<'Fee Recovery Calculation'!$J$4,'Fee Recovery Calculation'!$T$21,0) -> 0 | AJ30: =AE30+AF30+AI30+AJ29+AG30 -> 1.8189894e-12 | AN30: ='Fee Recovery Calculation'!$Q$22*'Fee Recovery by MP w True-Up '!$AW30 -> 0 | AO30: =-IFERROR(IF((DATEDIF($B$24,$B30,"M"))<'Fee Recovery Calculation'!$J$4,'Fee Recovery Calculation'!$R$22,0)/('Fee Recovery Calculation'!$J$4),0) -> 0 | AP30: =-IF((DATEDIF($B$24,$B30,"M"))<'Fee Recovery Calculation'!$J$4,'Fee Recovery Calculation'!$T$22,0) -> 0 | AQ30: =AL30+AM30+AP30+AQ29+AN30 -> 5.0931703e-11 | AU30: =-IF((DATEDIF($B$24,$B30,"M"))<'Fee Recovery Calculation'!$J$4,'Fee Recovery Calculation'!$O$27,0) -> 0 | AV30: =AS30+AT30+AU30+AV29 -> -2.3283064e-09 | AW30: =IF(ROUND(AU30,0)=0,0,(AV29+SUM($AW$27:AW29))*'Fee Recovery Calculation'!$R$4/12) -> 0
B31: =EOMONTH(B30,0)+1 -> 46569 | E31: =L31+S31+Z31+AG31+AN31 -> 0 | F31: =M31+T31+AA31+AH31+AO31 -> 0 | G31: =N31+U31+AB31+AI31+AP31 -> 0 | H31: =O31+V31+AC31+AJ31+AQ31 -> -1.36788e-09 | L31: ='Fee Recovery Calculation'!$Q$18*'Fee Recovery by MP w True-Up '!$AW31 -> 0 | M31: =-IFERROR(IF((DATEDIF($B$24,$B31,"M"))<'Fee Recovery Calculation'!$J$4,'Fee Recovery Calculation'!$R$18,0)/('Fee Recovery Calculation'!$J$4),0) -> 0 | N31: =-IF((DATEDIF($B$24,$B31,"M"))<'Fee Recovery Calculation'!$J$4,'Fee Recovery Calculation'!$T$18,0) -> 0 | O31: =J31+K31+N31+O30+L31 -> -1.3969839e-09 | S31: ='Fee Recovery Calculation'!$Q$19*'Fee Recovery by MP w True-Up '!$AW31 -> 0 | T31: =-IFERROR(IF((DATEDIF($B$24,$B31,"M"))<'Fee Recovery Calculation'!$J$4,'Fee Recovery Calculation'!$R$19,0)/('Fee Recovery Calculation'!$J$4),0) -> 0 | U31: =-IF((DATEDIF($B$24,$B31,"M"))<'Fee Recovery Calculation'!$J$4,'Fee Recovery Calculation'!$T$19,0) -> 0 | V31: =Q31+R31+U31+V30+S31 -> -2.5465852e-11 | Z31: ='Fee Recovery Calculation'!$Q$20*'Fee Recovery by MP w True-Up '!$AW31 -> 0 | AA31: =-IFERROR(IF((DATEDIF($B$24,$B31,"M"))<'Fee Recovery Calculation'!$J$4,'Fee Recovery Calculation'!$R$20,0)/('Fee Recovery Calculation'!$J$4),0) -> 0 | AB31: =-IF((DATEDIF($B$24,$B31,"M"))<'Fee Recovery Calculation'!$J$4,'Fee Recovery Calculation'!$T$20,0) -> 0 | AC31: =X31+Y31+AB31+AC30+Z31 -> 1.8189894e-12 | AG31: ='Fee Recovery Calculation'!$Q$21*'Fee Recovery by MP w True-Up '!$AW31 -> 0 | AH31: =-IFERROR(IF((DATEDIF($B$24,$B31,"M"))<'Fee Recovery Calculation'!$J$4,'Fee Recovery Calculation'!$R$21,0)/('Fee Recovery Calculation'!$J$4),0) -> 0 | AI31: =-IF((DATEDIF($B$24,$B31,"M"))<'Fee Recovery Calculation'!$J$4,'Fee Recovery Calculation'!$T$21,0) -> 0 | AJ31: =AE31+AF31+AI31+AJ30+AG31 -> 1.8189894e-12 | AN31: ='Fee Recovery Calculation'!$Q$22*'Fee Recovery by MP w True-Up '!$AW31 -> 0 | AO31: =-IFERROR(IF((DATEDIF($B$24,$B31,"M"))<'Fee Recovery Calculation'!$J$4,'Fee Recovery Calculation'!$R$22,0)/('Fee Recovery Calculation'!$J$4),0) -> 0 | AP31: =-IF((DATEDIF($B$24,$B31,"M"))<'Fee Recovery Calculation'!$J$4,'Fee Recovery Calculation'!$T$22,0) -> 0 | AQ31: =AL31+AM31+AP31+AQ30+AN31 -> 5.0931703e-11 | AU31: =-IF((DATEDIF($B$24,$B31,"M"))<'Fee Recovery Calculation'!$J$4,'Fee Recovery Calculation'!$O$27,0) -> 0 | AV31: =AS31+AT31+AU31+AV30 -> -2.3283064e-09 | AW31: =IF(ROUND(AU31,0)=0,0,(AV30+SUM($AW$27:AW30))*'Fee Recovery Calculation'!$R$4/12) -> 0
B32: =EOMONTH(B31,0)+1 -> 46600 | E32: =L32+S32+Z32+AG32+AN32 -> 0 | F32: =M32+T32+AA32+AH32+AO32 -> 0 | G32: =N32+U32+AB32+AI32+AP32 -> 0 | H32: =O32+V32+AC32+AJ32+AQ32 -> -1.36788e-09 | L32: ='Fee Recovery Calculation'!$Q$18*'Fee Recovery by MP w True-Up '!$AW32 -> 0 | M32: =-IFERROR(IF((DATEDIF($B$24,$B32,"M"))<'Fee Recovery Calculation'!$J$4,'Fee Recovery Calculation'!$R$18,0)/('Fee Recovery Calculation'!$J$4),0) -> 0 | N32: =-IF((DATEDIF($B$24,$B32,"M"))<'Fee Recovery Calculation'!$J$4,'Fee Recovery Calculation'!$T$18,0) -> 0 | O32: =J32+K32+N32+O31+L32 -> -1.3969839e-09 | S32: ='Fee Recovery Calculation'!$Q$19*'Fee Recovery by MP w True-Up '!$AW32 -> 0 | T32: =-IFERROR(IF((DATEDIF($B$24,$B32,"M"))<'Fee Recovery Calculation'!$J$4,'Fee Recovery Calculation'!$R$19,0)/('Fee Recovery Calculation'!$J$4),0) -> 0 | U32: =-IF((DATEDIF($B$24,$B32,"M"))<'Fee Recovery Calculation'!$J$4,'Fee Recovery Calculation'!$T$19,0) -> 0 | V32: =Q32+R32+U32+V31+S32 -> -2.5465852e-11 | Z32: ='Fee Recovery Calculation'!$Q$20*'Fee Recovery by MP w True-Up '!$AW32 -> 0 | AA32: =-IFERROR(IF((DATEDIF($B$24,$B32,"M"))<'Fee Recovery Calculation'!$J$4,'Fee Recovery Calculation'!$R$20,0)/('Fee Recovery Calculation'!$J$4),0) -> 0 | AB32: =-IF((DATEDIF($B$24,$B32,"M"))<'Fee Recovery Calculation'!$J$4,'Fee Recovery Calculation'!$T$20,0) -> 0 | AC32: =X32+Y32+AB32+AC31+Z32 -> 1.8189894e-12 | AG32: ='Fee Recovery Calculation'!$Q$21*'Fee Recovery by MP w True-Up '!$AW32 -> 0 | AH32: =-IFERROR(IF((DATEDIF($B$24,$B32,"M"))<'Fee Recovery Calculation'!$J$4,'Fee Recovery Calculation'!$R$21,0)/('Fee Recovery Calculation'!$J$4),0) -> 0 | AI32: =-IF((DATEDIF($B$24,$B32,"M"))<'Fee Recovery Calculation'!$J$4,'Fee Recovery Calculation'!$T$21,0) -> 0 | AJ32: =AE32+AF32+AI32+AJ31+AG32 -> 1.8189894e-12 | AN32: ='Fee Recovery Calculation'!$Q$22*'Fee Recovery by MP w True-Up '!$AW32 -> 0 | AO32: =-IFERROR(IF((DATEDIF($B$24,$B32,"M"))<'Fee Recovery Calculation'!$J$4,'Fee Recovery Calculation'!$R$22,0)/('Fee Recovery Calculation'!$J$4),0) -> 0 | AP32: =-IF((DATEDIF($B$24,$B32,"M"))<'Fee Recovery Calculation'!$J$4,'Fee Recovery Calculation'!$T$22,0) -> 0 | AQ32: =AL32+AM32+AP32+AQ31+AN32 -> 5.0931703e-11 | AU32: =-IF((DATEDIF($B$24,$B32,"M"))<'Fee Recovery Calculation'!$J$4,'Fee Recovery Calculation'!$O$27,0) -> 0 | AV32: =AS32+AT32+AU32+AV31 -> -2.3283064e-09 | AW32: =IF(ROUND(AU32,0)=0,0,(AV31+SUM($AW$27:AW31))*'Fee Recovery Calculation'!$R$4/12) -> 0
B33: =EOMONTH(B32,0)+1 -> 46631 | E33: =L33+S33+Z33+AG33+AN33 -> 0 | F33: =M33+T33+AA33+AH33+AO33 -> 0 | G33: =N33+U33+AB33+AI33+AP33 -> 0 | H33: =O33+V33+AC33+AJ33+AQ33 -> -1.36788e-09 | L33: ='Fee Recovery Calculation'!$Q$18*'Fee Recovery by MP w True-Up '!$AW33 -> 0 | M33: =-IFERROR(IF((DATEDIF($B$24,$B33,"M"))<'Fee Recovery Calculation'!$J$4,'Fee Recovery Calculation'!$R$18,0)/('Fee Recovery Calculation'!$J$4),0) -> 0 | N33: =-IF((DATEDIF($B$24,$B33,"M"))<'Fee Recovery Calculation'!$J$4,'Fee Recovery Calculation'!$T$18,0) -> 0 | O33: =J33+K33+N33+O32+L33 -> -1.3969839e-09 | S33: ='Fee Recovery Calculation'!$Q$19*'Fee Recovery by MP w True-Up '!$AW33 -> 0 | T33: =-IFERROR(IF((DATEDIF($B$24,$B33,"M"))<'Fee Recovery Calculation'!$J$4,'Fee Recovery Calculation'!$R$19,0)/('Fee Recovery Calculation'!$J$4),0) -> 0 | U33: =-IF((DATEDIF($B$24,$B33,"M"))<'Fee Recovery Calculation'!$J$4,'Fee Recovery Calculation'!$T$19,0) -> 0 | V33: =Q33+R33+U33+V32+S33 -> -2.5465852e-11 | Z33: ='Fee Recovery Calculation'!$Q$20*'Fee Recovery by MP w True-Up '!$AW33 -> 0 | AA33: =-IFERROR(IF((DATEDIF($B$24,$B33,"M"))<'Fee Recovery Calculation'!$J$4,'Fee Recovery Calculation'!$R$20,0)/('Fee Recovery Calculation'!$J$4),0) -> 0 | AB33: =-IF((DATEDIF($B$24,$B33,"M"))<'Fee Recovery Calculation'!$J$4,'Fee Recovery Calculation'!$T$20,0) -> 0 | AC33: =X33+Y33+AB33+AC32+Z33 -> 1.8189894e-12 | AG33: ='Fee Recovery Calculation'!$Q$21*'Fee Recovery by MP w True-Up '!$AW33 -> 0 | AH33: =-IFERROR(IF((DATEDIF($B$24,$B33,"M"))<'Fee Recovery Calculation'!$J$4,'Fee Recovery Calculation'!$R$21,0)/('Fee Recovery Calculation'!$J$4),0) -> 0 | AI33: =-IF((DATEDIF($B$24,$B33,"M"))<'Fee Recovery Calculation'!$J$4,'Fee Recovery Calculation'!$T$21,0) -> 0 | AJ33: =AE33+AF33+AI33+AJ32+AG33 -> 1.8189894e-12 | AN33: ='Fee Recovery Calculation'!$Q$22*'Fee Recovery by MP w True-Up '!$AW33 -> 0 | AO33: =-IFERROR(IF((DATEDIF($B$24,$B33,"M"))<'Fee Recovery Calculation'!$J$4,'Fee Recovery Calculation'!$R$22,0)/('Fee Recovery Calculation'!$J$4),0) -> 0 | AP33: =-IF((DATEDIF($B$24,$B33,"M"))<'Fee Recovery Calculation'!$J$4,'Fee Recovery Calculation'!$T$22,0) -> 0 | AQ33: =AL33+AM33+AP33+AQ32+AN33 -> 5.0931703e-11 | AU33: =-IF((DATEDIF($B$24,$B33,"M"))<'Fee Recovery Calculation'!$J$4,'Fee Recovery Calculation'!$O$27,0) -> 0 | AV33: =AS33+AT33+AU33+AV32 -> -2.3283064e-09 | AW33: =IF(ROUND(AU33,0)=0,0,(AV32+SUM($AW$27:AW32))*'Fee Recovery Calculation'!$R$4/12) -> 0
B34: =EOMONTH(B33,0)+1 -> 46661 | E34: =L34+S34+Z34+AG34+AN34 -> 0 | F34: =M34+T34+AA34+AH34+AO34 -> 0 | G34: =N34+U34+AB34+AI34+AP34 -> 0 | H34: =O34+V34+AC34+AJ34+AQ34 -> -1.36788e-09 | L34: ='Fee Recovery Calculation'!$Q$18*'Fee Recovery by MP w True-Up '!$AW34 -> 0 | M34: =-IFERROR(IF((DATEDIF($B$24,$B34,"M"))<'Fee Recovery Calculation'!$J$4,'Fee Recovery Calculation'!$R$18,0)/('Fee Recovery Calculation'!$J$4),0) -> 0 | N34: =-IF((DATEDIF($B$24,$B34,"M"))<'Fee Recovery Calculation'!$J$4,'Fee Recovery Calculation'!$T$18,0) -> 0 | O34: =J34+K34+N34+O33+L34 -> -1.3969839e-09 | S34: ='Fee Recovery Calculation'!$Q$19*'Fee Recovery by MP w True-Up '!$AW34 -> 0 | T34: =-IFERROR(IF((DATEDIF($B$24,$B34,"M"))<'Fee Recovery Calculation'!$J$4,'Fee Recovery Calculation'!$R$19,0)/('Fee Recovery Calculation'!$J$4),0) -> 0 | U34: =-IF((DATEDIF($B$24,$B34,"M"))<'Fee Recovery Calculation'!$J$4,'Fee Recovery Calculation'!$T$19,0) -> 0 | V34: =Q34+R34+U34+V33+S34 -> -2.5465852e-11 | Z34: ='Fee Recovery Calculation'!$Q$20*'Fee Recovery by MP w True-Up '!$AW34 -> 0 | AA34: =-IFERROR(IF((DATEDIF($B$24,$B34,"M"))<'Fee Recovery Calculation'!$J$4,'Fee Recovery Calculation'!$R$20,0)/('Fee Recovery Calculation'!$J$4),0) -> 0 | AB34: =-IF((DATEDIF($B$24,$B34,"M"))<'Fee Recovery Calculation'!$J$4,'Fee Recovery Calculation'!$T$20,0) -> 0 | AC34: =X34+Y34+AB34+AC33+Z34 -> 1.8189894e-12 | AG34: ='Fee Recovery Calculation'!$Q$21*'Fee Recovery by MP w True-Up '!$AW34 -> 0 | AH34: =-IFERROR(IF((DATEDIF($B$24,$B34,"M"))<'Fee Recovery Calculation'!$J$4,'Fee Recovery Calculation'!$R$21,0)/('Fee Recovery Calculation'!$J$4),0) -> 0 | AI34: =-IF((DATEDIF($B$24,$B34,"M"))<'Fee Recovery Calculation'!$J$4,'Fee Recovery Calculation'!$T$21,0) -> 0 | AJ34: =AE34+AF34+AI34+AJ33+AG34 -> 1.8189894e-12 | AN34: ='Fee Recovery Calculation'!$Q$22*'Fee Recovery by MP w True-Up '!$AW34 -> 0 | AO34: =-IFERROR(IF((DATEDIF($B$24,$B34,"M"))<'Fee Recovery Calculation'!$J$4,'Fee Recovery Calculation'!$R$22,0)/('Fee Recovery Calculation'!$J$4),0) -> 0 | AP34: =-IF((DATEDIF($B$24,$B34,"M"))<'Fee Recovery Calculation'!$J$4,'Fee Recovery Calculation'!$T$22,0) -> 0 | AQ34: =AL34+AM34+AP34+AQ33+AN34 -> 5.0931703e-11 | AU34: =-IF((DATEDIF($B$24,$B34,"M"))<'Fee Recovery Calculation'!$J$4,'Fee Recovery Calculation'!$O$27,0) -> 0 | AV34: =AS34+AT34+AU34+AV33 -> -2.3283064e-09 | AW34: =IF(ROUND(AU34,0)=0,0,(AV33+SUM($AW$27:AW33))*'Fee Recovery Calculation'!$R$4/12) -> 0
B35: =EOMONTH(B34,0)+1 -> 46692 | E35: =L35+S35+Z35+AG35+AN35 -> 0 | F35: =M35+T35+AA35+AH35+AO35 -> 0 | G35: =N35+U35+AB35+AI35+AP35 -> 0 | H35: =O35+V35+AC35+AJ35+AQ35 -> -1.36788e-09 | L35: ='Fee Recovery Calculation'!$Q$18*'Fee Recovery by MP w True-Up '!$AW35 -> 0 | M35: =-IFERROR(IF((DATEDIF($B$24,$B35,"M"))<'Fee Recovery Calculation'!$J$4,'Fee Recovery Calculation'!$R$18,0)/('Fee Recovery Calculation'!$J$4),0) -> 0 | N35: =-IF((DATEDIF($B$24,$B35,"M"))<'Fee Recovery Calculation'!$J$4,'Fee Recovery Calculation'!$T$18,0) -> 0 | O35: =J35+K35+N35+O34+L35 -> -1.3969839e-09 | S35: ='Fee Recovery Calculation'!$Q$19*'Fee Recovery by MP w True-Up '!$AW35 -> 0 | T35: =-IFERROR(IF((DATEDIF($B$24,$B35,"M"))<'Fee Recovery Calculation'!$J$4,'Fee Recovery Calculation'!$R$19,0)/('Fee Recovery Calculation'!$J$4),0) -> 0 | U35: =-IF((DATEDIF($B$24,$B35,"M"))<'Fee Recovery Calculation'!$J$4,'Fee Recovery Calculation'!$T$19,0) -> 0 | V35: =Q35+R35+U35+V34+S35 -> -2.5465852e-11 | Z35: ='Fee Recovery Calculation'!$Q$20*'Fee Recovery by MP w True-Up '!$AW35 -> 0 | AA35: =-IFERROR(IF((DATEDIF($B$24,$B35,"M"))<'Fee Recovery Calculation'!$J$4,'Fee Recovery Calculation'!$R$20,0)/('Fee Recovery Calculation'!$J$4),0) -> 0 | AB35: =-IF((DATEDIF($B$24,$B35,"M"))<'Fee Recovery Calculation'!$J$4,'Fee Recovery Calculation'!$T$20,0) -> 0 | AC35: =X35+Y35+AB35+AC34+Z35 -> 1.8189894e-12 | AG35: ='Fee Recovery Calculation'!$Q$21*'Fee Recovery by MP w True-Up '!$AW35 -> 0 | AH35: =-IFERROR(IF((DATEDIF($B$24,$B35,"M"))<'Fee Recovery Calculation'!$J$4,'Fee Recovery Calculation'!$R$21,0)/('Fee Recovery Calculation'!$J$4),0) -> 0 | AI35: =-IF((DATEDIF($B$24,$B35,"M"))<'Fee Recovery Calculation'!$J$4,'Fee Recovery Calculation'!$T$21,0) -> 0 | AJ35: =AE35+AF35+AI35+AJ34+AG35 -> 1.8189894e-12 | AN35: ='Fee Recovery Calculation'!$Q$22*'Fee Recovery by MP w True-Up '!$AW35 -> 0 | AO35: =-IFERROR(IF((DATEDIF($B$24,$B35,"M"))<'Fee Recovery Calculation'!$J$4,'Fee Recovery Calculation'!$R$22,0)/('Fee Recovery Calculation'!$J$4),0) -> 0 | AP35: =-IF((DATEDIF($B$24,$B35,"M"))<'Fee Recovery Calculation'!$J$4,'Fee Recovery Calculation'!$T$22,0) -> 0 | AQ35: =AL35+AM35+AP35+AQ34+AN35 -> 5.0931703e-11 | AU35: =-IF((DATEDIF($B$24,$B35,"M"))<'Fee Recovery Calculation'!$J$4,'Fee Recovery Calculation'!$O$27,0) -> 0 | AV35: =AS35+AT35+AU35+AV34 -> -2.3283064e-09 | AW35: =IF(ROUND(AU35,0)=0,0,(AV34+SUM($AW$27:AW34))*'Fee Recovery Calculation'!$R$4/12) -> 0
B36: =EOMONTH(B35,0)+1 -> 46722 | E36: =L36+S36+Z36+AG36+AN36 -> 0 | F36: =M36+T36+AA36+AH36+AO36 -> 0 | G36: =N36+U36+AB36+AI36+AP36 -> 0 | H36: =O36+V36+AC36+AJ36+AQ36 -> -1.36788e-09 | L36: ='Fee Recovery Calculation'!$Q$18*'Fee Recovery by MP w True-Up '!$AW36 -> 0 | M36: =-IFERROR(IF((DATEDIF($B$24,$B36,"M"))<'Fee Recovery Calculation'!$J$4,'Fee Recovery Calculation'!$R$18,0)/('Fee Recovery Calculation'!$J$4),0) -> 0 | N36: =-IF((DATEDIF($B$24,$B36,"M"))<'Fee Recovery Calculation'!$J$4,'Fee Recovery Calculation'!$T$18,0) -> 0 | O36: =J36+K36+N36+O35+L36 -> -1.3969839e-09 | S36: ='Fee Recovery Calculation'!$Q$19*'Fee Recovery by MP w True-Up '!$AW36 -> 0 | T36: =-IFERROR(IF((DATEDIF($B$24,$B36,"M"))<'Fee Recovery Calculation'!$J$4,'Fee Recovery Calculation'!$R$19,0)/('Fee Recovery Calculation'!$J$4),0) -> 0 | U36: =-IF((DATEDIF($B$24,$B36,"M"))<'Fee Recovery Calculation'!$J$4,'Fee Recovery Calculation'!$T$19,0) -> 0 | V36: =Q36+R36+U36+V35+S36 -> -2.5465852e-11 | Z36: ='Fee Recovery Calculation'!$Q$20*'Fee Recovery by MP w True-Up '!$AW36 -> 0 | AA36: =-IFERROR(IF((DATEDIF($B$24,$B36,"M"))<'Fee Recovery Calculation'!$J$4,'Fee Recovery Calculation'!$R$20,0)/('Fee Recovery Calculation'!$J$4),0) -> 0 | AB36: =-IF((DATEDIF($B$24,$B36,"M"))<'Fee Recovery Calculation'!$J$4,'Fee Recovery Calculation'!$T$20,0) -> 0 | AC36: =X36+Y36+AB36+AC35+Z36 -> 1.8189894e-12 | AG36: ='Fee Recovery Calculation'!$Q$21*'Fee Recovery by MP w True-Up '!$AW36 -> 0 | AH36: =-IFERROR(IF((DATEDIF($B$24,$B36,"M"))<'Fee Recovery Calculation'!$J$4,'Fee Recovery Calculation'!$R$21,0)/('Fee Recovery Calculation'!$J$4),0) -> 0 | AI36: =-IF((DATEDIF($B$24,$B36,"M"))<'Fee Recovery Calculation'!$J$4,'Fee Recovery Calculation'!$T$21,0) -> 0 | AJ36: =AE36+AF36+AI36+AJ35+AG36 -> 1.8189894e-12 | AN36: ='Fee Recovery Calculation'!$Q$22*'Fee Recovery by MP w True-Up '!$AW36 -> 0 | AO36: =-IFERROR(IF((DATEDIF($B$24,$B36,"M"))<'Fee Recovery Calculation'!$J$4,'Fee Recovery Calculation'!$R$22,0)/('Fee Recovery Calculation'!$J$4),0) -> 0 | AP36: =-IF((DATEDIF($B$24,$B36,"M"))<'Fee Recovery Calculation'!$J$4,'Fee Recovery Calculation'!$T$22,0) -> 0 | AQ36: =AL36+AM36+AP36+AQ35+AN36 -> 5.0931703e-11 | AU36: =-IF((DATEDIF($B$24,$B36,"M"))<'Fee Recovery Calculation'!$J$4,'Fee Recovery Calculation'!$O$27,0) -> 0 | AV36: =AS36+AT36+AU36+AV35 -> -2.3283064e-09 | AW36: =IF(ROUND(AU36,0)=0,0,(AV35+SUM($AW$27:AW35))*'Fee Recovery Calculation'!$R$4/12) -> 0
B37: =EOMONTH(B36,0)+1 -> 46753 | E37: =L37+S37+Z37+AG37+AN37 -> 0 | F37: =M37+T37+AA37+AH37+AO37 -> 0 | G37: =N37+U37+AB37+AI37+AP37 -> 0 | H37: =O37+V37+AC37+AJ37+AQ37 -> -1.36788e-09 | L37: ='Fee Recovery Calculation'!$Q$18*'Fee Recovery by MP w True-Up '!$AW37 -> 0 | M37: =-IFERROR(IF((DATEDIF($B$24,$B37,"M"))<'Fee Recovery Calculation'!$J$4,'Fee Recovery Calculation'!$R$18,0)/('Fee Recovery Calculation'!$J$4),0) -> 0 | N37: =-IF((DATEDIF($B$24,$B37,"M"))<'Fee Recovery Calculation'!$J$4,'Fee Recovery Calculation'!$T$18,0) -> 0 | O37: =J37+K37+N37+O36+L37 -> -1.3969839e-09 | S37: ='Fee Recovery Calculation'!$Q$19*'Fee Recovery by MP w True-Up '!$AW37 -> 0 | T37: =-IFERROR(IF((DATEDIF($B$24,$B37,"M"))<'Fee Recovery Calculation'!$J$4,'Fee Recovery Calculation'!$R$19,0)/('Fee Recovery Calculation'!$J$4),0) -> 0 | U37: =-IF((DATEDIF($B$24,$B37,"M"))<'Fee Recovery Calculation'!$J$4,'Fee Recovery Calculation'!$T$19,0) -> 0 | V37: =Q37+R37+U37+V36+S37 -> -2.5465852e-11 | Z37: ='Fee Recovery Calculation'!$Q$20*'Fee Recovery by MP w True-Up '!$AW37 -> 0 | AA37: =-IFERROR(IF((DATEDIF($B$24,$B37,"M"))<'Fee Recovery Calculation'!$J$4,'Fee Recovery Calculation'!$R$20,0)/('Fee Recovery Calculation'!$J$4),0) -> 0 | AB37: =-IF((DATEDIF($B$24,$B37,"M"))<'Fee Recovery Calculation'!$J$4,'Fee Recovery Calculation'!$T$20,0) -> 0 | AC37: =X37+Y37+AB37+AC36+Z37 -> 1.8189894e-12 | AG37: ='Fee Recovery Calculation'!$Q$21*'Fee Recovery by MP w True-Up '!$AW37 -> 0 | AH37: =-IFERROR(IF((DATEDIF($B$24,$B37,"M"))<'Fee Recovery Calculation'!$J$4,'Fee Recovery Calculation'!$R$21,0)/('Fee Recovery Calculation'!$J$4),0) -> 0 | AI37: =-IF((DATEDIF($B$24,$B37,"M"))<'Fee Recovery Calculation'!$J$4,'Fee Recovery Calculation'!$T$21,0) -> 0 | AJ37: =AE37+AF37+AI37+AJ36+AG37 -> 1.8189894e-12 | AN37: ='Fee Recovery Calculation'!$Q$22*'Fee Recovery by MP w True-Up '!$AW37 -> 0 | AO37: =-IFERROR(IF((DATEDIF($B$24,$B37,"M"))<'Fee Recovery Calculation'!$J$4,'Fee Recovery Calculation'!$R$22,0)/('Fee Recovery Calculation'!$J$4),0) -> 0 | AP37: =-IF((DATEDIF($B$24,$B37,"M"))<'Fee Recovery Calculation'!$J$4,'Fee Recovery Calculation'!$T$22,0) -> 0 | AQ37: =AL37+AM37+AP37+AQ36+AN37 -> 5.0931703e-11 | AU37: =-IF((DATEDIF($B$24,$B37,"M"))<'Fee Recovery Calculation'!$J$4,'Fee Recovery Calculation'!$O$27,0) -> 0 | AV37: =AS37+AT37+AU37+AV36 -> -2.3283064e-09 | AW37: =IF(ROUND(AU37,0)=0,0,(AV36+SUM($AW$27:AW36))*'Fee Recovery Calculation'!$R$4/12) -> 0
B38: =EOMONTH(B37,0)+1 -> 46784 | E38: =L38+S38+Z38+AG38+AN38 -> 0 | F38: =M38+T38+AA38+AH38+AO38 -> 0 | G38: =N38+U38+AB38+AI38+AP38 -> 0 | H38: =O38+V38+AC38+AJ38+AQ38 -> -1.36788e-09 | L38: ='Fee Recovery Calculation'!$Q$18*'Fee Recovery by MP w True-Up '!$AW38 -> 0 | M38: =-IFERROR(IF((DATEDIF($B$24,$B38,"M"))<'Fee Recovery Calculation'!$J$4,'Fee Recovery Calculation'!$R$18,0)/('Fee Recovery Calculation'!$J$4),0) -> 0 | N38: =-IF((DATEDIF($B$24,$B38,"M"))<'Fee Recovery Calculation'!$J$4,'Fee Recovery Calculation'!$T$18,0) -> 0 | O38: =J38+K38+N38+O37+L38 -> -1.3969839e-09 | S38: ='Fee Recovery Calculation'!$Q$19*'Fee Recovery by MP w True-Up '!$AW38 -> 0 | T38: =-IFERROR(IF((DATEDIF($B$24,$B38,"M"))<'Fee Recovery Calculation'!$J$4,'Fee Recovery Calculation'!$R$19,0)/('Fee Recovery Calculation'!$J$4),0) -> 0 | U38: =-IF((DATEDIF($B$24,$B38,"M"))<'Fee Recovery Calculation'!$J$4,'Fee Recovery Calculation'!$T$19,0) -> 0 | V38: =Q38+R38+U38+V37+S38 -> -2.5465852e-11 | Z38: ='Fee Recovery Calculation'!$Q$20*'Fee Recovery by MP w True-Up '!$AW38 -> 0 | AA38: =-IFERROR(IF((DATEDIF($B$24,$B38,"M"))<'Fee Recovery Calculation'!$J$4,'Fee Recovery Calculation'!$R$20,0)/('Fee Recovery Calculation'!$J$4),0) -> 0 | AB38: =-IF((DATEDIF($B$24,$B38,"M"))<'Fee Recovery Calculation'!$J$4,'Fee Recovery Calculation'!$T$20,0) -> 0 | AC38: =X38+Y38+AB38+AC37+Z38 -> 1.8189894e-12 | AG38: ='Fee Recovery Calculation'!$Q$21*'Fee Recovery by MP w True-Up '!$AW38 -> 0 | AH38: =-IFERROR(IF((DATEDIF($B$24,$B38,"M"))<'Fee Recovery Calculation'!$J$4,'Fee Recovery Calculation'!$R$21,0)/('Fee Recovery Calculation'!$J$4),0) -> 0 | AI38: =-IF((DATEDIF($B$24,$B38,"M"))<'Fee Recovery Calculation'!$J$4,'Fee Recovery Calculation'!$T$21,0) -> 0 | AJ38: =AE38+AF38+AI38+AJ37+AG38 -> 1.8189894e-12 | AN38: ='Fee Recovery Calculation'!$Q$22*'Fee Recovery by MP w True-Up '!$AW38 -> 0 | AO38: =-IFERROR(IF((DATEDIF($B$24,$B38,"M"))<'Fee Recovery Calculation'!$J$4,'Fee Recovery Calculation'!$R$22,0)/('Fee Recovery Calculation'!$J$4),0) -> 0 | AP38: =-IF((DATEDIF($B$24,$B38,"M"))<'Fee Recovery Calculation'!$J$4,'Fee Recovery Calculation'!$T$22,0) -> 0 | AQ38: =AL38+AM38+AP38+AQ37+AN38 -> 5.0931703e-11 | AU38: =-IF((DATEDIF($B$24,$B38,"M"))<'Fee Recovery Calculation'!$J$4,'Fee Recovery Calculation'!$O$27,0) -> 0 | AV38: =AS38+AT38+AU38+AV37 -> -2.3283064e-09 | AW38: =IF(ROUND(AU38,0)=0,0,(AV37+SUM($AW$27:AW37))*'Fee Recovery Calculation'!$R$4/12) -> 0
B39: =EOMONTH(B38,0)+1 -> 46813 | E39: =L39+S39+Z39+AG39+AN39 -> 0 | F39: =M39+T39+AA39+AH39+AO39 -> 0 | G39: =N39+U39+AB39+AI39+AP39 -> 0 | H39: =O39+V39+AC39+AJ39+AQ39 -> -1.36788e-09 | L39: ='Fee Recovery Calculation'!$Q$18*'Fee Recovery by MP w True-Up '!$AW39 -> 0 | M39: =-IFERROR(IF((DATEDIF($B$24,$B39,"M"))<'Fee Recovery Calculation'!$J$4,'Fee Recovery Calculation'!$R$18,0)/('Fee Recovery Calculation'!$J$4),0) -> 0 | N39: =-IF((DATEDIF($B$24,$B39,"M"))<'Fee Recovery Calculation'!$J$4,'Fee Recovery Calculation'!$T$18,0) -> 0 | O39: =J39+K39+N39+O38+L39 -> -1.3969839e-09 | S39: ='Fee Recovery Calculation'!$Q$19*'Fee Recovery by MP w True-Up '!$AW39 -> 0 | T39: =-IFERROR(IF((DATEDIF($B$24,$B39,"M"))<'Fee Recovery Calculation'!$J$4,'Fee Recovery Calculation'!$R$19,0)/('Fee Recovery Calculation'!$J$4),0) -> 0 | U39: =-IF((DATEDIF($B$24,$B39,"M"))<'Fee Recovery Calculation'!$J$4,'Fee Recovery Calculation'!$T$19,0) -> 0 | V39: =Q39+R39+U39+V38+S39 -> -2.5465852e-11 | Z39: ='Fee Recovery Calculation'!$Q$20*'Fee Recovery by MP w True-Up '!$AW39 -> 0 | AA39: =-IFERROR(IF((DATEDIF($B$24,$B39,"M"))<'Fee Recovery Calculation'!$J$4,'Fee Recovery Calculation'!$R$20,0)/('Fee Recovery Calculation'!$J$4),0) -> 0 | AB39: =-IF((DATEDIF($B$24,$B39,"M"))<'Fee Recovery Calculation'!$J$4,'Fee Recovery Calculation'!$T$20,0) -> 0 | AC39: =X39+Y39+AB39+AC38+Z39 -> 1.8189894e-12 | AG39: ='Fee Recovery Calculation'!$Q$21*'Fee Recovery by MP w True-Up '!$AW39 -> 0 | AH39: =-IFERROR(IF((DATEDIF($B$24,$B39,"M"))<'Fee Recovery Calculation'!$J$4,'Fee Recovery Calculation'!$R$21,0)/('Fee Recovery Calculation'!$J$4),0) -> 0 | AI39: =-IF((DATEDIF($B$24,$B39,"M"))<'Fee Recovery Calculation'!$J$4,'Fee Recovery Calculation'!$T$21,0) -> 0 | AJ39: =AE39+AF39+AI39+AJ38+AG39 -> 1.8189894e-12 | AN39: ='Fee Recovery Calculation'!$Q$22*'Fee Recovery by MP w True-Up '!$AW39 -> 0 | AO39: =-IFERROR(IF((DATEDIF($B$24,$B39,"M"))<'Fee Recovery Calculation'!$J$4,'Fee Recovery Calculation'!$R$22,0)/('Fee Recovery Calculation'!$J$4),0) -> 0 | AP39: =-IF((DATEDIF($B$24,$B39,"M"))<'Fee Recovery Calculation'!$J$4,'Fee Recovery Calculation'!$T$22,0) -> 0 | AQ39: =AL39+AM39+AP39+AQ38+AN39 -> 5.0931703e-11 | AU39: =-IF((DATEDIF($B$24,$B39,"M"))<'Fee Recovery Calculation'!$J$4,'Fee Recovery Calculation'!$O$27,0) -> 0 | AV39: =AS39+AT39+AU39+AV38 -> -2.3283064e-09 | AW39: =IF(ROUND(AU39,0)=0,0,(AV38+SUM($AW$27:AW38))*'Fee Recovery Calculation'!$R$4/12) -> 0
B41: Total | C41: =SUM(C4:C39) -> 20156945 | D41: =SUM(D4:D39) -> -313841 | E41: =SUM(E4:E39) -> 0 | F41: =SUM(F4:F39) -> 0 | G41: =SUM(G4:G39) -> -19843104 | H41: =H39 -> -1.36788e-09 | J41: =SUM(J3:J39) -> 19866000 | K41: =SUM(K3:K39) -> -309344.86 | L41: =SUM(L3:L39) -> 0 | M41: =SUM(M3:M39) -> 0 | N41: =SUM(N4:N39) -> -19556655 | O41: =O39 -> -1.3969839e-09 | Q41: =SUM(Q3:Q39) -> 75138.623 | R41: =SUM(R3:R39) -> -1161.1586 | S41: =SUM(S3:S39) -> 0 | T41: =SUM(T3:T39) -> 0 | U41: =SUM(U3:U39) -> -73977.464 | V41: =V39 -> -2.5465852e-11 | X41: =SUM(X3:X39) -> 17930.033 | Y41: =SUM(Y3:Y39) -> -277.08269 | Z41: =SUM(Z3:Z39) -> 0 | AA41: =SUM(AA3:AA39) -> 0 | AB41: =SUM(AB3:AB39) -> -17652.95 | AC41: =AC39 -> 1.8189894e-12 | AE41: =SUM(AE3:AE39) -> 27529.253 | AF41: =SUM(AF3:AF39) -> -425.42474 | AG41: =SUM(AG3:AG39) -> 0 | AH41: =SUM(AH3:AH39) -> 0 | AI41: =SUM(AI3:AI39) -> -27103.828 | AJ41: =AJ39 -> 1.8189894e-12 | AL41: =SUM(AL3:AL39) -> 170347.36 | AM41: =SUM(AM3:AM39) -> -2632.4718 | AN41: =SUM(AN3:AN39) -> 0 | AO41: =SUM(AO3:AO39) -> 0 | AP41: =SUM(AP3:AP39) -> -167714.89 | AQ41: =AQ39 -> 5.0931703e-11 | AS41: =SUM(AS3:AS39) -> 20156945 | AT41: =SUM(AT3:AT39) -> -313841 | AU41: =SUM(AU3:AU39) -> -19843104 | AV41: =AV39 -> -2.3283064e-09 | AW41: =SUM(AW27:AW39) -> 0
M43: =M41+T41+AA41+AH41+AO41 -> 0

Sheet Illust. True-Up (2 year lag)
B1: This tab is for Illustrative Purposes Only. Variances are Trued-Up two years later.
D3: 2025/26 & 2026/27 Fees
A4: Year 1 | D4: Total Fee | E4: Monthly Fee (4 months)
C5: ='Initial Fee Calculation'!B6 -> NSPI | D5: ='Fee Recovery Calculation'!I4 -> 10366000 | E5: =D5/4 -> 2591499.9
B6: Fee Mechanism Application | C6: ='Initial Fee Calculation'!B7 -> Berwick Electric Commission | D6: ='Fee Recovery Calculation'!I5 -> 75138.623 | E6: =D6/4 -> 18784.656
C7: ='Initial Fee Calculation'!B8 -> Riverport Electric Light Commission | D7: ='Fee Recovery Calculation'!I6 -> 17930.033 | E7: =D7/4 -> 4482.5082
C8: ='Initial Fee Calculation'!B9 -> Town of Mahone Bay | D8: ='Fee Recovery Calculation'!I7 -> 27529.253 | E8: =D8/4 -> 6882.3132
B9: (Jul-2026) | C9: ='Initial Fee Calculation'!B10 -> Town of Antigonish | D9: ='Fee Recovery Calculation'!I8 -> 170347.36 | E9: =D9/4 -> 42586.84
C10: ='Initial Fee Calculation'!B11 -> Other | D10: ='Fee Recovery Calculation'!I9 -> 0 | E10: =D10/12 -> 0
C11: ='Initial Fee Calculation'!B12 -> Other | D11: ='Fee Recovery Calculation'!I10 -> 0 | E11: =D11/12 -> 0
C12: ='Initial Fee Calculation'!B13 -> Other | D12: ='Fee Recovery Calculation'!I11 -> 0 | E12: =D12/12 -> 0
C13: ='Initial Fee Calculation'!B14 -> Other | D13: ='Fee Recovery Calculation'!I12 -> 0 | E13: =D13/12 -> 0
C15: ='Initial Fee Calculation'!B16 -> Total | D15: =SUM(D5:D14) -> 10656945 | E15: =SUM(E5:E13) -> 2664236.2
D18: Initial 2027/28 Base Fee Calculation | G18: 2025/26 True-Up | J18: 2027/28 Fees with 2025/26 Revenue Requirement True-Up
A19: Year 2 | D19: 2027/28 Forecast % | E19: Initial 2027/28 Annual Fee | G19: 2025/26 Actual % | H19: 2025/26 True-Up | J19: =E19 -> Initial 2027/28 Annual Fee | K19: =H19 -> 2025/26 True-Up | L19: 2027/28 Annual Fee with True-Up | M19: 2027/28 Monthly Fee Including True-Up
B20: 2027/28 | C20: =C5 -> NSPI | D20: =Input!E12/Input!$E$22 -> 0.98545129 | E20: =D20*$E$30 -> 15274495 | G20: ='Fee Recovery Calculation'!C4 -> 0.98567384 | H20: =G20*$H$30 -> -309344.86 | J20: =E20 -> 15274495 | K20: =H20 -> -309344.86 | L20: =J20+K20 -> 14965150 | M20: =L20/12 -> 1247095.8
B21: Revenue Requirement Application | C21: =C6 -> Berwick Electric Commission | D21: =Input!E13/Input!$E$22 -> 0.0037573041 | E21: =D21*$E$30 -> 58238.213 | G21: ='Fee Recovery Calculation'!C5 -> 0.0036998309 | H21: =G21*$H$30 -> -1161.1586 | J21: =E21 -> 58238.213 | K21: =H21 -> -1161.1586 | L21: =J21+K21 -> 57077.054 | M21: =L21/12 -> 4756.4212
C22: =C7 -> Riverport Electric Light Commission | D22: =Input!E14/Input!$E$22 -> 0.00089659063 | E22: =D22*$E$30 -> 13897.155 | G22: ='Fee Recovery Calculation'!C6 -> 0.00088287603 | H22: =G22*$H$30 -> -277.08269 | J22: =E22 -> 13897.155 | K22: =H22 -> -277.08269 | L22: =J22+K22 -> 13620.072 | M22: =L22/12 -> 1135.006
C23: =C8 -> Town of Mahone Bay | D23: =Input!E15/Input!$E$22 -> 0.0013765993 | E23: =D23*$E$30 -> 21337.289 | G23: ='Fee Recovery Calculation'!C7 -> 0.0013555423 | H23: =G23*$H$30 -> -425.42474 | J23: =E23 -> 21337.289 | K23: =H23 -> -425.42474 | L23: =J23+K23 -> 20911.864 | M23: =L23/12 -> 1742.6553
B24: (Dec-2026) | C24: =C9 -> Town of Antigonish | D24: =Input!E16/Input!$E$22 -> 0.0085182133 | E24: =D24*$E$30 -> 132032.31 | G24: ='Fee Recovery Calculation'!C8 -> 0.0083879154 | H24: =G24*$H$30 -> -2632.4718 | J24: =E24 -> 132032.31 | K24: =H24 -> -2632.4718 | L24: =J24+K24 -> 129399.84 | M24: =L24/12 -> 10783.32
C25: =C10 -> Other | D25: =Input!E17/Input!$E$22 -> 0 | E25: =D25*$E$30 -> 0 | G25: ='Fee Recovery Calculation'!C9 -> 0 | H25: =G25*$H$30 -> 0 | J25: =E25 -> 0 | K25: =H25 -> 0 | L25: =J25+K25 -> 0 | M25: =L25/12 -> 0
C26: =C11 -> Other | D26: =Input!E18/Input!$E$22 -> 0 | E26: =D26*$E$30 -> 0 | G26: ='Fee Recovery Calculation'!C10 -> 0 | H26: =G26*$H$30 -> 0 | J26: =E26 -> 0 | K26: =H26 -> 0 | L26: =J26+K26 -> 0 | M26: =L26/12 -> 0
C27: =C12 -> Other | D27: =Input!E19/Input!$E$22 -> 0 | E27: =D27*$E$30 -> 0 | G27: ='Fee Recovery Calculation'!C11 -> 0 | H27: =G27*$H$30 -> 0 | J27: =E27 -> 0 | K27: =H27 -> 0 | L27: =J27+K27 -> 0 | M27: =L27/12 -> 0
C28: =C13 -> Other | D28: =Input!E20/Input!$E$22 -> 0 | E28: =D28*$E$30 -> 0 | G28: ='Fee Recovery Calculation'!C12 -> 0 | H28: =G28*$H$30 -> 0 | J28: =E28 -> 0 | K28: =H28 -> 0 | L28: =J28+K28 -> 0 | M28: =L28/12 -> 0
C30: =C15 -> Total | D30: ='Initial Fee Calculation'!D16 -> 1 | E30: 15500000 | G30: =SUM(G20:G29) -> 1 | H30: =E34 -> -313841 | J30: =SUM(J20:J29) -> 15500000 | K30: =SUM(K20:K28) -> -313841 | L30: =SUM(L20:L28) -> 15186159 | M30: =SUM(M20:M28) -> 1265513.3
D32: 2025/26 Forecast Revenue Requirement | E32: =Input!C4 -> 5306824 | G32: The 2025/26 variance is allocated based on actual 2025/27 volumes and is included with the LSE's 2027/28 Annual Fees. | J32: There is no load allocation adjustment for 2025/26 because fees were calculated with actual 2025/26 volumes.
D33: 2025/26 Actual Revenue Requirement | E33: =Input!C5 -> 4992983
D34: 2025/26 Variance to True-Up | E34: =E33-E32 -> -313841
A38: Year 3 | D38: Initial 2028/29 Base Fee Calculation | G38: 2026/27 True-Up | J38: 2026/27 Load Allocation Adjustment | P38: 2028/29 Fees with 2026/27 Revenue Requirement True-Up and Allocation Adjustment
D39: 2028/29 Forecast % | E39: Initial 2028/29 Annual Fee | G39: 2026/27 Actual % | H39: 2026/27 True-Up | J39: 2026/27 Forecast % | K39: 2026/27 Annual Base Fee | L39: =G39 -> 2026/27 Actual % | M39: 2026/27 Annual Fee Based on Actual Energy % | N39: 2026/27 Allocation Adjustment | P39: =E39 -> Initial 2028/29 Annual Fee | Q39: =H39 -> 2026/27 True-Up | R39: 2026/27 Allocation Adjustment | S39: 2028/29 Annual Fee with True-Up and Allocation Adjustment | T39: 2028/29 Monthly Fee Including True-Up and Allocation Adjustment
B40: 2028/29 | C40: =C20 -> NSPI | D40: 0.9858 | E40: =D40*$E$50 -> 15526350 | G40: 0.9856 | H40: =G40*$H$50 -> -98679.258 | J40: ='Initial Fee Calculation'!G6 -> 0.98552747 | K40: ='Initial Fee Calculation'!H6 -> 14635202 | L40: =G40 -> 0.9856 | M40: =L40*$M$50 -> 14636279 | N40: =M40-K40 -> 1077.0897 | P40: =E40 -> 15526350 | Q40: =H40 -> -98679.258 | R40: =N40 -> 1077.0897 | S40: =P40+Q40+R40 -> 15428748 | T40: =S40/12 -> 1285729
B41: Revenue Requirement Application | C41: =C21 -> Berwick Electric Commission | D41: 0.0033 | E41: =D41*$E$50 -> 51975 | G41: 0.0033 | H41: =G41*$H$50 -> -330.3993 | J41: ='Initial Fee Calculation'!G7 -> 0.0037376309 | K41: ='Initial Fee Calculation'!H7 -> 55504.271 | L41: =G41 -> 0.0033 | M41: =L41*$M$50 -> 49005.399 | N41: =M41-K41 -> -6498.8721 | P41: =E41 -> 51975 | Q41: =H41 -> -330.3993 | R41: =N41 -> -6498.8721 | S41: =P41+Q41+R41 -> 45145.729 | T41: =S41/12 -> 3762.144
C42: =C22 -> Riverport Electric Light Commission | D42: 0.0008 | E42: =D42*$E$50 -> 12600 | G42: 0.001 | H42: =G42*$H$50 -> -100.121 | J42: ='Initial Fee Calculation'!G8 -> 0.00089189611 | K42: ='Initial Fee Calculation'!H8 -> 13244.765 | L42: =G42 -> 0.001 | M42: =L42*$M$50 -> 14850.121 | N42: =M42-K42 -> 1605.3559 | P42: =E42 -> 12600 | Q42: =H42 -> -100.121 | R42: =N42 -> 1605.3559 | S42: =P42+Q42+R42 -> 14105.235 | T42: =S42/12 -> 1175.4362
C43: =C23 -> Town of Mahone Bay | D43: 0.0014 | E43: =D43*$E$50 -> 22050 | G43: 0.0014 | H43: =G43*$H$50 -> -140.1694 | J43: ='Initial Fee Calculation'!G9 -> 0.0013693914 | K43: ='Initial Fee Calculation'!H9 -> 20335.629 | L43: =G43 -> 0.0014 | M43: =L43*$M$50 -> 20790.169 | N43: =M43-K43 -> 454.54089 | P43: =E43 -> 22050 | Q43: =H43 -> -140.1694 | R43: =N43 -> 454.54089 | S43: =P43+Q43+R43 -> 22364.371 | T43: =S43/12 -> 1863.6976
B44: (Dec-2027) | C44: =C24 -> Town of Antigonish | D44: 0.0087 | E44: =D44*$E$50 -> 137025 | G44: 0.0087 | H44: =G44*$H$50 -> -871.0527 | J44: ='Initial Fee Calculation'!G10 -> 0.0084736122 | K44: ='Initial Fee Calculation'!H10 -> 125834.17 | L44: =G44 -> 0.0087 | M44: =L44*$M$50 -> 129196.05 | N44: =M44-K44 -> 3361.8856 | P44: =E44 -> 137025 | Q44: =H44 -> -871.0527 | R44: =N44 -> 3361.8856 | S44: =P44+Q44+R44 -> 139515.83 | T44: =S44/12 -> 11626.319
C45: =C25 -> Other | D45: 0 | E45: =D45*$E$50 -> 0 | G45: ='Initial Fee Calculation'!G11 -> 0 | H45: =G45*$H$50 -> 0 | J45: ='Initial Fee Calculation'!G11 -> 0 | K45: ='Initial Fee Calculation'!H11 -> 0 | L45: =G45 -> 0 | M45: =L45*$M$50 -> 0 | N45: =M45-K45 -> 0 | P45: =E45 -> 0 | Q45: =H45 -> 0 | S45: =P45+Q45+R45 -> 0 | T45: =S45/12 -> 0
C46: =C26 -> Other | D46: 0 | E46: =D46*$E$50 -> 0 | G46: ='Initial Fee Calculation'!G12 -> 0 | H46: =G46*$H$50 -> 0 | J46: ='Initial Fee Calculation'!G12 -> 0 | K46: ='Initial Fee Calculation'!H12 -> 0 | L46: =G46 -> 0 | M46: =L46*$M$50 -> 0 | N46: =M46-K46 -> 0 | P46: =E46 -> 0 | Q46: =H46 -> 0 | S46: =P46+Q46+R46 -> 0 | T46: =S46/12 -> 0
C47: =C27 -> Other | D47: 0 | E47: =D47*$E$50 -> 0 | G47: ='Initial Fee Calculation'!G13 -> 0 | H47: =G47*$H$50 -> 0 | J47: ='Initial Fee Calculation'!G13 -> 0 | K47: ='Initial Fee Calculation'!H13 -> 0 | L47: =G47 -> 0 | M47: =L47*$M$50 -> 0 | N47: =M47-K47 -> 0 | P47: =E47 -> 0 | Q47: =H47 -> 0 | S47: =P47+Q47+R47 -> 0 | T47: =S47/12 -> 0
C48: =C28 -> Other | D48: 0 | E48: =D48*$E$50 -> 0 | G48: ='Initial Fee Calculation'!G14 -> 0 | H48: =G48*$H$50 -> 0 | J48: ='Initial Fee Calculation'!G14 -> 0 | K48: ='Initial Fee Calculation'!H14 -> 0 | L48: =G48 -> 0 | M48: =L48*$M$50 -> 0 | N48: =M48-K48 -> 0 | P48: =E48 -> 0 | Q48: =H48 -> 0 | S48: =P48+Q48+R48 -> 0 | T48: =S48/12 -> 0
C50: =C30 -> Total | D50: =SUM(D40:D49) -> 1 | E50: 15750000 | G50: =SUM(G40:G49) -> 1 | H50: =E54 -> -100121 | J50: =SUM(J40:J49) -> 1 | K50: =SUM(K40:K49) -> 14850121 | L50: =SUM(L40:L49) -> 1 | M50: =K50 -> 14850121 | N50: =SUM(N40:N49) -> 1.4260877e-09 | P50: =E50 -> 15750000 | Q50: =SUM(Q40:Q48) -> -100121 | R50: =SUM(R40:R49) -> 1.4260877e-09 | S50: =SUM(S40:S48) -> 15649879 | T50: =SUM(T40:T48) -> 1304156.6
D52: 2026/27 Forecast Revenue Requirement | E52: ='Fee Recovery Calculation'!F13 -> 14850121 | G52: The 2026/27 variance is allocated based on actual 2026/27 volumes and is included with the LSE's 2028/29 Annual Fees. | J52: 2026/27 Fees originally calculated with forecast 2026/27 energy allocations are recalculated with the actual 2026/27 volumes. The difference for each LSE is included with the LSE's 2028/29 Annual Fees.
D53: 2026/27 Actual Revenue Requirement | E53: 14750000
D54: 2026/27 Variance to True-Up | E54: =E53-E52 -> -100121

Sheet Illust. True-Up (Compliance)
B1: This tab is for Illustrative Purposes Only. Variances are Trued-Up the following year as part of a compliance filing.
D3: 2025/26 & 2026/27 Fees
A4: Year 1 | D4: Total Fee | E4: Monthly Fee (4 months)
C5: ='Initial Fee Calculation'!B6 -> NSPI | D5: ='Fee Recovery Calculation'!I4 -> 10366000 | E5: =D5/4 -> 2591499.9
B6: Fee Mechanism Application | C6: ='Initial Fee Calculation'!B7 -> Berwick Electric Commission | D6: ='Fee Recovery Calculation'!I5 -> 75138.623 | E6: =D6/4 -> 18784.656
C7: ='Initial Fee Calculation'!B8 -> Riverport Electric Light Commission | D7: ='Fee Recovery Calculation'!I6 -> 17930.033 | E7: =D7/4 -> 4482.5082
C8: ='Initial Fee Calculation'!B9 -> Town of Mahone Bay | D8: ='Fee Recovery Calculation'!I7 -> 27529.253 | E8: =D8/4 -> 6882.3132
B9: (Jul-2026) | C9: ='Initial Fee Calculation'!B10 -> Town of Antigonish | D9: ='Fee Recovery Calculation'!I8 -> 170347.36 | E9: =D9/4 -> 42586.84
C10: ='Initial Fee Calculation'!B11 -> Other | D10: ='Fee Recovery Calculation'!I9 -> 0 | E10: =D10/12 -> 0
C11: ='Initial Fee Calculation'!B12 -> Other | D11: ='Fee Recovery Calculation'!I10 -> 0 | E11: =D11/12 -> 0
C12: ='Initial Fee Calculation'!B13 -> Other | D12: ='Fee Recovery Calculation'!I11 -> 0 | E12: =D12/12 -> 0
C13: ='Initial Fee Calculation'!B14 -> Other | D13: ='Fee Recovery Calculation'!I12 -> 0 | E13: =D13/12 -> 0
C15: ='Initial Fee Calculation'!B16 -> Total | D15: =SUM(D5:D14) -> 10656945 | E15: =SUM(E5:E13) -> 2664236.2
D17: 2025/26 & 2026/27 Fees | G17: 2025/26 True-Up | J17: 2025/26 & 2026/27 Fees with 2025/26 Revenue Requirement True-Up
D18: Total Fee | E18: Monthly Fee (4 months) | G18: 2025/26 Actual % | H18: 2025/26 True-Up | J18: 2025/26 & 2026/27 Fees before True-Up | K18: =H18 -> 2025/26 True-Up | L18: 2027/28 Annual Fee with True-Up | M18: 2025/26 & 2026/27 Monthly Fee Including True-Up (4 months)
C19: =C5 -> NSPI | D19: =D5 -> 10366000 | E19: =D19/4 -> 2591499.9 | G19: ='Initial Fee Calculation'!D6 -> 0.98567384 | H19: =G19*$H$29 -> -309344.86 | J19: =D19 -> 10366000 | K19: =H19 -> -309344.86 | L19: =J19+K19 -> 10056655 | M19: =L19/4 -> 2514163.7
C20: =C6 -> Berwick Electric Commission | D20: =D6 -> 75138.623 | E20: =D20/4 -> 18784.656 | G20: ='Initial Fee Calculation'!D7 -> 0.0036998309 | H20: =G20*$H$29 -> -1161.1586 | J20: =D20 -> 75138.623 | K20: =H20 -> -1161.1586 | L20: =J20+K20 -> 73977.464 | M20: =L20/4 -> 18494.366
B21: Compliance Filing | C21: =C7 -> Riverport Electric Light Commission | D21: =D7 -> 17930.033 | E21: =D21/4 -> 4482.5082 | G21: ='Initial Fee Calculation'!D8 -> 0.00088287603 | H21: =G21*$H$29 -> -277.08269 | J21: =D21 -> 17930.033 | K21: =H21 -> -277.08269 | L21: =J21+K21 -> 17652.95 | M21: =L21/4 -> 4413.2375
C22: =C8 -> Town of Mahone Bay | D22: =D8 -> 27529.253 | E22: =D22/4 -> 6882.3132 | G22: ='Initial Fee Calculation'!D9 -> 0.0013555423 | H22: =G22*$H$29 -> -425.42474 | J22: =D22 -> 27529.253 | K22: =H22 -> -425.42474 | L22: =J22+K22 -> 27103.828 | M22: =L22/4 -> 6775.957
C23: =C9 -> Town of Antigonish | D23: =D9 -> 170347.36 | E23: =D23/4 -> 42586.84 | G23: ='Initial Fee Calculation'!D10 -> 0.0083879154 | H23: =G23*$H$29 -> -2632.4718 | J23: =D23 -> 170347.36 | K23: =H23 -> -2632.4718 | L23: =J23+K23 -> 167714.89 | M23: =L23/4 -> 41928.722
C24: =C10 -> Other | D24: =D10 -> 0 | E24: =D24/12 -> 0 | G24: ='Initial Fee Calculation'!D11 -> 0 | H24: =G24*$H$29 -> 0 | J24: =D24 -> 0 | K24: =H24 -> 0 | L24: =J24+K24 -> 0 | M24: =L24/4 -> 0
C25: =C11 -> Other | D25: =D11 -> 0 | E25: =D25/12 -> 0 | G25: ='Initial Fee Calculation'!D12 -> 0 | H25: =G25*$H$29 -> 0 | J25: =D25 -> 0 | K25: =H25 -> 0 | L25: =J25+K25 -> 0 | M25: =L25/4 -> 0
C26: =C12 -> Other | D26: =D12 -> 0 | E26: =D26/12 -> 0 | G26: ='Initial Fee Calculation'!D13 -> 0 | H26: =G26*$H$29 -> 0 | J26: =D26 -> 0 | K26: =H26 -> 0 | L26: =J26+K26 -> 0 | M26: =L26/4 -> 0
C27: =C13 -> Other | D27: =D13 -> 0 | E27: =D27/12 -> 0 | G27: ='Initial Fee Calculation'!D14 -> 0 | H27: =G27*$H$29 -> 0 | J27: =D27 -> 0 | K27: =H27 -> 0 | L27: =J27+K27 -> 0 | M27: =L27/4 -> 0
C29: =C15 -> Total | D29: =SUM(D19:D28) -> 10656945 | E29: =SUM(E19:E27) -> 2664236.2 | G29: =SUM(G19:G28) -> 1 | H29: =E33 -> -313841 | J29: =D29 -> 10656945 | K29: =SUM(K19:K27) -> -313841 | L29: =SUM(L19:L27) -> 10343104 | M29: =SUM(M19:M27) -> 2585776
D31: 2025/26 Forecast Revenue Requirement | E31: =Input!C4 -> 5306824 | G31: The 2025/26 variance is allocated based on actual 2025/26 volumes and is included with the LSE's 2025/26 & 2026/27 Annual Fees. | J31: There is no load allocation adjustment for 2025/26 because fees were calculated with actual 2025/26 volumes.
D32: 2025/26 Actual Revenue Requirement | E32: =Input!C5 -> 4992983
D33: 2025/26 Variance to True-Up | E33: =E32-E31 -> -313841
D37: Initial 2027/28 Base Fee Calculation
A38: Year 2 | D38: 2027/28 Forecast % | E38: Initial 2027/28 Annual Fee
B39: 2027/28 | C39: =C5 -> NSPI | D39: =Input!E12/Input!$E$22 -> 0.98545129 | E39: =D39*$E$49 -> 15274495
B40: Revenue Requirement Application | C40: =C6 -> Berwick Electric Commission | D40: =Input!E13/Input!$E$22 -> 0.0037573041 | E40: =D40*$E$49 -> 58238.213
C41: =C7 -> Riverport Electric Light Commission | D41: =Input!E14/Input!$E$22 -> 0.00089659063 | E41: =D41*$E$49 -> 13897.155
C42: =C8 -> Town of Mahone Bay | D42: =Input!E15/Input!$E$22 -> 0.0013765993 | E42: =D42*$E$49 -> 21337.289
B43: (Dec-2026) | C43: =C9 -> Town of Antigonish | D43: =Input!E16/Input!$E$22 -> 0.0085182133 | E43: =D43*$E$49 -> 132032.31
C44: =C10 -> Other | D44: =Input!E17/Input!$E$22 -> 0 | E44: =D44*$E$49 -> 0
C45: =C11 -> Other | D45: =Input!E18/Input!$E$22 -> 0 | E45: =D45*$E$49 -> 0
C46: =C12 -> Other | D46: =Input!E19/Input!$E$22 -> 0 | E46: =D46*$E$49 -> 0
C47: =C13 -> Other | D47: =Input!E20/Input!$E$22 -> 0 | E47: =D47*$E$49 -> 0
C49: =C15 -> Total | D49: ='Initial Fee Calculation'!D16 -> 1 | E49: 15500000
D51: 2027/28 Base Fee Calculation Before True-Ups
G52: 2026/27 True-Up | J52: 2026/27 Load Allocation Adjustment | P52: 2027/28 Fees with 2026/27 Revenue Requirement True-Up and Allocation Adjustment
D53: =D38 -> 2027/28 Forecast % | E53: 2027/28 Annual Fee Before True-Ups | G53: 2026/27 Actual % | H53: 2026/27 True-Up | J53: 2026/2 Forecast % | K53: Annual Base Fee 2026/27 | L53: 2026/27 Actual % | M53: 2026/27 Annual Fee Based on Actual Energy % | N53: 2026/27 Allocation Adjustment | P53: =E53 -> 2027/28 Annual Fee Before True-Ups | Q53: =H53 -> 2026/27 True-Up | R53: 2026/27 Allocation Adjustment | S53: 2027/28 Annual Fee with True-Up and Allocation Adjustment | T53: 2027/28 Monthly Fee Including True-Up and Allocation Adjustment
C54: =C39 -> NSPI | D54: =D39 -> 0.98545129 | E54: =D54*$E$64 -> 15274495 | G54: 0.9856 | H54: =G54*$H$64 -> -98679.258 | J54: ='Fee Recovery Calculation'!E4 -> 0.98552747 | K54: ='Fee Recovery Calculation'!F4 -> 14635202 | L54: =G54 -> 0.9856 | M54: =L54*$M$64 -> 14636279 | N54: =M54-K54 -> 1077.0897 | P54: =E54 -> 15274495 | Q54: =H54 -> -98679.258 | R54: =N54 -> 1077.0897 | S54: =P54+Q54+R54 -> 15176893 | T54: =S54/12 -> 1264741.1
B55: Compliance Filing | C55: =C40 -> Berwick Electric Commission | D55: =D40 -> 0.0037573041 | E55: =D55*$E$64 -> 58238.213 | G55: 0.0033 | H55: =G55*$H$64 -> -330.3993 | J55: ='Fee Recovery Calculation'!E5 -> 0.0037376309 | K55: ='Fee Recovery Calculation'!F5 -> 55504.271 | L55: =G55 -> 0.0033 | M55: =L55*$M$64 -> 49005.399 | N55: =M55-K55 -> -6498.8721 | P55: =E55 -> 58238.213 | Q55: =H55 -> -330.3993 | R55: =N55 -> -6498.8721 | S55: =P55+Q55+R55 -> 51408.941 | T55: =S55/12 -> 4284.0784
B56: 2027 | C56: =C41 -> Riverport Electric Light Commission | D56: =D41 -> 0.00089659063 | E56: =D56*$E$64 -> 13897.155 | G56: 0.001 | H56: =G56*$H$64 -> -100.121 | J56: ='Fee Recovery Calculation'!E6 -> 0.00089189611 | K56: ='Fee Recovery Calculation'!F6 -> 13244.765 | L56: =G56 -> 0.001 | M56: =L56*$M$64 -> 14850.121 | N56: =M56-K56 -> 1605.3559 | P56: =E56 -> 13897.155 | Q56: =H56 -> -100.121 | R56: =N56 -> 1605.3559 | S56: =P56+Q56+R56 -> 15402.39 | T56: =S56/12 -> 1283.5325
C57: =C42 -> Town of Mahone Bay | D57: =D42 -> 0.0013765993 | E57: =D57*$E$64 -> 21337.289 | G57: 0.0014 | H57: =G57*$H$64 -> -140.1694 | J57: ='Fee Recovery Calculation'!E7 -> 0.0013693914 | K57: ='Fee Recovery Calculation'!F7 -> 20335.629 | L57: =G57 -> 0.0014 | M57: =L57*$M$64 -> 20790.169 | N57: =M57-K57 -> 454.54089 | P57: =E57 -> 21337.289 | Q57: =H57 -> -140.1694 | R57: =N57 -> 454.54089 | S57: =P57+Q57+R57 -> 21651.66 | T57: =S57/12 -> 1804.305
C58: =C43 -> Town of Antigonish | D58: =D43 -> 0.0085182133 | E58: =D58*$E$64 -> 132032.31 | G58: 0.0087 | H58: =G58*$H$64 -> -871.0527 | J58: ='Fee Recovery Calculation'!E8 -> 0.0084736122 | K58: ='Fee Recovery Calculation'!F8 -> 125834.17 | L58: =G58 -> 0.0087 | M58: =L58*$M$64 -> 129196.05 | N58: =M58-K58 -> 3361.8856 | P58: =E58 -> 132032.31 | Q58: =H58 -> -871.0527 | R58: =N58 -> 3361.8856 | S58: =P58+Q58+R58 -> 134523.14 | T58: =S58/12 -> 11210.262
C59: =C44 -> Other | D59: =D44 -> 0 | E59: =D59*$E$64 -> 0 | G59: 0 | H59: =G59*$H$64 -> 0 | J59: ='Fee Recovery Calculation'!E9 -> 0 | K59: ='Fee Recovery Calculation'!F9 -> 0 | L59: =G59 -> 0 | M59: =L59*$M$64 -> 0 | N59: =M59-K59 -> 0 | P59: =E59 -> 0 | Q59: =H59 -> 0 | S59: =P59+Q59+R59 -> 0 | T59: =S59/12 -> 0
C60: =C45 -> Other | D60: =D45 -> 0 | E60: =D60*$E$64 -> 0 | G60: 0 | H60: =G60*$H$64 -> 0 | J60: ='Fee Recovery Calculation'!E10 -> 0 | K60: ='Fee Recovery Calculation'!F10 -> 0 | L60: =G60 -> 0 | M60: =L60*$M$64 -> 0 | N60: =M60-K60 -> 0 | P60: =E60 -> 0 | Q60: =H60 -> 0 | S60: =P60+Q60+R60 -> 0 | T60: =S60/12 -> 0
C61: =C46 -> Other | D61: =D46 -> 0 | E61: =D61*$E$64 -> 0 | G61: 0 | H61: =G61*$H$64 -> 0 | J61: ='Fee Recovery Calculation'!E11 -> 0 | K61: ='Fee Recovery Calculation'!F11 -> 0 | L61: =G61 -> 0 | M61: =L61*$M$64 -> 0 | N61: =M61-K61 -> 0 | P61: =E61 -> 0 | Q61: =H61 -> 0 | S61: =P61+Q61+R61 -> 0 | T61: =S61/12 -> 0
C62: =C47 -> Other | D62: =D47 -> 0 | E62: =D62*$E$64 -> 0 | G62: 0 | H62: =G62*$H$64 -> 0 | J62: ='Fee Recovery Calculation'!E12 -> 0 | K62: ='Fee Recovery Calculation'!F12 -> 0 | L62: =G62 -> 0 | M62: =L62*$M$64 -> 0 | N62: =M62-K62 -> 0 | P62: =E62 -> 0 | Q62: =H62 -> 0 | S62: =P62+Q62+R62 -> 0 | T62: =S62/12 -> 0
C64: =C49 -> Total | D64: =SUM(D54:D63) -> 1 | E64: =E49 -> 15500000 | G64: =SUM(G54:G63) -> 1 | H64: =E68 -> -100121 | J64: =SUM(J54:J63) -> 1 | K64: =SUM(K54:K63) -> 14850121 | L64: =SUM(L54:L63) -> 1 | M64: =K64 -> 14850121 | N64: =SUM(N54:N63) -> 1.4260877e-09 | P64: =E64 -> 15500000 | Q64: =SUM(Q54:Q62) -> -100121 | R64: =SUM(R54:R63) -> 1.4260877e-09 | S64: =SUM(S54:S62) -> 15399879 | T64: =SUM(T54:T62) -> 1283323.2
D66: 2026/27 Forecast Revenue Requirement | E66: ='Fee Recovery Calculation'!F13 -> 14850121 | G66: The 2026/27 variance is allocated based on actual 2026/27 volumes and is included with the LSE's 2027/28 Annual Fees. | J66: 2026/27 Fees calculated with forecast 2026/27 energy allocations are recalculated with the actual 2026/27 volumes. The difference for each LSE is included with the LSE's 2027/28 Annual Fees.
D67: 2026/27 Actual Revenue Requirement | E67: 14750000
D68: 2026/27 Variance to True-Up | E68: =E67-E66 -> -100121
A72: Year 3 | D72: Initial 2028/29 Base Fee Calculation
D73: 2028/29 Forecast % | E73: Initial 2028/29 Annual Fee
B74: 2028/29 | C74: =C54 -> NSPI | D74: 0.9858 | E74: =D74*$E$84 -> 15526350
B75: Revenue Requirement Application | C75: =C55 -> Berwick Electric Commission | D75: 0.0033 | E75: =D75*$E$84 -> 51975
C76: =C56 -> Riverport Electric Light Commission | D76: 0.0008 | E76: =D76*$E$84 -> 12600
C77: =C57 -> Town of Mahone Bay | D77: 0.0014 | E77: =D77*$E$84 -> 22050
B78: (Dec-2027) | C78: =C58 -> Town of Antigonish | D78: 0.0087 | E78: =D78*$E$84 -> 137025
C79: =C59 -> Other | E79: =D79*$E$84 -> 0
C80: =C60 -> Other | D80: 0 | E80: =D80*$E$84 -> 0
C81: =C61 -> Other | D81: 0 | E81: =D81*$E$84 -> 0
C82: =C62 -> Other | D82: 0 | E82: =D82*$E$84 -> 0
C84: =C64 -> Total | D84: =SUM(D74:D83) -> 1 | E84: 15750000
D86: 2028/29 Base Fee Calculation Before True-Ups
G87: 2027/28 True-Up | J87: 2027/28 Load Allocation Adjustment | P87: 2028/29 Fees with 2027/28 Revenue Requirement True-Up and Allocation Adjustment
D88: 2028/29 Forecast % | E88: 2028/29 Annual Fee Before True-Up | G88: 2027/28 Actual % | H88: 2027/28 True-Up | J88: =D53 -> 2027/28 Forecast % | K88: Annual Base Fee 2027/28 | L88: 2027/28 Actual % | M88: 2027/28 Annual Fee Based on Actual Energy % | N88: 2027/28 Allocation Adjustment | P88: =E88 -> 2028/29 Annual Fee Before True-Up | Q88: =H88 -> 2027/28 True-Up | R88: 2027/28 Allocation Adjustment | S88: 2028/29 Annual Fee with True-Up and Allocation Adjustment | T88: 2028/29 Monthly Fee Including True-Up and Allocation Adjustment
C89: =C74 -> NSPI | D89: =D74 -> 0.9858 | E89: =D89*$E$99 -> 15526350 | G89: 0.986 | H89: =G89*$H$99 -> 98600 | J89: =D54 -> 0.98545129 | K89: =E54 -> 15274495 | L89: =G89 -> 0.986 | M89: =L89*$M$99 -> 15283000 | N89: =M89-K89 -> 8504.9631 | P89: =E89 -> 15526350 | Q89: =H89 -> 98600 | R89: =N89 -> 8504.9631 | S89: =P89+Q89+R89 -> 15633455 | T89: =S89/12 -> 1302787.9
B90: Compliance Filing | C90: =C75 -> Berwick Electric Commission | D90: =D75 -> 0.0033 | E90: =D90*$E$99 -> 51975 | G90: 0.0031 | H90: =G90*$H$99 -> 310 | J90: =D55 -> 0.0037573041 | K90: =E55 -> 58238.213 | L90: =G90 -> 0.0031 | M90: =L90*$M$99 -> 48050 | N90: =M90-K90 -> -10188.213 | P90: =E90 -> 51975 | Q90: =H90 -> 310 | R90: =N90 -> -10188.213 | S90: =P90+Q90+R90 -> 42096.787 | T90: =S90/12 -> 3508.0656
B91: 2028 | C91: =C76 -> Riverport Electric Light Commission | D91: =D76 -> 0.0008 | E91: =D91*$E$99 -> 12600 | G91: 0.0009 | H91: =G91*$H$99 -> 90 | J91: =D56 -> 0.00089659063 | K91: =E56 -> 13897.155 | L91: =G91 -> 0.0009 | M91: =L91*$M$99 -> 13950 | N91: =M91-K91 -> 52.845286 | P91: =E91 -> 12600 | Q91: =H91 -> 90 | R91: =N91 -> 52.845286 | S91: =P91+Q91+R91 -> 12742.845 | T91: =S91/12 -> 1061.9038
C92: =C77 -> Town of Mahone Bay | D92: =D77 -> 0.0014 | E92: =D92*$E$99 -> 22050 | G92: 0.0015 | H92: =G92*$H$99 -> 150 | J92: =D57 -> 0.0013765993 | K92: =E57 -> 21337.289 | L92: =G92 -> 0.0015 | M92: =L92*$M$99 -> 23250 | N92: =M92-K92 -> 1912.7114 | P92: =E92 -> 22050 | Q92: =H92 -> 150 | R92: =N92 -> 1912.7114 | S92: =P92+Q92+R92 -> 24112.711 | T92: =S92/12 -> 2009.3926
C93: =C78 -> Town of Antigonish | D93: =D78 -> 0.0087 | E93: =D93*$E$99 -> 137025 | G93: 0.0085 | H93: =G93*$H$99 -> 850 | J93: =D58 -> 0.0085182133 | K93: =E58 -> 132032.31 | L93: =G93 -> 0.0085 | M93: =L93*$M$99 -> 131750 | N93: =M93-K93 -> -282.30692 | P93: =E93 -> 137025 | Q93: =H93 -> 850 | R93: =N93 -> -282.30692 | S93: =P93+Q93+R93 -> 137592.69 | T93: =S93/12 -> 11466.058
C94: =C79 -> Other | D94: =D79 -> 0 | E94: =D94*$E$99 -> 0 | G94: 0 | H94: =G94*$H$99 -> 0 | J94: =D59 -> 0 | K94: =E59 -> 0 | L94: =G94 -> 0 | M94: =L94*$M$99 -> 0 | N94: =M94-K94 -> 0 | P94: =E94 -> 0 | Q94: =H94 -> 0 | S94: =P94+Q94+R94 -> 0 | T94: =S94/12 -> 0
C95: =C80 -> Other | D95: =D80 -> 0 | E95: =D95*$E$64 -> 0 | G95: 0 | H95: =G95*$H$99 -> 0 | J95: =D60 -> 0 | K95: =E60 -> 0 | L95: =G95 -> 0 | M95: =L95*$M$99 -> 0 | N95: =M95-K95 -> 0 | P95: =E95 -> 0 | Q95: =H95 -> 0 | S95: =P95+Q95+R95 -> 0 | T95: =S95/12 -> 0
C96: =C81 -> Other | D96: =D81 -> 0 | E96: =D96*$E$64 -> 0 | G96: 0 | H96: =G96*$H$99 -> 0 | J96: =D61 -> 0 | K96: =E61 -> 0 | L96: =G96 -> 0 | M96: =L96*$M$99 -> 0 | N96: =M96-K96 -> 0 | P96: =E96 -> 0 | Q96: =H96 -> 0 | S96: =P96+Q96+R96 -> 0 | T96: =S96/12 -> 0
C97: =C82 -> Other | D97: =D82 -> 0 | E97: =D97*$E$64 -> 0 | G97: 0 | H97: =G97*$H$99 -> 0 | J97: =D62 -> 0 | K97: =E62 -> 0 | L97: =G97 -> 0 | M97: =L97*$M$99 -> 0 | N97: =M97-K97 -> 0 | P97: =E97 -> 0 | Q97: =H97 -> 0 | S97: =P97+Q97+R97 -> 0 | T97: =S97/12 -> 0
C99: =C84 -> Total | D99: =SUM(D89:D98) -> 1 | E99: =E84 -> 15750000 | G99: =SUM(G89:G98) -> 1 | H99: =E103 -> 100000 | J99: =SUM(J89:J98) -> 1 | K99: =SUM(K89:K98) -> 15500000 | L99: =SUM(L89:L98) -> 1 | M99: =K99 -> 15500000 | N99: =SUM(N89:N98) -> 4.5474735e-11 | P99: =E99 -> 15750000 | Q99: =SUM(Q89:Q97) -> 100000 | R99: =SUM(R89:R98) -> 4.5474735e-11 | S99: =SUM(S89:S97) -> 15850000 | T99: =SUM(T89:T97) -> 1320833.3
D101: 2027/28 Forecast Revenue Requirement | E101: =E49 -> 15500000 | G101: The 2027/28 variance is allocated based on actual 2027/28 volumes and is included with the LSE's 2028/29 Annual Fees. | J101: 2027/28 Fees calculated with forecast 2027/28 energy allocations are recalculated with the actual 2027/28 volumes. The difference for each LSE is included with the LSE's 2028/29 Annual Fees.
D102: 2027/28 Actual Revenue Requirement | E102: 15600000
D103: 2027/28 Variance to True-Up | E103: =E102-E101 -> 100000
